Workbook

Sheet Sheet0 (2)
A3: 四川农业大学2026年第四期(20260709)高影响力论文清单
B5: Documents Result List: Institutions - 'SICHUAN AGRICULTURAL UNIVERSITY' Show - Top Papers
A6: 序号 | B6: Accession Number | C6: DOI | D6: PMID | E6: Article Name | F6: Authors | G6: Source | H6: Research Field | I6: Times Cited | J6: Countries | K6: Addresses | L6: Institutions | M6: Publication Date | N6: 我校作者及排序 | O6: 二级机构 | P6: 备注
A7: 1 | B7: WOS:000367818800006 | C7: 10.1016/j.molp.2015.08.010 | D7: MEDLINE:26343970 | E7: TWO FACES OF ONE SEED: HORMONAL REGULATION OF DORMANCY AND GERMINATION | F7: SHU, K;LIU, XD;XIE, Q;HE, ZH | G7: MOLECULAR PLANT 9 (1): 34-45 JAN 4 2016 | H7: PLANT & ANIMAL SCIENCE | I7: 781 | J7: CHINA MAINLAND; | K7: CHINESE ACAD SCI, INST GENET & DEV BIOL, STATE KEY LAB PLANT GENOM, BEIJING 100101, PEOPLES R CHINA;CHINESE ACAD SCI, INST PLANT PHYSIOL & ECOL, NATL KEY LAB PLANT MOL GENET, SHANGHAI 200032, PEOPLES R CHINA;SICHUAN AGR UNIV, INST ECOL AGR, KEY LAB CROP ECOPHYSIOL & FARMING SYST SOUTHWEST, CHENGDU 611130, PEOPLES R CHINA;XINJIANG AGR UNIV, COLL AGRON, URUMQI 830052, XINJIANG, PEOPLES R CHINA | L7: CHINESE ACADEMY OF SCIENCES;XINJIANG AGRICULTURAL UNIVERSITY;SICHUAN AGRICULTURAL UNIVERSITY;INSTITUTE OF GENETICS & DEVELOPMENTAL BIOLOGY, CAS; | M7: 2016 | N7: =VLOOKUP(B7,Sheet2!A:O,13,FALSE) -> 舒凯:1通讯作者 | O7: =VLOOKUP(C7,Sheet2!B:O,13,FALSE) -> 农学院 | P7: =VLOOKUP(D7,Sheet2!C:O,13,FALSE) -> 高被引论文
A8: 2 | B8: WOS:000569596500001 | C8: 10.3390/ijms21176356 | D8: MEDLINE:32887215 | E8: SHORT-CHAIN FATTY ACIDS AND THEIR ASSOCIATION WITH SIGNALLING PATHWAYS IN INFLAMMATION, GLUCOSE AND LIPID METABOLISM | F8: HE, J;ZHANG, PW;SHEN, LY;NIU, LL;TAN, Y;CHEN, L;ZHAO, Y;BAI, L;HAO, XX;LI, XW;ZHANG, SH;ZHU, L | G8: INTERNATIONAL JOURNAL OF MOLECULAR SCIENCES 21 (17): - SEP 2020 | H8: CHEMISTRY | I8: 768 | J8: CHINA MAINLAND; | K8: SICHUAN AGR UNIV, COLL ANIM SCI & TECHNOL, CHENGDU 611130, PEOPLES R CHINA;SICHUAN AGR UNIV, FARM ANIM GENET RESOURCE EXPLORAT & INNOVAT KEY L, CHENGDU 611130, PEOPLES R CHINA;GUIZHOU ACAD AGR SCI, INST ANIM HUSB & VET, GUIYANG 550005, PEOPLES R CHINA | L8: GUIZHOU ACADEMY OF AGRICULTURAL SCIENCES;SICHUAN AGRICULTURAL UNIVERSITY; | M8: 2020 | N8: =VLOOKUP(B8,Sheet2!A:O,13,FALSE) -> 何劲:1;张培文:2;沈林園:3; 牛丽莉:4;谭娅:5;陈蕾:6;赵叶:7;白林:8;郝小霞:9;李学伟:10;张顺华:11共同通讯作者;朱砺:12共同通讯作者 | O8: =VLOOKUP(C8,Sheet2!B:O,13,FALSE) -> 动物科技学院 | P8: =VLOOKUP(D8,Sheet2!C:O,13,FALSE) -> 高被引论文
A9: 3 | B9: WOS:000389917900111 | C9: 10.3390/molecules21101374 | D9: NA | E9: AN OVERVIEW OF PLANT PHENOLIC COMPOUNDS AND THEIR IMPORTANCE IN HUMAN NUTRITION AND MANAGEMENT OF TYPE 2 DIABETES | F9: LIN, DR;XIAO, MS;ZHAO, JJ;LI, ZH;XING, BS;LI, XD;KONG, MZ;LI, LY;ZHANG, Q;LIU, YW;CHEN, H;QIN, W;WU, HJ;CHEN, SY | G9: MOLECULES 21 (10): - OCT 2016 | H9: CHEMISTRY | I9: 634 | J9: CHINA MAINLAND;USA; | K9: SICHUAN AGR UNIV, COLL FOOD SCI, 46 XINKANG RD, YAAN 625014, SICHUAN, PEOPLES R CHINA;UNIV MASSACHUSETTS, STOCKBRIDGE SCH AGR, AMHERST, MA 01003 USA | L9: SICHUAN AGRICULTURAL UNIVERSITY;UNIVERSITY OF MASSACHUSETTS SYSTEM;UNIVERSITY OF MASSACHUSETTS AMHERST; | M9: 2016 | N9: =VLOOKUP(B9,Sheet2!A:O,13,FALSE) -> 林德荣:1通讯作者; 肖梦诗:2 ; 赵菁菁:3; 李卓豪:4;李心丹:6 ;孔茂竹:7 ; 李粮裕:8; 张清:9; 刘耀文:10; 陈洪:11;秦文:12;吴贺军:13; 陈赛艳:14 | O9: =VLOOKUP(C9,Sheet2!B:O,13,FALSE) -> 食品学院 | P9: =VLOOKUP(D9,Sheet2!C:O,13,FALSE) -> 高被引论文
A10: 4 | B10: WOS:000404358500014 | C10: 10.1016/j.cell.2017.06.008 | D10: MEDLINE:28666113 | E10: A NATURAL ALLELE OF A TRANSCRIPTION FACTOR IN RICE CONFERS BROAD-SPECTRUM BLAST RESISTANCE | F10: LI, WT;ZHU, ZW;CHERN, MS;YIN, JJ;YANG, C;RAN, L;CHENG, MP;HE, M;WANG, K;WANG, J;ZHOU, XG;ZHU, XB;CHEN, ZX;WANG, JC;ZHAO, W;MA, BT;QIN, P;CHEN, WL;WANG, YP;LIU, JL;WANG, WM;WU, XJ;LI, P;WANG, JR;ZHU, LH;LI, SG;CHEN, XW | G10: CELL 170 (1): 114-+ JUN 29 2017 | H10: MOLECULAR BIOLOGY & GENETICS | I10: 506 | J10: CHINA MAINLAND;USA; | K10: SICHUAN AGR UNIV WENJIANG, RICE RES INST, KEY LAB MAJOR CROP DIS, STATE KEY LAB HYBRID RICE, CHENGDU 611130, SICHUAN, PEOPLES R CHINA;SICHUAN AGR UNIV WENJIANG, COLLABORAT INNOVAT CTR HYBRID RICE YANGTZE RIVER, CHENGDU 611130, SICHUAN, PEOPLES R CHINA;UNIV CALIF DAVIS, DEPT PLANT PATHOL, DAVIS, CA 95616 USA;JOINT BIOENERGY INST, EMERYVILLE, CA 94608 USA;SICHUAN AGR UNIV, TRITICEAE RES INST, CHENGDU 611130, SICHUAN, PEOPLES R CHINA;CHINESE ACAD SCI, INST GENET & DEV BIOL, STATE KEY LAB PLANT GENOM, BEIJING 100101, PEOPLES R CHINA;CHINESE ACAD SCI, NATL CTR PLANT GENE RES, BEIJING 100101, PEOPLES R CHINA | L10: CHINESE ACADEMY OF SCIENCES;UNIVERSITY OF CALIFORNIA SYSTEM;UNIVERSITY OF CALIFORNIA DAVIS;UNITED STATES DEPARTMENT OF ENERGY (DOE);SICHUAN AGRICULTURAL UNIVERSITY;SICHUAN AGR UNIV WENJIANG;JOINT BIOENERGY INSTITUTE - JBEI;INSTITUTE OF GENETICS & DEVELOPMENTAL BIOLOGY, CAS; | M10: 2017 | N10: =VLOOKUP(B10,Sheet2!A:O,13,FALSE) -> 李伟滔:1;朱紫薇:2; 尹俊杰:4;杨超:5;冉莉:6;程梦萍:7;贺闽:8; 王康:9; 王静:10; 周晓钢:11;朱孝波:12; 陈智雄:13 ;汪吉春:14; 赵文:15; 马炳田:16;钦鹏:17;陈薇兰:18; 王玉平:19;刘佳丽:20; 王文明:21;吴先军:22;李平:23;王际睿:24; 李仕贵:26;陈学伟:27通讯作者 | O10: =VLOOKUP(C10,Sheet2!B:O,13,FALSE) -> 水稻研究所 | P10: =VLOOKUP(D10,Sheet2!C:O,13,FALSE) -> 高被引论文
A11: 5 | B11: WOS:000405815000064 | C11: 10.21037/jtd.2017.05.34 | D11: MEDLINE:28740688 | E11: A GENERAL INTRODUCTION TO ADJUSTMENT FOR MULTIPLE COMPARISONS | F11: CHEN, SY;FENG, Z;YI, XL | G11: JOURNAL OF THORACIC DISEASE 9 (6): 1725-1729 JUN 2017 | H11: CLINICAL MEDICINE | I11: 503 | J11: CHINA MAINLAND; | K11: SICHUAN AGR UNIV, FARM ANIM GENET RESOURCES EXPLORAT & INNOVAT KEY, 211 HUIMIN RD, CHENGDU 611130, SICHUAN, PEOPLES R CHINA;SICHUAN UNIV, WEST CHINA HOSP, DEPT GASTROENTEROL, CHENGDU 610041, SICHUAN, PEOPLES R CHINA;CHENGDU UNIV INFORMAT TECHNOL, COLL APPL MATH, CHENGDU 610225, SICHUAN, PEOPLES R CHINA | L11: CHENGDU UNIVERSITY OF INFORMATION TECHNOLOGY;SICHUAN UNIVERSITY;SICHUAN AGRICULTURAL UNIVERSITY; | M11: 2017 | N11: =VLOOKUP(B11,Sheet2!A:O,13,FALSE) -> 陈仕毅:1通讯作者 | O11: =VLOOKUP(C11,Sheet2!B:O,13,FALSE) -> 动物科技学院 | P11: =VLOOKUP(D11,Sheet2!C:O,13,FALSE) -> 高被引论文
A12: 6 | B12: WOS:000392664800001 | C12: 10.1186/s40104-016-0139-z | D12: MEDLINE:28127425 | E12: NOVEL METABOLIC AND PHYSIOLOGICAL FUNCTIONS OF BRANCHED CHAIN AMINO ACIDS: A REVIEW | F12: ZHANG, SH;ZENG, XF;REN, M;MAO, XB;QIAO, SY | G12: JOURNAL OF ANIMAL SCIENCE AND BIOTECHNOLOGY 8: - JAN 23 2017 | H12: AGRICULTURAL SCIENCES | I12: 501 | J12: CHINA MAINLAND; | K12: CHINA AGR UNIV, STATE KEY LAB ANIM NUTR, COLL ANIM SCI & TECHNOL, 2 YUANMINGYUAN WEST RD, BEIJING 100193, PEOPLES R CHINA;SOUTH CHINA AGR UNIV, COLL ANIM SCI, WUSHAN AVE, GUANGZHOU 510642, GUANGDONG, PEOPLES R CHINA;ANHUI SCI & TECHNOL UNIV, COLL ANIM SCI, 9 DONGHUA RD, FENGYANG 233100, ANHUI, PEOPLES R CHINA;SICHUAN AGR UNIV, INST ANIM NUTR, KEY LAB ANIM DIS RESISTANCE NUTR, MINIST EDUC, YAAN, SICHUAN, PEOPLES R CHINA | L12: ANHUI SCIENCE & TECHNOLOGY UNIVERSITY;SOUTH CHINA AGRICULTURAL UNIVERSITY;SICHUAN AGRICULTURAL UNIVERSITY;CHINA AGRICULTURAL UNIVERSITY; | M12: 2017 | N12: =VLOOKUP(B12,Sheet2!A:O,13,FALSE) -> 毛湘冰:4 | O12: =VLOOKUP(C12,Sheet2!B:O,13,FALSE) -> 动物营养研究所 | P12: =VLOOKUP(D12,Sheet2!C:O,13,FALSE) -> 高被引论文
A13: 7 | B13: WOS:000464956600053 | C13: 10.1126/science.aaw7166 | D13: MEDLINE:30819931 | E13: CYTOSINE, BUT NOT ADENINE, BASE EDITORS INDUCE GENOME-WIDE OFF-TARGET MUTATIONS IN RICE | F13: JIN, S;ZONG, Y;GAO, Q;ZHU, ZX;WANG, YP;QIN, P;LIANG, CZ;WANG, DW;QIU, JL;ZHANG, F;GAO, CX | G13: SCIENCE 364 (6437): 292-+ APR 19 2019 | H13: BIOLOGY & BIOCHEMISTRY | I13: 492 | J13: CHINA MAINLAND;USA; | K13: CHINESE ACAD SCI, STATE KEY LAB PLANT CELL & CHROMOSOME ENGN, INNOVAT ACAD SEED DESIGN, CTR GENOME EDITING,INST GENET & DEV BIOL, BEIJING 100101, PEOPLES R CHINA;UNIV CHINESE ACAD SCI, BEIJING 100864, PEOPLES R CHINA;CHINESE ACAD SCI, STATE KEY LAB PLANT GENOM, INST GENET & DEV BIOL, INNOVAT ACAD SEED DESIGN, BEIJING 100101, PEOPLES R CHINA;SICHUAN AGR UNIV, RICE RES INST, CHENGDU 611130, SICHUAN, PEOPLES R CHINA;CHINESE ACAD SCI, INST MICROBIOL, STATE KEY LAB PLANT GENOM, BEIJING 100101, PEOPLES R CHINA;UNIV MINNESOTA, DEPT PLANT & MICROBIAL BIOL, CTR PLANT PRECIS GENOM, MICROBIAL & PLANT GENOM INST, ST PAUL, MN 55108 USA | L13: CHINESE ACADEMY OF SCIENCES;UNIVERSITY OF MINNESOTA TWIN CITIES;UNIVERSITY OF MINNESOTA SYSTEM;UNIVERSITY OF CHINESE ACADEMY OF SCIENCES, CAS;SICHUAN AGRICULTURAL UNIVERSITY;INSTITUTE OF MICROBIOLOGY, CAS;INSTITUTE OF GENETICS & DEVELOPMENTAL BIOLOGY, CAS; | M13: 2019 | N13: =VLOOKUP(B13,Sheet2!A:O,13,FALSE) -> 钦鹏:6 | O13: =VLOOKUP(C13,Sheet2!B:O,13,FALSE) -> 水稻研究所 | P13: =VLOOKUP(D13,Sheet2!C:O,13,FALSE) -> 高被引论文
A14: 8 | B14: WOS:000459845200002 | C14: 10.1016/j.jenvman.2018.10.117 | D14: MEDLINE:30466010 | E14: BIOCHAR AMENDMENT IMPROVES CROP PRODUCTION IN PROBLEM SOILS: A REVIEW | F14: YU, HW;ZOU, WX;CHEN, JJ;CHEN, H;YU, ZB;HUANG, J;TANG, HR;WEI, XY;GAO, B | G14: JOURNAL OF ENVIRONMENTAL MANAGEMENT 232: 8-21 FEB 15 2019 | H14: ENVIRONMENT/ECOLOGY | I14: 474 | J14: CHINA MAINLAND;USA; | K14: SICHUAN AGR UNIV, COLL HORT, CHENGDU 611130, SICHUAN, PEOPLES R CHINA;UNIV FLORIDA, DEPT AGR & BIOL ENGN, GAINESVILLE, FL 32611 USA;NANJING UNIV, SCH CHEM & CHEM ENGN, KEY LAB MESOSCOP CHEM MOE, NANJING 210093, JIANGSU, PEOPLES R CHINA;NANJING UNIV, CTR MODERN ANAL, JIANGSU KEY LAB VEHICLE EMISS CONTROL, NANJING 210093, JIANGSU, PEOPLES R CHINA;UNIV FLORIDA, MIDFLORIDA RES & EDUC CTR, APOPKA, FL 32703 USA;UNIV ARKANSAS PINE BLUFF, DEPT AGR, PINE BLUFF, AR 71601 USA;GUANGXI UNIV, SCH RESOURCES ENVIRONM & MAT, NANNING 530004, PEOPLES R CHINA;HUALAN DESIGN & CONSULTING GRP CO LTD, NANNING 530011, PEOPLES R CHINA;GUANGXI UNIV, COLL CIVIL ENGN & ARCHITECTURE, NANNING 530004, PEOPLES R CHINA;FUJIAN AGR & FORESTRY UNIV, COLL LIFE SCI, FUZHOU 350002, FUJIAN, PEOPLES R CHINA | L14: FUJIAN AGRICULTURE & FORESTRY UNIVERSITY;UNIVERSITY OF FLORIDA;UNIVERSITY OF ARKANSAS SYSTEM;UNIVERSITY ARKANSAS PINE BLUFF;STATE UNIVERSITY SYSTEM OF FLORIDA;SICHUAN AGRICULTURAL UNIVERSITY;NANJING UNIVERSITY;HUALAN DESIGN & CONSULTING GRP CO LTD;GUANGXI UNIVERSITY; | M14: 2019 | N14: =VLOOKUP(B14,Sheet2!A:O,13,FALSE) -> 余昊唯:1;汤浩茹:7通讯作者 | O14: =VLOOKUP(C14,Sheet2!B:O,13,FALSE) -> 园艺学院 | P14: =VLOOKUP(D14,Sheet2!C:O,13,FALSE) -> 高被引论文
A15: 9 | B15: WOS:000397691200039 | C15: 10.1016/j.chemosphere.2017.02.061 | D15: MEDLINE:28235742 | E15: ADSORPTION OF CD(II) FROM AQUEOUS SOLUTIONS BY RAPE STRAW BIOCHAR DERIVED FROM DIFFERENT MODIFICATION PROCESSES | F15: LI, B;YANG, L;WANG, CQ;ZHANG, QP;LIU, QC;LI, YD;XIAO, R | G15: CHEMOSPHERE 175: 332-340 MAY 2017 | H15: ENVIRONMENT/ECOLOGY | I15: 441 | J15: CHINA MAINLAND; | K15: SICHUAN AGR UNIV, COLL RESOURCES, 211 HUIMIN RD, CHENGDU 611130, PEOPLES R CHINA | L15: SICHUAN AGRICULTURAL UNIVERSITY; | M15: 2017 | N15: =VLOOKUP(B15,Sheet2!A:O,13,FALSE) -> 李冰:1;杨兰:2;王昌全:3通讯作者;张庆沛:4; 刘倾城:5;李一丁:6;肖瑞:7 | O15: =VLOOKUP(C15,Sheet2!B:O,13,FALSE) -> 资源学院 | P15: =VLOOKUP(D15,Sheet2!C:O,13,FALSE) -> 高被引论文
A16: 10 | B16: WOS:000472683300063 | C16: 10.1021/acsami.9b05709 | D16: MEDLINE:31135126 | E16: FACILE, FLEXIBLE, COST-SAVING, AND ENVIRONMENT-FRIENDLY PAPER-BASED HUMIDITY SENSOR FOR MULTIFUNCTIONAL APPLICATIONS | F16: DUAN, ZH;JIANG, YD;YAN, MG;WANG, S;YUAN, Z;ZHAO, QN;SUN, P;XIE, GZ;DU, XS;TAI, HL | G16: ACS APPLIED MATERIALS & INTERFACES 11 (24): 21840-21849 JUN 19 2019 | H16: MATERIALS SCIENCE | I16: 416 | J16: CHINA MAINLAND; | K16: UESTC, SCH OPTOELECT SCI & ENGN, STATE KEY LAB ELECT THIN FILMS & INTEGRATED DEVIC, CHENGDU 610054, SICHUAN, PEOPLES R CHINA;SICHUAN AGR UNIV, COLL SCI, YAAN 625014, PEOPLES R CHINA;CHENGDU UNIV INFORMAT TECHNOL, COLL OPTOELECT ENGN, CHENGDU 610225, SICHUAN, PEOPLES R CHINA | L16: CHENGDU UNIVERSITY OF INFORMATION TECHNOLOGY;UNIVERSITY OF ELECTRONIC SCIENCE & TECHNOLOGY OF CHINA;SICHUAN AGRICULTURAL UNIVERSITY; | M16: 2019 | N16: =VLOOKUP(B16,Sheet2!A:O,13,FALSE) -> Yan; MG (Yan; Mingguo):3 | O16: =VLOOKUP(C16,Sheet2!B:O,13,FALSE) -> 理学院 | P16: =VLOOKUP(D16,Sheet2!C:O,13,FALSE) -> 高被引论文
A17: 11 | B17: WOS:000652617100012 | C17: 10.1016/j.tifs.2021.04.016 | D17: NA | E17: A REVIEW OF CELLULOSE AND ITS DERIVATIVES IN BIOPOLYMER-BASED FOR FOOD PACKAGING APPLICATION | F17: LIU, YW;AHMED, S;SAMEEN, DE;WANG, Y;LU, R;DAI, JW;LI, SQ;QIN, W | G17: TRENDS IN FOOD SCIENCE & TECHNOLOGY 112: 532-546 JUN 2021 | H17: AGRICULTURAL SCIENCES | I17: 409 | J17: CHINA MAINLAND;USA; | K17: SICHUAN AGR UNIV, COLL FOOD SCI, YAAN 625014, PEOPLES R CHINA;SICHUAN AGR UNIV, COLL MECH & ELECT ENGN, YAAN 625014, PEOPLES R CHINA;UNIV CALIF LOS ANGELES, CALIF NANO SYST INST, LOS ANGELES, CA 90095 USA | L17: SICHUAN AGRICULTURAL UNIVERSITY;UNIVERSITY OF CALIFORNIA SYSTEM;UNIVERSITY OF CALIFORNIA LOS ANGELES; | M17: 2021 | N17: =VLOOKUP(B17,Sheet2!A:O,13,FALSE) -> 刘耀文:1共同通讯作者; Ahmed, S (Ahmed, Saeed):2;Sameen, DE (Sameen, Dur E.):3;王玥:4;卢瑞:5;代建武:6;李素清:7;秦文:8共同通讯作者 | O17: =VLOOKUP(C17,Sheet2!B:O,13,FALSE) -> 食品学院 | P17: =VLOOKUP(D17,Sheet2!C:O,13,FALSE) -> 高被引论文
A18: 12 | B18: WOS:000665547300018 | C18: 10.1016/j.cell.2021.04.046 | D18: MEDLINE:34051138 | E18: PAN-GENOME ANALYSIS OF 33 GENETICALLY DIVERSE RICE ACCESSIONS REVEALS HIDDEN GENOMIC VARIATIONS | F18: QIN, P;LU, HW;DU, HL;WANG, H;CHEN, WL;CHEN, Z;HE, Q;OU, SJ;ZHANG, HY;LI, XZ;LI, XX;LI, Y;LIAO, Y;GAO, Q;TU, B;YUAN, H;MA, BT;WANG, YP;QIAN, YW;FAN, SJ;LI, WT;WANG, J;HE, M;YIN, JJ;LI, T;JIANG, N;CHEN, XW;LIANG, CZ;LI, SG | G18: CELL 184 (13): 3542-+ JUN 24 2021 | H18: MOLECULAR BIOLOGY & GENETICS | I18: 399 | J18: CHINA MAINLAND;USA; | K18: SICHUAN AGR UNIV, RICE RES INST, STATE KEY LAB CROP GENE EXPLORAT & UTILIZAT SOUTH, CHENGDU, SICHUAN, PEOPLES R CHINA;CHINESE ACAD SCI, INNOVAT ACAD SEED DESIGN, INST GENET & DEV BIOL, STATE KEY LAB PLANT GENOM, BEIJING, PEOPLES R CHINA;UNIV CHINESE ACAD SCI, BEIJING, PEOPLES R CHINA;HEBEI UNIV, SCH LIFE SCI, INST LIFE SCI & GREEN DEV, BAODING, PEOPLES R CHINA;IOWA STATE UNIV, DEPT ECOL EVOLUT & ORGANISMAL BIOL, AMES, IA USA;UNIV CALIF IRVINE, DEPT ECOL & EVOLUTIONARY BIOL, IRVINE, CA 92717 USA;BIOGLE GENOME EDITING CTR, CHANGZHOU, JIANGSU, PEOPLES R CHINA;MICHIGAN STATE UNIV, DEPT HORT, E LANSING, MI 48824 USA | L18: BIOGLE GENOME EDITING CTR;UNIVERSITY OF CHINESE ACADEMY OF SCIENCES, CAS;UNIVERSITY OF CALIFORNIA SYSTEM;UNIVERSITY OF CALIFORNIA IRVINE;SICHUAN AGRICULTURAL UNIVERSITY;MICHIGAN STATE UNIVERSITY;IOWA STATE UNIVERSITY;INSTITUTE OF GENETICS & DEVELOPMENTAL BIOLOGY, CAS;HEBEI UNIVERSITY;CHINESE ACADEMY OF SCIENCES; | M18: 2021 | N18: =VLOOKUP(B18,Sheet2!A:O,13,FALSE) -> 钦鹏:1 共同通讯作者; Wang, H (Wang, Hao):4; Chen, WL (Chen, Weilan):5;Tu, B (Tu, Bin):15;袁华 :16 ; 马炳田:17; 王玉平:18 ; Fan, SJ (Fan, Shijun):20; 李伟滔:21;王静:22;贺闽:23; 尹俊杰:24; Li, T (Li, Ting):25;陈学伟:27;李仕贵 :29共同通讯作者 | O18: =VLOOKUP(C18,Sheet2!B:O,13,FALSE) -> 水稻研究所 | P18: =VLOOKUP(D18,Sheet2!C:O,13,FALSE) -> 高被引论文
... A86: 80 | B86: WOS:000645276900001 | C86: 10.3389/fcimb.2021.625210 | D86: MEDLINE:33937093 | E86: GUT MICROBIOTA AND DIARRHEA: AN UPDATED REVIEW | F86: LI, YX;XIA, ST;JIANG, XH;FENG, C;GONG, SM;MA, J;FANG, ZF;YIN, J;YIN, YL | G86: FRONTIERS IN CELLULAR AND INFECTION MICROBIOLOGY 11: - APR 15 2021 | H86: MICROBIOLOGY | I86: 172 | J86: CHINA MAINLAND; | K86: HUNAN AGR UNIV, COLL ANIM SCI & TECHNOL, ANIM NUTR GENOME & GERMPLASM INNOVAT RES CTR, CHANGSHA, PEOPLES R CHINA;SICHUAN AGR UNIV, ANIM NUTR INST, CHENGDU, PEOPLES R CHINA;CHINESE ACAD SCI, INST SUBTROP AGR, CHANGSHA, PEOPLES R CHINA | L86: CHINESE ACADEMY OF SCIENCES;SICHUAN AGRICULTURAL UNIVERSITY;INSTITUTE OF SUBTROPICAL AGRICULTURE, CAS;HUNAN AGRICULTURAL UNIVERSITY; | M86: 2021 | N86: =VLOOKUP(B86,Sheet2!A:O,13,FALSE) -> 方正锋:7共同通讯作者 | O86: =VLOOKUP(C86,Sheet2!B:O,13,FALSE) -> 动物营养研究所 | P86: =VLOOKUP(D86,Sheet2!C:O,13,FALSE) -> 高被引论文
A87: 81 | B87: WOS:000713546100001 | C87: 10.1038/s41587-021-01058-4 | D87: MEDLINE:34725503 | E87: POPULATION GENOMIC ANALYSIS OF AEGILOPS TAUSCHII IDENTIFIES TARGETS FOR BREAD WHEAT IMPROVEMENT | F87: GAURAV, K;ARORA, S;SILVA, P;SÁNCHEZ-MARTÍN, J;HORSNELL, R;GAO, LL;BRAR, GS;WIDRIG, V;RAUPP, WJ;SINGH, N;WU, SY;KALE, SM;CHINOY, C;NICHOLSON, P;QUIROZ-CHÁVEZ, J;SIMMONDS, J;HAYTA, S;SMEDLEY, MA;HARWOOD, W;PEARCE, S;GILBERT, D;KANGARA, N;GARDENER, C;FORNER-MARTÍNEZ, M;LIU, JQ;YU, GT;BODEN, SA;PASCUCCI, A;GHOSH, S;HAFEEZ, AN;OHARA, T;WAITES, J;CHEEMA, J;STEUERNAGEL, B;PATPOUR, M;JUSTESEN, AF;LIU, SY;RUDD, JC;AVNI, R;SHARON, A;STEINER, B;KIRANA, RP;BUERSTMAYR, H;MEHRABI, AA;NASYROVA, FY;CHAYUT, N;MATNY, O;STEFFENSON, BJ;SANDHU, N;CHHUNEJA, P;LAGUDAH, E;ELKOT, AF;TYRRELL, S;BIAN, XD;DAVEY, RP;SIMONSEN, M;SCHAUSER, L;TIWARI, VK;KUTCHER, HR;HUCL, P;LI, AL;LIU, DC;MAO, L;XU, S;BROWN-GUEDIRA, G;FARIS, J;DVORAK, J;LUO, MC;KRASILEVA, K;LUX, T;ARTMEIER, S;MAYER, KFX;UAUY, C;MASCHER, M;BENTLEY, AR;KELLER, B;POLAND, J;WULFF, BBH | G87: NATURE BIOTECHNOLOGY 40 (3): 422-+ MAR 2022 | H87: BIOLOGY & BIOCHEMISTRY | I87: 170 | J87: AUSTRALIA;USA;URUGUAY;TAJIKISTAN;SWITZERLAND;SAUDI ARABIA;MEXICO;ITALY;ISRAEL;IRAN;INDONESIA;INDIA;GERMANY (FED REP GER);ENGLAND;EGYPT;DENMARK;CHINA MAINLAND;CANADA;AUSTRIA; | K87: JOHN INNES CTR, NORWICH RES PK, NORWICH, NORFOLK, ENGLAND;KANSAS STATE UNIV, DEPT PLANT PATHOL, THROCKMORTON HALL, MANHATTAN, KS 66506 USA;KANSAS STATE UNIV, WHEAT GENET RESOURCE CTR, MANHATTAN, KS 66506 USA;INST NACL INVEST AGR INIA, ESTN EXPT ESTANZUELA, PROGRAMA NACL CULT SECANO, COLONIA, URUGUAY;UNIV ZURICH, DEPT PLANT & MICROBIAL BIOL, ZURICH, SWITZERLAND;NIAB, JOHN BINGHAM LAB, CAMBRIDGE, ENGLAND;UNIV SASKATCHEWAN, CROP DEV CTR, DEPT PLANT SCI, SASKATOON, SK, CANADA;UNIV BRITISH COLUMBIA, FAC LAND & FOOD SYST, VANCOUVER, BC, CANADA;LEIBNIZ INST PLANT GENET & CROP PLANT RES IPK GAT, SEELAND, GERMANY;NANJING AGR UNIV, CYTOGENET INST, NATL KEY LAB CROP GENET & GERMPLASM ENHANCEMENT, JCIC MCP, NANJING, PEOPLES R CHINA;UNIV ADELAIDE, SCH AGR FOOD & WINE, GLEN OSMOND, SA, AUSTRALIA;UNIV BOLOGNA, DEPT AGR & FOOD SCI, ALMA MATER STUDIORUM, BOLOGNA, ITALY;AARHUS UNIV, GLOBAL RUST REFERENCE CTR, DEPT AGROECOL, SLAGELSE, DENMARK;TEXAS A&M AGRILIFE RES, AMARILLO, TX USA;TEL AVIV UNIV, SCH PLANT SCI & FOOD SECUR, INST CEREAL CROPS IMPROVEMENT, TEL AVIV, ISRAEL;UNIV NAT RESOURCES & LIFE SCI, INST BIOTECHNOL PLANT PROD, DEPT AGROBIOTECHNOL IFA TULLN, VIENNA, AUSTRIA;UNIV GADJAH MADA, FAC AGR, DEPT AGRON, LAB PLANT BREEDING, YOGYAKARTA, INDONESIA;ILAM UNIV, DEPT AGRON & PLANT BREEDING, ILAM, IRAN;TAJIK NATL ACAD SCI, INST BOT PLANT PHYSIOL & GENET, DUSHANBE, TAJIKISTAN;JOHN INNES CTR, GERMPLASM RESOURCES UNIT, NORWICH RES PK, NORWICH, NORFOLK, ENGLAND;UNIV MINNESOTA, DEPT PLANT PATHOL, ST PAUL, MN USA;PUNJAB AGR UNIV, SCH AGR BIOTECHNOL, LUDHIANA, PUNJAB, INDIA;COMMONWEALTH SCI & IND RES ORG CSIRO, AGR & FOOD, CANBERRA, ACT, AUSTRALIA;AGR RES CTR, FIELD CROPS RES INST, WHEAT RES DEPT, GIZA, EGYPT;EARLHAM INST, NORWICH RES PK, NORWICH, NORFOLK, ENGLAND;QIAGEN AARHUS AS, AARHUS, DENMARK;UNIV MARYLAND, DEPT PLANT SCI & LANDSCAPE ARCHITECTURE, COLLEGE PK, MD 20742 USA;CHINESE ACAD AGR SCI, INST CROP SCI, BEIJING, PEOPLES R CHINA;SICHUAN AGR UNIV, TRITICEAE RES INST, CHENGDU, PEOPLES R CHINA;USDA ARS CEREAL CROPS RES UNIT, EDWARD T SCHAFER AGR RES CTR, FARGO, ND USA;USDA ARS, PLANT SCI RES UNIT, RALEIGH, NC 27695 USA;UNIV CALIF DAVIS, DEPT PLANT SCI, DAVIS, CA 95616 USA;UNIV CALIF BERKELEY, DEPT PLANT & MICROBIAL BIOL, BERKELEY, CA 94720 USA;HELMHOLTZ CTR MUNICH, PLANT GENOME & SYST BIOL, NEUHERBERG, GERMANY;TECH UNIV MUNICH, FAC LIFE SCI, WEIHENSTEPHAN, GERMANY;GERMAN CTR INTEGRAT BIODIVERS RES IDIV, LEIPZIG, GERMANY;BAYER R&D SERV LLC, KANSAS CITY, MO USA;KING ABDULLAH UNIV SCI & TECHNOL KAUST, CTR DESERT AGR, BIOL & ENVIRONM SCI & ENGN DIV BESE, THUWAL, SAUDI ARABIA;INT MAIZE & WHEAT IMPROVEMENT CTR CIMMYT, TEXCOCO, MEXICO | L87: AARHUS UNIVERSITY;USDA ARS CEREAL CROPS RES UNIT;UNIVERSITY SYSTEM OF MARYLAND;UNIVERSITY OF ZURICH;UNIVERSITY OF SASKATCHEWAN;UNIVERSITY OF MINNESOTA TWIN CITIES;UNIVERSITY OF MINNESOTA SYSTEM;UNIVERSITY OF MARYLAND COLLEGE PARK;UNIVERSITY OF CALIFORNIA SYSTEM;UNIVERSITY OF CALIFORNIA DAVIS;UNIVERSITY OF CALIFORNIA BERKELEY;UNIVERSITY OF BRITISH COLUMBIA;UNIVERSITY OF BOLOGNA;UNIVERSITY OF ADELAIDE;UNITED STATES DEPARTMENT OF AGRICULTURE (USDA);UK RESEARCH & INNOVATION (UKRI);TEXAS A&M UNIVERSITY SYSTEM;TEXAS A&M UNIVERSITY COLLEGE STATION;TEXAS A&M AGRILIFE RESEARCH;TEL AVIV UNIVERSITY;TECHNICAL UNIVERSITY OF MUNICH;SICHUAN AGRICULTURAL UNIVERSITY;QIAGEN AARHUS AS;PUNJAB AGRICULTURAL UNIVERSITY;NIAB;NANJING AGRICULTURAL UNIVERSITY;LEIBNIZ INSTITUT FUR PFLANZENGENETIK UND KULTURPFLANZENFORSCHUNG;KING ABDULLAH UNIVERSITY OF SCIENCE & TECHNOLOGY;KANSAS STATE UNIVERSITY;JOHN INNES CENTRE;INTERNATIONAL MAIZE & WHEAT IMPROVEMENT CENTER (CIMMYT);INSTITUTO NACIONAL DE INVESTIGACION AGROPECUARIA URUGUAY (INIA);INSTITUTE OF CROP SCIENCES, CAAS;INSTITUTE OF BOTANY, PLANT PHYSIOLOGY & GENETICS;ILAM UNIVERSITY;HELMHOLTZ-CENTER MUNICH - GERMAN RESEARCH CENTER FOR ENVIRONMENTAL HEALTH;HELMHOLTZ ASSOCIATION;GERMAN RESEARCH FOUNDATION (DFG);GERMAN CENTRE FOR INTEGRATIVE BIODIVERSITY RESEARCH (IDIV);GADJAH MADA UNIVERSITY;EGYPTIAN KNOWLEDGE BANK (EKB);EARLHAM INSTITUTE;CSIRO AGRICULTURE & FOOD;COMMONWEALTH SCIENTIFIC & INDUSTRIAL RESEARCH ORGANISATION (CSIRO);CHINESE ACADEMY OF AGRICULTURAL SCIENCES;CGIAR;BOKU UNIVERSITY;BIOTECHNOLOGY AND BIOLOGICAL SCIENCES RESEARCH COUNCIL (BBSRC);BAYER R&D SERV LLC;AGRICULTURAL RESEARCH CENTER - EGYPT;ADELAIDE UNIVERSITY;ACADEMY OF SCIENCES OF REPUBLIC OF TAJIKISTAN; | M87: 2022 | N87: Liu, Deng-Cai:55 | O87: 小麦研究所 | P87: 高被引论文
A88: 82 | B88: WOS:000612692100003 | C88: 10.1016/j.foodhyd.2020.106577 | D88: NA | E88: IN VITRO DIGESTION AND FECAL FERMENTATION BEHAVIORS OF A PECTIC POLYSACCHARIDE FROM OKRA (ABELMOSCHUS ESCULENTUS) AND ITS IMPACTS ON HUMAN GUT MICROBIOTA | F88: WU, DT;NIE, XR;GAN, RY;GUO, H;FU, Y;YUAN, Q;ZHANG, Q;QIN, W | G88: FOOD HYDROCOLLOIDS 114: - MAY 2021 | H88: AGRICULTURAL SCIENCES | I88: 170 | J88: CHINA MAINLAND; | K88: SICHUAN AGR UNIV, COLL FOOD SCI, INST FOOD PROC & SAFETY, YAAN 625014, PEOPLES R CHINA;CHINESE ACAD AGR SCI, INST URBAN AGR, CHENGDU 610213, PEOPLES R CHINA | L88: CHINESE ACADEMY OF AGRICULTURAL SCIENCES;SICHUAN AGRICULTURAL UNIVERSITY;INSTITUTE OF URBAN AGRICULTURE, CAAS; | M88: 2021 | N88: =VLOOKUP(B88,Sheet2!A:O,13,FALSE) -> 吴定涛:1共同通讯作者;Nie, XR (Nie, Xi-Rui):2;Guo, H (Guo, Huan):4;Fu, Y (Fu, Yuan):5;Yuan, Q (Yuan, Qin):6;张清:7;秦文:8共同通讯作者 | O88: =VLOOKUP(C88,Sheet2!B:O,13,FALSE) -> 食品学院 | P88: =VLOOKUP(D88,Sheet2!C:O,13,FALSE) -> 高被引论文
A89: 83 | B89: WOS:000390650500004 | C89: 10.1111/ppl.12483 | D89: MEDLINE:27507681 | E89: METABOLIC PATHWAYS REGULATED BY ABSCISIC ACID, SALICYLIC ACID AND -AMINOBUTYRIC ACID IN ASSOCIATION WITH IMPROVED DROUGHT TOLERANCE IN CREEPING BENTGRASS (AGROSTIS STOLONIFERA) | F89: LI, Z;YU, JJ;PENG, Y;HUANG, BR | G89: PHYSIOLOGIA PLANTARUM 159 (1): 42-58 JAN 2017 | H89: PLANT & ANIMAL SCIENCE | I89: 169 | J89: CHINA MAINLAND;USA; | K89: SICHUAN AGR UNIV, COLL ANIM SCI & TECHNOL, DEPT GRASSLAND SCI, CHENGDU 611130, PEOPLES R CHINA;RUTGERS STATE UNIV, DEPT PLANT BIOL & PATHOL, NEW BRUNSWICK, NJ 08901 USA;NANJING AGR UNIV, COLL AGROGRASSLAND SCI, NANJING 210095, JIANGSU, PEOPLES R CHINA | L89: NANJING AGRICULTURAL UNIVERSITY;SICHUAN AGRICULTURAL UNIVERSITY;RUTGERS UNIVERSITY SYSTEM;RUTGERS UNIVERSITY NEW BRUNSWICK; | M89: 2017 | N89: =VLOOKUP(B89,Sheet2!A:O,13,FALSE) -> 李州:1;彭燕:3 | O89: =VLOOKUP(C89,Sheet2!B:O,13,FALSE) -> 草业科技学院 | P89: =VLOOKUP(D89,Sheet2!C:O,13,FALSE) -> 高被引论文
A90: 84 | B90: WOS:000408261300001 | C90: 10.1038/s41598-017-10026-5 | D90: MEDLINE:28835715 | E90: SHADE INHIBITS LEAF SIZE BY CONTROLLING CELL PROLIFERATION AND ENLARGEMENT IN SOYBEAN | F90: WU, YS;GONG, WZ;YANG, WY | G90: SCIENTIFIC REPORTS 7: - AUG 23 2017 | H90: PLANT & ANIMAL SCIENCE | I90: 167 | J90: CHINA MAINLAND; | K90: SICHUAN AGR UNIV, COLL AGRON, CHENGDU 611130, SICHUAN, PEOPLES R CHINA;MINIST AGR, KEY LAB CROP ECOPHYSIOL & FARMING SYST SOUTHWEST, CHENGDU 611130, SICHUAN, PEOPLES R CHINA;SICHUAN ENGN RES CTR CROP STRIP INTERCROPPING SYS, CHENGDU 611130, SICHUAN, PEOPLES R CHINA;CHONGQING ACAD AGR SCI, CHARACTERIST CROPS RES INST, CHONGQING 402160, PEOPLES R CHINA | L90: NA-CHONGQING ACADEMY OF AGRICULTURAL SCIENCES;SICHUAN ENGN RES CTR CROP STRIP INTERCROPPING SYS;SICHUAN AGRICULTURAL UNIVERSITY;MINIST AGR; | M90: 2017 | N90: =VLOOKUP(B90,Sheet2!A:O,13,FALSE) -> 吴雨珊:1;杨文钰:3通讯作者 | O90: =VLOOKUP(C90,Sheet2!B:O,13,FALSE) -> 农学院 | P90: =VLOOKUP(D90,Sheet2!C:O,13,FALSE) -> 高被引论文
A91: 85 | B91: WOS:000542884000001 | C91: 10.1080/10408398.2020.1773390 | D91: MEDLINE:32496818 | E91: POTENTIAL IMPLICATIONS OF POLYPHENOLS ON AGING CONSIDERING OXIDATIVE STRESS, INFLAMMATION, AUTOPHAGY, AND GUT MICROBIOTA | F91: WU, M;LUO, QY;NIE, RX;YANG, XP;TANG, ZZ;CHEN, H | G91: CRITICAL REVIEWS IN FOOD SCIENCE AND NUTRITION 61 (13): 2175-2193 JUL 20 2021 | H91: AGRICULTURAL SCIENCES | I91: 167 | J91: CHINA MAINLAND; | K91: SICHUAN AGR UNIV, COLL FOOD SCI, PRIVATE BAG 625014, YAAN, SICHUAN, PEOPLES R CHINA | L91: SICHUAN AGRICULTURAL UNIVERSITY; | M91: 2021 | N91: =VLOOKUP(B91,Sheet2!A:O,13,FALSE) -> Wu; M (Wu; Min):1;Luo; QY (Luo; Qingying):2; Nie; RX (Nie; Rongxuan):3; Yang; XP (Yang; Xingpan):4; Tang; ZZ (Tang; Zizhong):5;陈洪:6通讯作者 | O91: =VLOOKUP(C91,Sheet2!B:O,13,FALSE) -> 食品学院 | P91: =VLOOKUP(D91,Sheet2!C:O,13,FALSE) -> 高被引论文
A92: 86 | B92: WOS:000429331300001 | C92: 10.3389/fpls.2018.00426 | D92: MEDLINE:29675031 | E92: EXOGENOUS MELATONIN APPLICATION DELAYS SENESCENCE OF KIWIFRUIT LEAVES BY REGULATING THE ANTIOXIDANT CAPACITY AND BIOSYNTHESIS OF FLAVONOIDS | F92: LIANG, D;SHEN, YQ;NI, ZY;WANG, Q;LEI, Z;XU, NQ;DENG, QX;LIN, LJ;WANG, J;LV, XL;XIA, H | G92: FRONTIERS IN PLANT SCIENCE 9: - APR 5 2018 | H92: PLANT & ANIMAL SCIENCE | I92: 167 | J92: CHINA MAINLAND; | K92: SICHUAN AGR UNIV, COLL HORT, CHENGDU, SICHUAN, PEOPLES R CHINA;SICHUAN AGR UNIV, INST POMOL & OLERICULTURE, CHENGDU, SICHUAN, PEOPLES R CHINA | L92: SICHUAN AGRICULTURAL UNIVERSITY; | M92: 2018 | N92: =VLOOKUP(B92,Sheet2!A:O,13,FALSE) -> 梁东:1;沈妍秋:2;倪知游:3;王琴:4;雷芝:5;徐能琴:6;邓群仙:7;林立金:8;王进:9;吕秀兰:10共同通讯作者;夏惠:11共同通讯作者 | O92: =VLOOKUP(C92,Sheet2!B:O,13,FALSE) -> 园艺学院 | P92: =VLOOKUP(D92,Sheet2!C:O,13,FALSE) -> 高被引论文
A93: 87 | B93: WOS:000620037300017 | C93: 10.1146/annurev-phyto-010820-012908 | D93: MEDLINE:32364825 | E93: USTILAGINOIDEA VIRENS: INSIGHTS INTO AN EMERGING RICE PATHOGEN | F93: SUN, W;FAN, J;FANG, AF;LI, YJ;TARIQJAVEED, M;LI, DY;HU, DW;WANG, WM | G93: ANNUAL REVIEW OF PHYTOPATHOLOGY, VOL 58 58: 363-385 2020 | H93: PLANT & ANIMAL SCIENCE | I93: 166 | J93: CHINA MAINLAND; | K93: JILIN AGR UNIV, COLL PLANT PROTECT, CHANGCHUN 130118, PEOPLES R CHINA;CHINA AGR UNIV, COLL PLANT PROTECT, BEIJING 100193, PEOPLES R CHINA;CHINA AGR UNIV, MINIST AGR, KEY LAB PEST MONITORING & GREEN MANAGEMENT, BEIJING 100193, PEOPLES R CHINA;SICHUAN AGR UNIV, RICE RES INST, STATE KEY LAB CROP GENE EXPLORAT & UTILIZAT SOUTW, CHENGDU 611130, PEOPLES R CHINA;SOUTHWEST UNIV, COLL PLANT PROTECT, CHONGQING 400715, PEOPLES R CHINA;ZHEJIANG UNIV, INST BIOTECHNOL, STATE KEY LAB RICE BIOL, HANGZHOU 310058, PEOPLES R CHINA | L93: CHINA AGRICULTURAL UNIVERSITY;ZHEJIANG UNIVERSITY;SOUTHWEST UNIVERSITY - CHINA;SICHUAN AGRICULTURAL UNIVERSITY;JILIN AGRICULTURAL UNIVERSITY; | M93: 2020 | N93: =VLOOKUP(B93,Sheet2!A:O,13,FALSE) -> Fan, J (Fan, Jing):2;王文明:8 | O93: =VLOOKUP(C93,Sheet2!B:O,13,FALSE) -> 水稻研究所 | P93: =VLOOKUP(D93,Sheet2!C:O,13,FALSE) -> 高被引论文
A94: 88 | B94: WOS:000936447000001 | C94: 10.1111/pbi.14024 | D94: MEDLINE:36752420 | E94: A NOVEL R2R3-MYB TRANSCRIPTION FACTOR FAMYB5 POSITIVELY REGULATES ANTHOCYANIN AND PROANTHOCYANIDIN BIOSYNTHESIS IN CULTIVATED STRAWBERRIES (FRAGARIA X ANANASSA) | F94: JIANG, LY;YUE, ML;LIU, YQ;ZHANG, NT;LIN, YX;ZHANG, YT;WANG, Y;LI, MY;LUO, Y;ZHANG, Y;WANG, XR;CHEN, Q;TANG, HR | G94: PLANT BIOTECHNOLOGY JOURNAL 21 (6): 1140-1158 JUN 2023 | H94: PLANT & ANIMAL SCIENCE | I94: 165 | J94: CHINA MAINLAND; | K94: SICHUAN AGR UNIV, COLL HORT, CHENGDU, SICHUAN, PEOPLES R CHINA;SICHUAN AGR UNIV, INST POMOL & OLERICULTURE, CHENGDU, SICHUAN, PEOPLES R CHINA | L94: SICHUAN AGRICULTURAL UNIVERSITY; | M94: 2023 | N94: =VLOOKUP(B94,Sheet2!A:O,13,FALSE) -> 江雷雨:1;岳茂兰:2;刘勇强:3;张娜婷:4;林源秀:5;张云婷:6;王燕:7;李梦瑶:8;罗娅:9;张勇:10;王小蓉:11;陈清:12共同通讯作者;汤浩茹:13共同通讯作者 | O94: =VLOOKUP(C94,Sheet2!B:O,13,FALSE) -> 园艺学院 | P94: =VLOOKUP(D94,Sheet2!C:O,13,FALSE) -> 高被引论文
A95: 89 | B95: WOS:000714449200002 | C95: 10.1016/j.rser.2021.111779 | D95: NA | E95: POLICY SPILLOVER EFFECT AND ACTION MECHANISM FOR ENVIRONMENTAL RIGHTS TRADING ON GREEN INNOVATION: EVIDENCE FROM CHINAS CARBON EMISSIONS TRADING POLICY | F95: LIU, YQ;LIU, S;SHAO, XY;HE, YQ | G95: RENEWABLE & SUSTAINABLE ENERGY REVIEWS 153: - JAN 2022 | H95: ENGINEERING | I95: 165 | J95: CHINA MAINLAND; | K95: SICHUAN AGR UNIV, COLL MANAGEMENT, CHENGDU 611130, PEOPLES R CHINA | L95: SICHUAN AGRICULTURAL UNIVERSITY; | M95: 2022 | N95: =VLOOKUP(B95,Sheet2!A:O,13,FALSE) -> 刘云强:1;Liu, S (Liu, Sha):2;Shao, XY (Shao, Xiaoyu):3;He, YQ (He, Yanqiu):4通讯作者 | O95: =VLOOKUP(C95,Sheet2!B:O,13,FALSE) -> 管理学院 | P95: =VLOOKUP(D95,Sheet2!C:O,13,FALSE) -> 高被引论文
A96: 90 | B96: WOS:000874774700001 | C96: 10.1016/j.redox.2022.102441 | D96: MEDLINE:35985164 | E96: MO3SE4 NANOPARTICLE WITH ROS SCAVENGING AND MULTI-ENZYME ACTIVITY FOR THE TREATMENT OF DSS-INDUCED COLITIS IN MICE | F96: GUO, HR;GUO, H;XIE, Y;CHEN, YY;LU, CF;YANG, ZP;ZHU, YQ;OUYANG, YJ;ZHANG, Y;WANG, XX | G96: REDOX BIOLOGY 56: - OCT 2022 | H96: BIOLOGY & BIOCHEMISTRY | I96: 165 | J96: CHINA MAINLAND; | K96: SICHUAN AGR UNIV, COLL VET MED, CHENGDU 611130, SICHUAN, PEOPLES R CHINA;SICHUAN AGR UNIV, COLL SCI, CHENGDU 611130, SICHUAN, PEOPLES R CHINA;SICHUAN AGR UNIV, COLL AGRON, CHENGDU 611130, SICHUAN, PEOPLES R CHINA;SICHUAN AGR UNIV, RICE RES INST, STATE KEY LAB HYBRID RICE, CHENGDU 611130, PEOPLES R CHINA | L96: SICHUAN AGRICULTURAL UNIVERSITY; | M96: 2022 | N96: =VLOOKUP(B96,Sheet2!A:O,13,FALSE) -> 郭红瑞:1 ; Guo, H (Guo, Hai);2 ; Xie, Y (Xie, Yue):3 ; Chen, YY (Chen, Yinyin):4 ; Lu, CF (Lu, Changfang):5; Yang, ZP (Yang, Zhouping):6; Zhu, YQ (Zhu, Yanqiu):7 ; 欧阳萍:8; Zhang, Y (Zhang, Yu):9 ; 王显祥:10通讯作者 | O96: =VLOOKUP(C96,Sheet2!B:O,13,FALSE) -> 理学院 | P96: =VLOOKUP(D96,Sheet2!C:O,13,FALSE) -> 高被引论文
A97: 91 | B97: WOS:000466797100031 | C97: 10.1111/nph.15678 | D97: MEDLINE:30632163 | E97: OSA-MIR398B BOOSTS H2O2 PRODUCTION AND RICE BLAST DISEASE-RESISTANCE VIA MULTIPLE SUPEROXIDE DISMUTASES | F97: LI, Y;CAO, XL;ZHU, Y;YANG, XM;ZHANG, KN;XIAO, ZY;WANG, H;ZHAO, JH;ZHANG, LL;LI, GB;ZHENG, YP;FAN, J;WANG, J;CHEN, XQ;WU, XJ;ZHAO, JQ;DONG, OX;CHEN, XW;CHERN, M;WANG, WM | G97: NEW PHYTOLOGIST 222 (3): 1507-1522 MAY 2019 | H97: PLANT & ANIMAL SCIENCE | I97: 157 | J97: CHINA MAINLAND;USA; | K97: SICHUAN AGR UNIV, RICE RES INST, CHENGDU 611131, SICHUAN, PEOPLES R CHINA;SICHUAN AGR UNIV, KEY LAB MAJOR CROP DIS, CHENGDU 611131, SICHUAN, PEOPLES R CHINA;SICHUAN AGR UNIV, COLLABORAT INNOVAT CTR HYBRID RICE YANGTZE RIVER, CHENGDU 611131, SICHUAN, PEOPLES R CHINA;UNIV CALIF DAVIS, DEPT PLANT PATHOL, DAVIS, CA 95616 USA | L97: SICHUAN AGRICULTURAL UNIVERSITY;UNIVERSITY OF CALIFORNIA SYSTEM;UNIVERSITY OF CALIFORNIA DAVIS; | M97: 2019 | N97: =VLOOKUP(B97,Sheet2!A:O,13,FALSE) -> 李燕:1共同通讯作者; Cao; XL (Cao; Xiao-Long):2 ; Zhu; Y (Zhu; Yong):3 ; Yang; XM (Yang; Xue-Mei):4 ; Zhang; KN (Zhang; Kai-Ni):5 ; Xiao; ZY (Xiao; Zhi-Yuan) :6; Wang; H (Wang; He):7 ; Zhao; JH (Zhao; Jing-Hao):8 ; Zhang; LL (Zhang; Ling-Li):9 ; Li; GB (Li; Guo-Bang):10 ; Zheng; YP (Zheng; Ya-Ping):11 ; Fan; J (Fan; Jing):12 ; Wang; J (Wang; Jing):13 ;陈晓琼:14 ;吴先军:15 ; Zhao; JQ (Zhao; Ji-Qun):16; 陈学伟:18 ;王文明:20共同通讯作者 | O97: =VLOOKUP(C97,Sheet2!B:O,13,FALSE) -> 水稻研究所 | P97: =VLOOKUP(D97,Sheet2!C:O,13,FALSE) -> 高被引论文
A98: 92 | B98: WOS:000989763100001 | C98: 10.1016/j.carbpol.2023.120938 | D98: MEDLINE:37173034 | E98: PHOTODYNAMIC ANTIBACTERIAL CHITOSAN/NITROGEN-DOPED CARBON DOTS COMPOSITE PACKAGING FILM FOR FOOD PRESERVATION APPLICATIONS | F98: CHEN, SJ;ZENG, QY;TAN, XY;YE, MY;ZHANG, YA;ZOU, LK;LIU, SL;YANG, Y;LIU, AP;HE, L;HU, KD | G98: CARBOHYDRATE POLYMERS 314: - AUG 15 2023 | H98: CHEMISTRY | I98: 157 | J98: CHINA MAINLAND; | K98: SICHUAN AGR UNIV, COLL FOOD SCI, YAAN 625014, SICHUAN, PEOPLES R CHINA;SICHUAN AGR UNIV, COLL RESOURCES, CHENGDU 611130, SICHUAN, PEOPLES R CHINA | L98: SICHUAN AGRICULTURAL UNIVERSITY; | M98: 2023 | N98: =VLOOKUP(B98,Sheet2!A:O,13,FALSE) -> Chen, SJ (Chen, Shujuan):1通讯作者; Zeng, QY (Zeng, Qiuyan):2; Tan, XY (Tan, Xinyu):3; Ye, MY (Ye, Mengyi):4; Zhang, YA (Zhang, Yanan):5; Zou, LK (Zou, Likou):6; Liu, SL (Liu, Shuliang):7; Yang, Y (Yang, Yong):8; Liu, AP (Liu, Aiping):9; He, L (He, Li):10; Hu, KD (Hu, Kaidi) :11 | O98: =VLOOKUP(C98,Sheet2!B:O,13,FALSE) -> 食品学院 | P98: =VLOOKUP(D98,Sheet2!C:O,13,FALSE) -> 高被引论文
A99: 93 | B99: WOS:000698653000022 | C99: 10.1016/j.jretconser.2021.102672 | D99: NA | E99: HOW THE DESTINATION SHORT VIDEO AFFECTS THE CUSTOMERS ATTITUDE: THE ROLE OF NARRATIVE TRANSPORTATION | F99: CAO, XY;QU, ZR;LIU, Y;HU, JJ | G99: JOURNAL OF RETAILING AND CONSUMER SERVICES 62: - SEP 2021 | H99: ECONOMICS & BUSINESS | I99: 156 | J99: CHINA MAINLAND; | K99: SICHUAN AGR UNIV, BUSINESS & TOURISM SCH, DUJIANGYAN, SICHUAN, PEOPLES R CHINA | L99: SICHUAN AGRICULTURAL UNIVERSITY; | M99: 2021 | N99: =VLOOKUP(B99,Sheet2!A:O,13,FALSE) -> Cao, XY (Cao, Xinyue):1; Qu, ZR (Qu, Zhirui):2;刘燕:3通讯作者;胡家镜:4 | O99: =VLOOKUP(C99,Sheet2!B:O,13,FALSE) -> 商旅学院 | P99: =VLOOKUP(D99,Sheet2!C:O,13,FALSE) -> 高被引论文
... A121: 115 | B121: WOS:000769722500001 | C121: 10.3390/jof8020205 | D121: MEDLINE:35205959 | E121: ENDOPHYTIC FUNGI: AN EFFECTIVE ALTERNATIVE SOURCE OF PLANT-DERIVED BIOACTIVE COMPOUNDS FOR PHARMACOLOGICAL STUDIES | F121: WEN, J;OKYERE, SK;WANG, S;WANG, JC;XIE, L;RAN, YA;HU, YC | G121: JOURNAL OF FUNGI 8 (2): - FEB 2022 | H121: PLANT & ANIMAL SCIENCE | I121: 123 | J121: CHINA MAINLAND; | K121: SICHUAN AGR UNIV, COLL VET MED, KEY LAB ANIM DIS & ENVIRONM HAZARDS SICHUAN PROV, CHENGDU 611130, PEOPLES R CHINA;SICHUAN AGR UNIV, KEY LAB ANIM DIS & HUMAN HLTH SICHUAN PROV, CHENGDU 611130, PEOPLES R CHINA;NEW RUIPENG PET HEALTHCARE GRP CO LTD, SHENZHEN 518000, PEOPLES R CHINA | L121: NA-KEY LABORATORY OF ANIMAL DISEASE & HUMAN HEALTH OF SICHUAN PROVINCE;SICHUAN AGRICULTURAL UNIVERSITY;NEW RUIPENG PET HEALTHCARE GRP CO LTD; | M121: 2022 | N121: =VLOOKUP(B121,Sheet2!A:O,13,FALSE) -> Wen, J (Wen, Juan):1;Okyere, SK (Okyere, Samuel Kumi):2; Wang, S (Wang, Shu):3;Wang, JC (Wang, Jianchen):4;Xie, L (Xie, Lei):5;Ran, YA (Ran, Yinan):6;胡延春:7通讯作者 | O121: =VLOOKUP(C121,Sheet2!B:O,13,FALSE) -> 动物医学院 | P121: =VLOOKUP(D121,Sheet2!C:O,13,FALSE) -> 高被引论文
A122: 116 | B122: WOS:000593729800001 | C122: 10.3390/plants9111575 | D122: MEDLINE:33203059 | E122: EFFECT OF CADMIUM TOXICITY ON GROWTH, OXIDATIVE DAMAGE, ANTIOXIDANT DEFENSE SYSTEM AND CADMIUM ACCUMULATION IN TWO SORGHUM CULTIVARS | F122: HASSAN, MJ;RAZA, MA;REHMAN, SU;ANSAR, M;GITARI, H;KHAN, I;WAJID, M;AHMED, M;SHAH, GA;PENG, Y;LI, Z | G122: PLANTS-BASEL 9 (11): - NOV 2020 | H122: PLANT & ANIMAL SCIENCE | I122: 122 | J122: CHINA MAINLAND;SWEDEN;PAKISTAN;KENYA; | K122: SICHUAN AGR UNIV, ANIM SCI & TECHNOL COLL, DEPT GRASSLAND SCI, CHENGDU 611130, PEOPLES R CHINA;SICHUAN AGR UNIV, COLL AGRON, CHENGDU 611130, PEOPLES R CHINA;PMAS ARID AGR UNIV, DEPT AGRON, RAWALPINDI 46000, PAKISTAN;KENYATTA UNIV, SCH AGR & ENTERPRISE DEV, DEPT AGR SCI & TECHNOL, POB 43844-00100, NAIROBI, KENYA;HUAZHONG AGR UNIV, COLL PLANT SCI & TECHNOL, WUHAN 430070, PEOPLES R CHINA;SWEDISH UNIV AGR SCI, DEPT AGR RES NORTHERN SWEDEN, S-90183 UMEA, SWEDEN | L122: ARID AGRICULTURE UNIVERSITY;SWEDISH UNIVERSITY OF AGRICULTURAL SCIENCES;SICHUAN AGRICULTURAL UNIVERSITY;KENYATTA UNIVERSITY;HUAZHONG AGRICULTURAL UNIVERSITY; | M122: 2020 | N122: Jawad Hassan, Muhammad:1; Ali Raza, Muhammad:2;Khan, Imran:6; Peng, Yan:10; Li, Zhou 11&通讯作者; | O122: 动物科技学院 | P122: 高被引论文
A123: 117 | B123: WOS:000772589500001 | C123: 10.1111/tpj.15729 | D123: MEDLINE:35277905 | E123: DIVERSE ROLES OF MYB TRANSCRIPTION FACTORS IN REGULATING SECONDARY METABOLITE BIOSYNTHESIS, SHOOT DEVELOPMENT, AND STRESS RESPONSES IN TEA PLANTS (CAMELLIA SINENSIS) | F123: LI, PH;XIA, EH;FU, JM;XU, YJ;ZHAO, XC;TONG, W;TANG, Q;TADEGE, M;FERNIE, AR;ZHAO, J | G123: PLANT JOURNAL 110 (4): 1144-1165 MAY 2022 | H123: PLANT & ANIMAL SCIENCE | I123: 121 | J123: CHINA MAINLAND;USA;GERMANY (FED REP GER); | K123: ANHUI AGR UNIV, STATE KEY LAB TEA PLANT BIOL & UTILIZAT, HEFEI 230036, PEOPLES R CHINA;SICHUAN AGR UNIV, COLL HORT, CHENGDU 611130, PEOPLES R CHINA;OKLAHOMA STATE UNIV, DEPT PLANT & SOIL SCI, INST AGR BIOSCI, 3210 SAM NOBLE PKWY, ARDMORE, OK 73401 USA;MAX PLANCK INST MOL PLANT PHYSIOL, MUHLENBERG 1, D-14476 POTSDAM, GERMANY | L123: ANHUI AGRICULTURAL UNIVERSITY;SICHUAN AGRICULTURAL UNIVERSITY;OKLAHOMA STATE UNIVERSITY SYSTEM;OKLAHOMA STATE UNIVERSITY - STILLWATER;MAX PLANCK SOCIETY; | M123: 2022 | N123: =VLOOKUP(B123,Sheet2!A:O,13,FALSE) -> Tang, Q (Tang, Qian):7 | O123: =VLOOKUP(C123,Sheet2!B:O,13,FALSE) -> 园艺学院 | P123: =VLOOKUP(D123,Sheet2!C:O,13,FALSE) -> 高被引论文
A124: 118 | B124: WOS:000781100800002 | C124: 10.1016/j.ecolind.2022.108710 | D124: NA | E124: LAND USE OPTIMIZATION OF RURAL PRODUCTION-LIVING-ECOLOGICAL SPACE AT DIFFERENT SCALES BASED ON THE BP-ANN AND CLUE-S MODELS | F124: LIAO, GT;HE, P;GAO, XS;LIN, ZY;HUANG, CY;ZHOU, W;DENG, OP;XU, CH;DENG, LJ | G124: ECOLOGICAL INDICATORS 137: - APR 2022 | H124: ENVIRONMENT/ECOLOGY | I124: 120 | J124: CHINA MAINLAND; | K124: CHENGDU UNIV INFORMAT TECHNOL, COLL RESOURCES & ENVIRONM, CHENGDU 610225, PEOPLES R CHINA;SICHUAN ACAD AGR SCI, AGR INFORMAT & RURAL ECON RES INST, CHENGDU 610066, PEOPLES R CHINA;SICHUAN AGR UNIV, COLL RESOURCE, CHENGDU 611130, PEOPLES R CHINA;SICHUAN AGR UNIV, COLL ENVIRONM SCI, CHENGDU 611130, PEOPLES R CHINA | L124: CHENGDU UNIVERSITY OF INFORMATION TECHNOLOGY;SICHUAN AGRICULTURAL UNIVERSITY;SICHUAN ACADEMY OF AGRICULTURAL SCIENCES (SAAS); | M124: 2022 | N124: =VLOOKUP(B124,Sheet2!A:O,13,FALSE) -> He, P (He, Peng):2;Gao, XS (Gao, Xuesong):3;Lin, ZY (Lin, Zhengyu):4;Huang, CY (Huang, Chengyi):5;周伟:6;邓欧平:7;邓良基:9通讯作者 | O124: =VLOOKUP(C124,Sheet2!B:O,13,FALSE) -> 资源学院 | P124: =VLOOKUP(D124,Sheet2!C:O,13,FALSE) -> 高被引论文
A125: 119 | B125: WOS:000895300800004 | C125: 10.1016/j.cej.2022.140277 | D125: NA | E125: HIERARCHICALLY FLOWER-LIKE STRUCTURE ASSEMBLED WITH POROUS NANOSHEET-SUPPORTED MXENE FOR ULTRATHIN ELECTROMAGNETIC WAVE ABSORPTION | F125: SUN, CH;LI, QY;JIA, ZR;WU, GL;YIN, PF | G125: CHEMICAL ENGINEERING JOURNAL 454: - PART 3 FEB 15 2023 | H125: ENGINEERING | I125: 120 | J125: CHINA MAINLAND; | K125: SICHUAN AGR UNIV, COLL SCI, YAAN 625014, PEOPLES R CHINA;JILIN UNIV, COLL EARTH SCI, CHANGCHUN 130021, PEOPLES R CHINA;QINGDAO UNIV, INST MAT ENERGY & ENVIRONM, COLL MAT SCI & ENGN, STATE KEY LAB BIOFIBERS & ECOTEXT, QINGDAO 266071, PEOPLES R CHINA;QINGDAO UNIV, COLL CHEM & CHEM ENGN, QINGDAO 266071, SHANDONG, PEOPLES R CHINA | L125: JILIN UNIVERSITY;SICHUAN AGRICULTURAL UNIVERSITY;QINGDAO UNIVERSITY; | M125: 2023 | N125: =VLOOKUP(B125,Sheet2!A:O,13,FALSE) -> Sun, CH (Sun, Chunhua):1 ;殷鹏飞:5共同通讯作者 | O125: =VLOOKUP(C125,Sheet2!B:O,13,FALSE) -> 理学院 | P125: =VLOOKUP(D125,Sheet2!C:O,13,FALSE) -> 高被引论文
A126: 120 | B126: WOS:000953239600001 | C126: 10.1111/gcb.16676 | D126: MEDLINE:36934319 | E126: MICROBIAL NECROMASS UNDER GLOBAL CHANGE AND IMPLICATIONS FOR SOIL ORGANIC MATTER | F126: HU, JX;DU, ML;CHEN, J;TIE, LH;ZHOU, SX;BUCKERIDGE, KM;CORNELISSEN, JHC;HUANG, CD;KUZYAKOV, Y | G126: GLOBAL CHANGE BIOLOGY 29 (12): 3503-3515 JUN 2023 | H126: ENVIRONMENT/ECOLOGY | I126: 119 | J126: CHINA MAINLAND;RUSSIA;NETHERLANDS;LUXEMBOURG;GERMANY (FED REP GER); | K126: SICHUAN AGR UNIV, COLL FORESTRY, CHENGDU, PEOPLES R CHINA;VRIJE UNIV AMSTERDAM, AMSTERDAM INST LIFE & ENVIRONM A LIFE, SYST ECOL SECT, AMSTERDAM, NETHERLANDS;SICHUAN AGR UNIV, COLL FORESTRY, FORESTRY ECOL ENGN UPPER REACHES YANGTZE RIVER KEY, CHENGDU, PEOPLES R CHINA;GUIZHOU UNIV, INST FOREST RESOURCES & ENVIRONM, RES CTR GUIZHOU PROV, GUIYANG, PEOPLES R CHINA;LUXEMBOURG INST SCI & TECHNOL, BELVAUX, LUXEMBOURG;UNIV GOETTINGEN, DEPT SOIL SCI TEMPERATE ECOSYST, DEPT AGR SOIL SCI, GOTTINGEN, GERMANY;RUDN UNIV, PEOPLES FRIENDSHIP UNIV RUSSIA, MOSCOW, RUSSIA | L126: GUIZHOU UNIVERSITY;VRIJE UNIVERSITEIT AMSTERDAM;UNIVERSITY OF GOTTINGEN;SICHUAN AGRICULTURAL UNIVERSITY;PEOPLES FRIENDSHIP UNIVERSITY OF RUSSIA;LUXEMBOURG INSTITUTE OF SCIENCE & TECHNOLOGY; | M126: 2023 | N126: =VLOOKUP(B126,Sheet2!A:O,13,FALSE) -> 胡峻嶍:1;Du, ML (Du, Meilin):2; Chen, J (Chen, Jun):3;周世兴:5;黄从德:8通讯作者 | O126: =VLOOKUP(C126,Sheet2!B:O,13,FALSE) -> 林学院 | P126: =VLOOKUP(D126,Sheet2!C:O,13,FALSE) -> 高被引论文
A127: 121 | B127: WOS:000838020100009 | C127: 10.1016/j.envpol.2022.119718 | D127: MEDLINE:35809716 | E127: MICROPLASTICS IN PLANT-SOIL ECOSYSTEMS: A META-ANALYSIS | F127: ZHANG, YY;CAI, C;GU, YF;SHI, YS;GAO, XS | G127: ENVIRONMENTAL POLLUTION 308: - SEP 1 2022 | H127: ENVIRONMENT/ECOLOGY | I127: 119 | J127: CHINA MAINLAND; | K127: SICHUAN AGR UNIV, COLL RESOURCES, CHENGDU 611130, PEOPLES R CHINA;MINIST NAT RESOURCES, KEY LAB INVEST & MONITORING PROTECT & UTILIZAT CUL, WUHAN, PEOPLES R CHINA;TONGJI UNIV, SCH ENVIRONM SCI & ENGN, STATE KEY LAB POLLUT CONTROL & RESOURCES REUSE, SHANGHAI 200092, PEOPLES R CHINA;SICHUAN INST GEOL ENGN, CHENGDU 610072, PEOPLES R CHINA | L127: MINISTRY OF NATURAL RESOURCES OF THE PEOPLE&APOS;S REPUBLIC OF CHINA;TONGJI UNIVERSITY;SICHUAN INST GEOL ENGN;SICHUAN AGRICULTURAL UNIVERSITY; | M127: 2022 | N127: =VLOOKUP(B127,Sheet2!A:O,13,FALSE) -> 张艳艳:1通讯作者;Gu, YF (Gu, Yunfu):3;高雪松:5 | O127: =VLOOKUP(C127,Sheet2!B:O,13,FALSE) -> 资源学院 | P127: =VLOOKUP(D127,Sheet2!C:O,13,FALSE) -> 高被引论文
A128: 122 | B128: WOS:000793708800008 | C128: 10.1016/j.ijhm.2022.103220 | D128: NA | E128: DANCING WITH SERVICE ROBOTS: THE IMPACTS OF EMPLOYEE-ROBOT COLLABORATION ON HOTEL EMPLOYEES JOB CRAFTING | F128: SONG, Y;ZHANG, MY;HU, JJ;CAO, XP | G128: INTERNATIONAL JOURNAL OF HOSPITALITY MANAGEMENT 103: - MAY 2022 | H128: SOCIAL SCIENCES, GENERAL | I128: 119 | J128: CHINA MAINLAND; | K128: SICHUAN AGR UNIV, BUSINESS & TOURISM SCH, CHENGDU, PEOPLES R CHINA;SOUTHWESTERN UNIV FINANCE & ECON, SCH BUSINESS ADM, CHENGDU, PEOPLES R CHINA | L128: SICHUAN AGRICULTURAL UNIVERSITY;SOUTHWESTERN UNIVERSITY OF FINANCE & ECONOMICS - CHINA; | M128: 2022 | N128: =VLOOKUP(B128,Sheet2!A:O,13,FALSE) -> 宋悦:1;胡家镜:3通讯作者;曹兴平:4 | O128: =VLOOKUP(C128,Sheet2!B:O,13,FALSE) -> 商旅学院 | P128: =VLOOKUP(D128,Sheet2!C:O,13,FALSE) -> 高被引论文
A129: 123 | B129: WOS:000806872300003 | C129: 10.1016/j.cej.2022.136975 | D129: NA | E129: STRUCTURE REGULATION IN N-DOPING BICONICAL CARBON FRAME DECORATED WITH COFE2O4 AND (FE,NI) FOR BROADBAND MICROWAVE ABSORPTION | F129: YIN, PF;WU, GL;TANG, YT;LIU, SJ;ZHANG, Y;BU, GX;DAI, JW;ZHAO, YP;LIU, YW | G129: CHEMICAL ENGINEERING JOURNAL 446: - PART 2 OCT 15 2022 | H129: ENGINEERING | I129: 118 | J129: CHINA MAINLAND; | K129: SICHUAN AGR UNIV, COLL SCI, YAAN 625014, PEOPLES R CHINA;QINGDAO UNIV, INST MAT ENERGY & ENVIRONM, COLL MAT SCI & ENGN, STATE KEY LAB BIOFIBERS & ECOTEXT, QINGDAO 266071, PEOPLES R CHINA;SICHUAN AGR UNIV, COLL LIFE SCI, YAAN 625014, PEOPLES R CHINA;SICHUAN AGR UNIV, COLL MECH & ELECT ENGN, YAAN 625014, PEOPLES R CHINA;SICHUAN AGR UNIV, COLL FOOD SCI, YAAN 625014, PEOPLES R CHINA | L129: QINGDAO UNIVERSITY;SICHUAN AGRICULTURAL UNIVERSITY; | M129: 2022 | N129: =VLOOKUP(B129,Sheet2!A:O,13,FALSE) -> 殷鹏飞:1共同通讯作者; Tang, YT (Tang, Yuting):3共同通讯作者 | O129: =VLOOKUP(C129,Sheet2!B:O,13,FALSE) -> 理学院 | P129: =VLOOKUP(D129,Sheet2!C:O,13,FALSE) -> 高被引论文
A130: 124 | B130: WOS:000792617100003 | C130: 10.1016/j.landusepol.2022.106117 | D130: NA | E130: EMPIRICAL INVESTIGATION OF URBAN LAND USE EFFICIENCY AND INFLUENCING FACTORS OF THE YELLOW RIVER BASIN CHINESE CITIES | F130: XUE, D;YUE, L;AHMAD, F;DRAZ, MU;CHANDIO, AA;AHMAD, M;AMIN, W | G130: LAND USE POLICY 117: - JUN 2022 | H130: SOCIAL SCIENCES, GENERAL | I130: 116 | J130: CANADA;SAUDI ARABIA;CHINA MAINLAND; | K130: CHANGZHOU UNIV, SCH BUSINESS, CHANGZHOU 213164, JIANGSU, PEOPLES R CHINA;LANZHOU UNIV, SCH ECON, LANZHOU 730000, GANSU, PEOPLES R CHINA;TORONTO SCH MANAGEMENT, TORONTO, ON M5G 1K2, CANADA;SICHUAN AGR UNIV, COLL ECON, CHENGDU 611130, PEOPLES R CHINA;ZHEJIANG UNIV, SCH ECON, HANGZHOU 310058, PEOPLES R CHINA;PRINCE SATTAM BIN ABDULAZIZ UNIV SAUDIA ARABIA, COLL BUSINESS ADM, DEPT FINANCE, AL KHARJ, SAUDI ARABIA | L130: CHANGZHOU UNIVERSITY;ZHEJIANG UNIVERSITY;TORONTO SCH MANAGEMENT;SICHUAN AGRICULTURAL UNIVERSITY;PRINCE SATTAM BIN ABDULAZIZ UNIV SAUDIA ARABIA;LANZHOU UNIVERSITY; | M130: 2022 | N130: =VLOOKUP(B130,Sheet2!A:O,13,FALSE) -> Chandio, AA:5 | O130: =VLOOKUP(C130,Sheet2!B:O,13,FALSE) -> 经济学院 | P130: =VLOOKUP(D130,Sheet2!C:O,13,FALSE) -> 高被引论文
A131: 125 | B131: WOS:000862983100004 | C131: 10.1016/j.renene.2022.08.045 | D131: NA | E131: INTERNATIONAL TRADE DIVERSIFICATION, GREEN INNOVATION, AND CONSUMPTION-BASED CARBON EMISSIONS: THE ROLE OF RENEWABLE ENERGY FOR SUSTAINABLE DEVELOPMENT IN BRICST COUNTRIES | F131: MENG, Y;WU, HY;WANG, YC;DUAN, YY | G131: RENEWABLE ENERGY 198: 1243-1253 OCT 2022 | H131: ENGINEERING | I131: 113 | J131: CHINA MAINLAND; | K131: SICHUAN AGR UNIV, SCH BUSINESS & TOURISM, CHENGDU 611830, PEOPLES R CHINA;SICHUAN AGR UNIV, SCH MANAGEMENT, CHENGDU 611830, PEOPLES R CHINA;SOUTHWEST UNIV SCI & TECHNOL, SCH LIFE SCI & ENGN, MIANYANG 621010, SICHUAN, PEOPLES R CHINA | L131: SICHUAN AGRICULTURAL UNIVERSITY;SOUTHWEST UNIVERSITY OF SCIENCE & TECHNOLOGY - CHINA; | M131: 2022 | N131: Meng, Yue:1;Wu, Haoyue:2; Wang, Yunchen:3; Duan, Yinying:4&通讯 | O131: 商旅学院 | P131: 高被引论文
A132: 126 | B132: WOS:001181484800001 | C132: 10.1016/j.jmst.2024.01.004 | D132: NA | E132: MULTI-LEVEL HOLLOW SPHERE RICH IN HETEROJUNCTIONS WITH DUAL FUNCTION: EFFICIENT MICROWAVE ABSORPTION AND ANTISEPTIC | F132: YU, LY;LAN, D;GUO, ZQ;FENG, AL;WU, GL;JIA, ZR;FENG, X;YIN, P | G132: JOURNAL OF MATERIALS SCIENCE & TECHNOLOGY 189: 155-165 AUG 1 2024 | H132: MATERIALS SCIENCE | I132: 112 | J132: CHINA MAINLAND; | K132: SICHUAN AGR UNIV, COLL SCI, YAAN 625014, PEOPLES R CHINA;HUBEI UNIV AUTOMOT TECHNOL, SCH MAT SCI & ENGN, SHIYAN 442002, PEOPLES R CHINA;QINGDAO UNIV, INST MAT ENERGY & ENVIRONM, COLL MAT SCI & ENGN, STATE KEY LAB BIOFIBERS & ECOTEXT, QINGDAO 266071, PEOPLES R CHINA;BAOJI UNIV ARTS & SCI, INST PHYS & OPTOELECT TECHNOL, BAOJI 721016, PEOPLES R CHINA | L132: BAOJI UNIVERSITY OF ARTS & SCIENCES;SICHUAN AGRICULTURAL UNIVERSITY;QINGDAO UNIVERSITY;HUBEI UNIVERSITY OF AUTOMOTIVE TECHNOLOGY; | M132: 2024 | N132: =VLOOKUP(B132,Sheet2!A:O,13,FALSE) -> Yu, LY (Yu, Liyuan):1;冯兴:7;殷鹏飞:8共同通讯作者 | O132: =VLOOKUP(C132,Sheet2!B:O,13,FALSE) -> 理学院 | P132: =VLOOKUP(D132,Sheet2!C:O,13,FALSE) -> 高被引论文
A133: 127 | B133: WOS:000778791200002 | C133: 10.1016/j.cj.2021.06.007 | D133: NA | E133: FAR-RED LIGHT: A REGULATOR OF PLANT MORPHOLOGY AND PHOTOSYNTHETIC CAPACITY | F133: TAN, TT;LI, SL;FAN, YF;WANG, ZL;RAZA, MA;SHAFIQ, I;WANG, BB;WU, XL;YONG, TW;WANG, XC;WU, YS;YANG, F;YANG, WY | G133: CROP JOURNAL 10 (2): 300-309 APR 2022 | H133: AGRICULTURAL SCIENCES | I133: 112 | J133: CHINA MAINLAND; | K133: SICHUAN AGR UNIV, COLL AGRON, CHENGDU 611130, SICHUAN, PEOPLES R CHINA;SICHUAN ENGN RES CTR CROP STRIP INTERCROPPING SYS, CHENGDU 611130, SICHUAN, PEOPLES R CHINA;MINIST AGR, KEY LAB CROP ECOPHYSIOL & FARMING SYST SOUTHWEST, CHENGDU 611130, SICHUAN, PEOPLES R CHINA | L133: MINIST AGR;SICHUAN ENGN RES CTR CROP STRIP INTERCROPPING SYS;SICHUAN AGRICULTURAL UNIVERSITY; | M133: 2022 | N133: =VLOOKUP(B133,Sheet2!A:O,13,FALSE) -> Tan, TT (Tan, Tingting):1 ; Li, SL (Li, Shenglan):2 ;范元芳:3 ; Wang, ZL (Wang, Zhonglin):4 ; Raza, MA (Raza, Muhammad Ali):5; Shafiq, I (Shafiq, Iram):6; Wang, BB (Wang, Beibei):7 ;武晓玲:8 ;雍太文:9 ; 王小春:10;吴雨珊:11 ;杨峰:12通讯作者 ;杨文钰:13 | O133: =VLOOKUP(C133,Sheet2!B:O,13,FALSE) -> 农学院 | P133: =VLOOKUP(D133,Sheet2!C:O,13,FALSE) -> 高被引论文
A134: 128 | B134: WOS:001037005300001 | C134: 10.1016/j.watres.2023.120297 | D134: MEDLINE:37413743 | E134: DISSOLVED ORGANIC MATTER PROMOTES PHOTOCATALYTIC DEGRADATION OF REFRACTORY ORGANIC POLLUTANTS IN WATER BY FORMING HYDROGEN BONDING WITH PHOTOCATALYST | F134: DONG, SS;GONG, YS;ZENG, ZX;CHEN, SH;YE, J;WANG, ZY;DIONYSIOU, DD | G134: WATER RESEARCH 242: - AUG 15 2023 | H134: ENVIRONMENT/ECOLOGY | I134: 111 | J134: CHINA MAINLAND;USA; | K134: NANCHANG HANGKONG UNIV, SCH ENVIRONM & CHEM ENGN, KEY LAB JIANGXI PROV PERSISTENT POLLUTANTS CONTROL, NANCHANG 330063, PEOPLES R CHINA;SICHUAN AGR UNIV, COLL ENVIRONM SCI, CHENGDU 611130, PEOPLES R CHINA;UNIV CINCINNATI, DEPT CHEM & ENVIRONM ENGN, ENVIRONM ENGN & SCI PROGRAM, CINCINNATI, OH 45221 USA | L134: NANCHANG HANGKONG UNIVERSITY;UNIVERSITY SYSTEM OF OHIO;UNIVERSITY OF CINCINNATI;SICHUAN AGRICULTURAL UNIVERSITY; | M134: 2023 | N134: =VLOOKUP(B134,Sheet2!A:O,13,FALSE) -> Zeng, ZX (Zeng, Zhenxing):3 | O134: =VLOOKUP(C134,Sheet2!B:O,13,FALSE) -> 环境学院 | P134: =VLOOKUP(D134,Sheet2!C:O,13,FALSE) -> 高被引论文
A135: 129 | B135: WOS:000799736800001 | C135: 10.1128/spectrum.00688-21 | D135: MEDLINE:35583332 | E135: DYNAMIC DISTRIBUTION OF GUT MICROBIOTA IN PIGS AT DIFFERENT GROWTH STAGES: COMPOSITION AND CONTRIBUTION | F135: LUO, YH;REN, W;SMIDT, H;WRIGHT, ADG;YU, B;SCHYNS, G;MCCORMACK, UM;COWIESON, AJ;YU, J;HE, J;YAN, H;WU, JL;MACKIE, RI;CHEN, DW | G135: MICROBIOLOGY SPECTRUM 10 (3): - JUN 2022 | H135: MICROBIOLOGY | I135: 110 | J135: CHINA MAINLAND;USA;SWITZERLAND;NETHERLANDS;FRANCE; | K135: SICHUAN AGR UNIV, KEY LAB ANIM DIS RESISTANCE NUTR & FEED, MINIST EDUC CHINA,KEY LAB ANIM DIS RESISTANCE NUT, MINIST AGR CHINA,KEY LAB ANIM DIS RESISTANT NUTR, CHENGDU, PEOPLES R CHINA;SICHUAN AGR UNIV, ANIM NUTR INST, CHENGDU, PEOPLES R CHINA;DSM CHINA ANIM NUTR RES CTR CO LTD, BAZHOU, PEOPLES R CHINA;WAGENINGEN UNIV, LAB MICROBIOL, WAGENINGEN, NETHERLANDS;WASHINGTON STATE UNIV, COLL AGR HUMAN & NAT RESOURCE SCI, DEPT ANIM SCI, PULLMAN, WA 99164 USA;DSM NUT PROD LTD, KAISERAUGST, SWITZERLAND;DSM NUTR PROD FRANCE, CTR RECH NUTR ANIM, ST LOUIS, FRANCE;UNIV ILLINOIS, DEPT ANIM SCI, 328 MUMFORD HALL, URBANA, IL 61801 USA;UNIV ILLINOIS, CARLE R WOESE INST GENOM BIOL, URBANA, IL 61801 USA | L135: DSM NUT PROD LTD;WASHINGTON STATE UNIVERSITY;WAGENINGEN UNIVERSITY & RESEARCH;UNIVERSITY OF ILLINOIS URBANA-CHAMPAIGN;UNIVERSITY OF ILLINOIS SYSTEM;SICHUAN AGRICULTURAL UNIVERSITY;DSM NV; | M135: 2022 | N135: =VLOOKUP(B135,Sheet2!A:O,13,FALSE) -> 罗玉衡:1; Ren, W (Ren, Wen):2;余冰:5;虞洁:9;何军:10;阎辉:11;陈代文:14通讯作者 | O135: =VLOOKUP(C135,Sheet2!B:O,13,FALSE) -> 动物营养研究所 | P135: =VLOOKUP(D135,Sheet2!C:O,13,FALSE) -> 高被引论文
A136: 130 | B136: WOS:000627417700007 | C136: 10.1093/nsr/nwaa149 | D136: MEDLINE:34691553 | E136: THE LRXS-RALFS-FER MODULE CONTROLS PLANT GROWTH AND SALT STRESS RESPONSES BY MODULATING MULTIPLE PLANT HORMONES | F136: ZHAO, CZ;JIANG, W;ZAYED, O;LIU, X;TANG, K;NIE, WF;LI, YL;XIE, SJ;LI, Y;LONG, TD;LIU, LL;ZHU, YF;ZHAO, Y;ZHU, JK | G136: NATIONAL SCIENCE REVIEW 8 (1): - JAN 2021 | H136: PLANT & ANIMAL SCIENCE | I136: 106 | J136: CHINA MAINLAND;USA;EGYPT; | K136: CHINESE ACAD SCI, SHANGHAI CTR PLANT STRESS BIOL, SHANGHAI 200032, PEOPLES R CHINA;CHINESE ACAD SCI, CTR EXCELLENCE MOL PLANT SCI, SHANGHAI 200032, PEOPLES R CHINA;PURDUE UNIV, DEPT HORT & LANDSCAPE ARCHITECTURE, W LAFAYETTE, IN 47907 USA;HENAN UNIV, SCH LIFE SCI, KEY LAB PLANT STRESS BIOL, KAIFENG 475004, PEOPLES R CHINA;NANJING AGR UNIV, NATL CTR SOYBEAN IMPROVEMENT, KEY LAB BIOL & GENET & BREEDING SOYBEAN,MINIST AG, STATE KEY LAB CROP GENET & GERMPLASM ENHANCEMENT, NANJING 210095, PEOPLES R CHINA;MENOUFIA UNIV, FAC AGR, GENET DEPT, SHEBEEN ELKOUM 32511, EGYPT;UNIV CHINESE ACAD SCI, BEIJING 100049, PEOPLES R CHINA;CHINA AGR UNIV, COLL BIOL SCI, STATE KEY LAB PLANT PHYSIOL & BIOCHEM, BEIJING 100193, PEOPLES R CHINA;SICHUAN AGR UNIV, STATE KEY LAB CROP GENE EXPLORAT & UTILIZAT SOUTH, CHENGDU 611130, PEOPLES R CHINA | L136: CENTER FOR EXCELLENCE IN MOLECULAR PLANT SCIENCES, CAS;UNIVERSITY OF CHINESE ACADEMY OF SCIENCES, CAS;SICHUAN AGRICULTURAL UNIVERSITY;PURDUE UNIVERSITY SYSTEM;PURDUE UNIVERSITY;NANJING AGRICULTURAL UNIVERSITY;MENOFIA UNIVERSITY;HENAN UNIVERSITY;EGYPTIAN KNOWLEDGE BANK (EKB);CHINESE ACADEMY OF SCIENCES;CHINA AGRICULTURAL UNIVERSITY; | M136: 2021 | N136: =VLOOKUP(B136,Sheet2!A:O,13,FALSE) -> 龙田丹:10 | O136: =VLOOKUP(C136,Sheet2!B:O,13,FALSE) -> 西南作物基因资源发掘与利用国家重点实验室 | P136: =VLOOKUP(D136,Sheet2!C:O,13,FALSE) -> 高被引论文
A137: 131 | B137: WOS:001024310500001 | C137: 10.1021/acs.est.2c08266 | D137: MEDLINE:37431633 | E137: REMOVAL OF PHENOLS BY HIGHLY ACTIVE PERIODATE ON CARBON NANOTUBES: A MECHANISTIC INVESTIGATION | F137: PENG, JL;ZHOU, P;ZHOU, HY;HUANG, BK;SUN, ML;HE, CS;ZHANG, H;AO, ZM;LIU, W;LAI, B | G137: ENVIRONMENTAL SCIENCE & TECHNOLOGY 57 (29): 10804-10815 JUL 11 2023 | H137: ENVIRONMENT/ECOLOGY | I137: 106 | J137: CHINA MAINLAND; | K137: SICHUAN UNIV, COLL ARCHITECTURE & ENVIRONM, STATE KEY LAB HYDRAUL & MT RIVER ENGN, CHENGDU 610065, PEOPLES R CHINA;SICHUAN AGR UNIV, COLL ENVIRONM SCI, CHENGDU 611130, PEOPLES R CHINA;SICHUAN UNIV, SINO GERMAN CTR WATER & HLTH RES, CHENGDU 610065, PEOPLES R CHINA;BEIJING NORMAL UNIV, ADV INTERDISCIPLINARY INST ENVIRONM & ECOL, ZHUHAI 519087, PEOPLES R CHINA;PEKING UNIV, KEY LAB WATER & SEDIMENT SCI, MINIST EDUC, BEIJING 100871, PEOPLES R CHINA;PEKING UNIV, COLL ENVIRONM SCI & ENGN, BEIJING 100871, BEIJING, PEOPLES R CHINA | L137: BEIJING NORMAL UNIVERSITY;SICHUAN UNIVERSITY;SICHUAN AGRICULTURAL UNIVERSITY;PEKING UNIVERSITY; | M137: 2023 | N137: =VLOOKUP(B137,Sheet2!A:O,13,FALSE) -> Peng, JL (Peng, Jiali):1 | O137: =VLOOKUP(C137,Sheet2!B:O,13,FALSE) -> 环境学院 | P137: =VLOOKUP(D137,Sheet2!C:O,13,FALSE) -> 高被引论文
A138: 132 | B138: WOS:000767562700005 | C138: 10.1016/j.molp.2022.01.004 | D138: MEDLINE:35026438 | E138: WHEAT BREEDING HISTORY REVEALS SYNERGISTIC SELECTION OF PLEIOTROPIC GENOMIC SITES FOR PLANT ARCHITECTURE AND GRAIN YIELD | F138: LI, AL;HAO, CY;WANG, ZY;GENG, SF;JIA, ML;WANG, F;HAN, X;KONG, XC;YIN, LJ;TAO, S;DENG, ZY;LIAO, RY;SUN, GL;WANG, K;YE, XG;JIAO, CZ;LU, HF;ZHOU, Y;LIU, DC;FU, XD;ZHANG, XY;MAO, L | G138: MOLECULAR PLANT 15 (3): 504-519 MAR 7 2022 | H138: PLANT & ANIMAL SCIENCE | I138: 105 | J138: CHINA MAINLAND; | K138: CHINESE ACAD AGR SCI, INST CROP SCI, NATL KEY FACIL CROP GENE RESOURCES & GENET IMPROV, BEIJING 100081, PEOPLES R CHINA;CHINESE ACAD SCI, INST GENET & DEV BIOL, STATE KEY LAB PLANT CELL & CHROMOSOME ENGN, BEIJING 100101, PEOPLES R CHINA;NOVOGENE BIOINFORMAT INST, BEIJING 100083, PEOPLES R CHINA;HENAN UNIV, SCH LIFE SCI, COLLABORAT INNOVAT CTR CROP STRESS BIOL, KAIFENG 475004, PEOPLES R CHINA;HENAN UNIV, INST PLANT STRESS BIOL, SCH LIFE SCI, KAIFENG 475004, PEOPLES R CHINA;SICHUAN AGR UNIV, TRITICEAE RES INST, CHENGDU 611130, SICHUAN, PEOPLES R CHINA | L138: CHINESE ACADEMY OF AGRICULTURAL SCIENCES;SICHUAN AGRICULTURAL UNIVERSITY;NOVOGENE BIOINFORMAT INST;INSTITUTE OF GENETICS & DEVELOPMENTAL BIOLOGY, CAS;INSTITUTE OF CROP SCIENCES, CAAS;HENAN UNIVERSITY;CHINESE ACADEMY OF SCIENCES; | M138: 2022 | N138: =VLOOKUP(B138,Sheet2!A:O,13,FALSE) -> 刘登才:19 | O138: =VLOOKUP(C138,Sheet2!B:O,13,FALSE) -> 小麦研究所 | P138: =VLOOKUP(D138,Sheet2!C:O,13,FALSE) -> 高被引论文
A139: 133 | B139: WOS:000725655800005 | C139: 10.1016/j.plaphy.2021.11.004 | D139: MEDLINE:34749270 | E139: DOES SILICON REALLY MATTER FOR THE PHOTOSYNTHETIC MACHINERY IN PLANTS ... ? ... | F139: RASTOGI, A;YADAV, S;HUSSAIN, S;KATARIA, S;HAJIHASHEMI, S;KUMARI, P;YANG, XH;BRESTIC, M | G139: PLANT PHYSIOLOGY AND BIOCHEMISTRY 169: 40-48 DEC 2021 | H139: PLANT & ANIMAL SCIENCE | I139: 104 | J139: CHINA MAINLAND;SLOVAKIA;POLAND;NETHERLANDS;IRAN;INDIA;CZECH REPUBLIC; | K139: POZNAN UNIV LIFE SCI, DEPT ECOL & ENVIRONM PROTECT, LAB BIOCLIMATOL, PIATKOWSKA 94, PL-60649 POZNAN, POLAND;UNIV TWENTE, FAC GEOINFORMAT SCI & EARTH OBSERVAT ITC, NL-7500 AE ENSCHEDE, NETHERLANDS;HEMVATI NANDAN BAHUGUNA GARHWAL CENT UNIV, DEPT BIOTECHNOL, SRINAGAR 246174, UTTARAKHAND, INDIA;SICHUAN AGR UNIV, KEY LAB CROP ECOPHYSIOL & FARMING SYST SOUTHWEST, MINIST AGR, CHENGDU 611130, PEOPLES R CHINA;DAVV, SCH BIOCHEM, KHANDWA RD, INDORE, MADHYA PRADESH, INDIA;BEHBAHAN KHATAM ALANBIA UNIV TECHNOL, FAC SCI, PLANT BIOL DEPT, KHUZESTAN 4718963616, IRAN;SINGHANIA UNIV, DEPT LIFE SCI, JHUNJHUNU 333515, RAJASTHAN, INDIA;SCIENTIST HOSTEL S-02,CHAURAS CAMPUS, SRINAGAR 246174, UTTARAKHAND, INDIA;SHANDONG AGR UNIV, COLL LIFE SCI, STATE KEY LAB CROP BIOL, SHANDONG KEY LAB CROP BIOL, TAI AN 271018, SHANDONG, PEOPLES R CHINA;SLOVAK UNIV AGR, DEPT PLANT PHYSIOL, A HLINKU 2, NITRA 94976, SLOVAKIA;CZECH UNIV LIFE SCI PRAGUE, FAC AGROBIOL FOOD & NAT RESOURCES, DEPT BOT & PLANT PHYSIOL, PRAGUE 16500, CZECH REPUBLIC | L139: NA-BEHBAHAN KHATAM ALANBIA UNIV TECHNOL;UNIVERSITY OF TWENTE;SLOVAK UNIVERSITY OF AGRICULTURE NITRA;SINGHANIA UNIV;SICHUAN AGRICULTURAL UNIVERSITY;SHANDONG AGRICULTURAL UNIVERSITY;SCIENTIST HOSTEL S-02,CHAURAS CAMPUS;POZNAN UNIVERSITY OF LIFE SCIENCES;HEMWATI NANDAN BAHUGUNA GARHWAL UNIVERSITY;DEVI AHILYA UNIVERSITY;CZECH UNIVERSITY OF LIFE SCIENCES PRAGUE; | M139: 2021 | N139: =VLOOKUP(B139,Sheet2!A:O,13,FALSE) -> Hussain, S (Hussain, Sajad):3 | O139: =VLOOKUP(C139,Sheet2!B:O,13,FALSE) -> 农学院 | P139: =VLOOKUP(D139,Sheet2!C:O,13,FALSE) -> 高被引论文
A140: 134 | B140: WOS:000776078500006 | C140: 10.1016/j.soilbio.2021.108500 | D140: NA | E140: NITROGEN ADDITION INCREASES MICROBIAL NECROMASS IN CROPLANDS AND BACTERIAL NECROMASS IN FORESTS: A GLOBAL META-ANALYSIS | F140: HU, JX;HUANG, CD;ZHOU, SX;LIU, X;DIJKSTRA, FA | G140: SOIL BIOLOGY & BIOCHEMISTRY 165: - FEB 2022 | H140: AGRICULTURAL SCIENCES | I140: 104 | J140: AUSTRALIA;CHINA MAINLAND; | K140: SICHUAN AGR UNIV, COLL FORESTRY, SICHUAN PROV KEY LAB ECOL FORESTRY ENGN UPPER REA, HUIMIN RD 211, CHENGDU 611130, PEOPLES R CHINA;SICHUAN AGR UNIV, COLL FORESTRY, NATL FORESTRY & GRASSLAND ADM, KEY LAB FOREST RESOURCES CONSERVAT & ECOL SAFETY, CHENGDU, PEOPLES R CHINA;UNIV SYDNEY, SYDNEY INST AGR, SCH LIFE & ENVIRONM SCI, CAMDEN, NSW, AUSTRALIA | L140: SICHUAN AGRICULTURAL UNIVERSITY;UNIVERSITY OF SYDNEY; | M140: 2022 | N140: =VLOOKUP(B140,Sheet2!A:O,13,FALSE) -> 胡峻嶍:1;黄从德:2通讯作者;周世兴:3;Liu, X (Liu, Xiong):4 | O140: =VLOOKUP(C140,Sheet2!B:O,13,FALSE) -> 林学院 | P140: =VLOOKUP(D140,Sheet2!C:O,13,FALSE) -> 高被引论文
A141: 135 | B141: WOS:000775437500001 | C141: 10.3390/agriculture12030313 | D141: NA | E141: GREEN FINANCE, CHEMICAL FERTILIZER USE AND CARBON EMISSIONS FROM AGRICULTURAL PRODUCTION | F141: GUO, LL;ZHAO, S;SONG, YT;TANG, MQ;LI, HJ | G141: AGRICULTURE-BASEL 12 (3): - MAR 2022 | H141: AGRICULTURAL SCIENCES | I141: 103 | J141: CHINA MAINLAND; | K141: SICHUAN AGR UNIV, COLL ECON, CHENGDU 611130, PEOPLES R CHINA | L141: SICHUAN AGRICULTURAL UNIVERSITY; | M141: 2022 | N141: =VLOOKUP(B141,Sheet2!A:O,13,FALSE) -> 郭丽丽:1;Zhao, S (Zhao, Shuang):2;Song, YT (Song, Yuting):3;Tang, MQ (Tang, Mengqian):4;李后建:5通讯作者 | O141: =VLOOKUP(C141,Sheet2!B:O,13,FALSE) -> 经济学院 | P141: =VLOOKUP(D141,Sheet2!C:O,13,FALSE) -> 高被引论文
A142: 136 | B142: WOS:001099089700002 | C142: 10.1007/s40820-023-01212-4 | D142: MEDLINE:37930594 | E142: MULTIPHASE INTERFACIAL REGULATION BASED ON HIERARCHICAL POROUS MOLYBDENUM SELENIDE TO BUILD ANTICORROSIVE AND MULTIBAND TAILORABLE ABSORBERS | F142: ZHAO, TB;JIA, ZR;LIU, JK;ZHANG, Y;WU, GL;YIN, PF | G142: NANO-MICRO LETTERS 16 (1): - DEC 2024 | H142: MATERIALS SCIENCE | I142: 102 | J142: CHINA MAINLAND; | K142: SICHUAN AGR UNIV, COLL SCI, YAAN 625014, PEOPLES R CHINA;QINGDAO UNIV, INST MAT ENERGY & ENVIRONM, COLL MAT SCI & ENGN, STATE KEY LAB BIOFIBERS & ECOTEXT, QINGDAO 266071, PEOPLES R CHINA;QINGDAO UNIV, COLL CHEM & CHEM ENGN, QINGDAO 266071, PEOPLES R CHINA | L142: QINGDAO UNIVERSITY;SICHUAN AGRICULTURAL UNIVERSITY; | M142: 2024 | N142: =VLOOKUP(B142,Sheet2!A:O,13,FALSE) -> 殷鹏飞:6共同通讯作者 | O142: =VLOOKUP(C142,Sheet2!B:O,13,FALSE) -> 理学院 | P142: =VLOOKUP(D142,Sheet2!C:O,13,FALSE) -> 高被引论文
A143: 137 | B143: WOS:000964179500001 | C143: 10.1016/j.renene.2023.01.018 | D143: NA | E143: DYNAMIC RELATIONSHIP AMONG CLIMATE POLICY UNCERTAINTY, OIL PRICE AND RENEWABLE ENERGY CONSUMPTION-FINDINGS FROM TVP-SV-VAR APPROACH | F143: ZHOU, DH;SIDDIK, A;GUO, LL;LI, HJ | G143: RENEWABLE ENERGY 204: 722-732 MAR 2023 | H143: ENGINEERING | I143: 101 | J143: CHINA MAINLAND; | K143: SICHUAN AGR UNIV, COLL ECON, CHENGDU 611130, PEOPLES R CHINA;UNIV SCI & TECHNOL CHINA, SCH MANAGEMENT, JINZHAI RD, HEFEI 230026, PEOPLES R CHINA | L143: CHINESE ACADEMY OF SCIENCES;UNIVERSITY OF SCIENCE & TECHNOLOGY OF CHINA, CAS;SICHUAN AGRICULTURAL UNIVERSITY; | M143: 2023 | N143: =VLOOKUP(B143,Sheet2!A:O,13,FALSE) -> Zhou, DH (Zhou, Deheng):1;郭丽丽:3;李后建:4通讯作者 | O143: =VLOOKUP(C143,Sheet2!B:O,13,FALSE) -> 经济学院 | P143: =VLOOKUP(D143,Sheet2!C:O,13,FALSE) -> 高被引论文
... A156: 150 | B156: WOS:001249222600001 | C156: 10.1016/j.conbuildmat.2024.136836 | D156: NA | E156: MECHANICAL BEHAVIOR AND IMPACT RESISTANCE OF RUBBERIZED CONCRETE ENHANCED BY BASALT FIBER-EPOXY RESIN COMPOSITE | F156: DONG, JF;LIU, YC;YUAN, SC;LI, KP;ZHANG, FY;GUAN, ZW;CHAI, HK;WANG, QY | G156: CONSTRUCTION AND BUILDING MATERIALS 435: - JUL 12 2024 | H156: MATERIALS SCIENCE | I156: 87 | J156: CHINA MAINLAND;UNITED ARAB EMIRATES;SCOTLAND; | K156: SICHUAN UNIV, COLL ARCHITECTURE & ENVIRONM, MOE KEY LAB DEEP EARTH SCI & ENGN, CHENGDU 610065, PEOPLES R CHINA;SICHUAN UNIV, FAILURE MECH & ENGN DISASTER PREVENT KEY LAB SICHU, CHENGDU 610065, PEOPLES R CHINA;SICHUAN AGR UNIV, SCH CIVIL ENGN, CHENGDU 611830, PEOPLES R CHINA;TECHNOL INNOVAT INST, ADV MAT RES CTR, ABU DHABI, U ARAB EMIRATES;CHENGDU UNIV, SCH MECH ENGN, CHENGDU 610106, PEOPLES R CHINA;UNIV EDINBURGH, INST INFRASTRUCT & ENVIRONM, SCH ENGN, EDINBURGH EH9 3FG, SCOTLAND | L156: CHENGDU UNIVERSITY;UNIVERSITY OF EDINBURGH;TECHNOLOGY INNOVATION INSTITUTE;SICHUAN UNIVERSITY;SICHUAN AGRICULTURAL UNIVERSITY; | M156: 2024 | N156: =VLOOKUP(B156,Sheet2!A:O,13,FALSE) -> Yuan, SC (Yuan, Shucheng):3;Li, KP (Li, Kunpeng):4;Zhang, FY (Zhang, Fengyu):5 | O156: =VLOOKUP(C156,Sheet2!B:O,13,FALSE) -> 土木工程学院 | P156: =VLOOKUP(D156,Sheet2!C:O,13,FALSE) -> 高被引论文
A157: 151 | B157: WOS:001354206600001 | C157: 10.1016/j.carbon.2024.119798 | D157: NA | E157: CONSTRUCTION OF NICO2O4/NICOO2 CO-EMBEDDED POROUS BIO-CARBON WITH RICH HETEROGENEOUS INTERFACES FOR EXCELLENT BACTERIOSTATIC MICROWAVE RADIATION PROTECTION | F157: HU, T;LAN, D;WANG, J;ZHONG, XZ;BU, GX;YIN, PF | G157: CARBON 232: - JAN 15 2025 | H157: CHEMISTRY | I157: 85 | J157: CHINA MAINLAND; | K157: SICHUAN AGR UNIV, COLL SCI, YAAN 625014, PEOPLES R CHINA;HUBEI UNIV AUTOMOT TECHNOL, SCH MAT SCI & ENGN, SHIYAN 442002, PEOPLES R CHINA;SICHUAN AGR UNIV, COLL LIFE SCI, YAAN 625014, PEOPLES R CHINA | L157: HUBEI UNIVERSITY OF AUTOMOTIVE TECHNOLOGY;SICHUAN AGRICULTURAL UNIVERSITY; | M157: 2025 | N157: =VLOOKUP(B157,Sheet2!A:O,13,FALSE) -> Hu, T (Hu, Ting):1;Wang, J (Wang, Jian):3 ; Zhong, XZ (Zhong, Xiaozhong):4;Bu, GX (Bu, Guixian):5;Yin, PF (Yin, Pengfei):6 | O157: =VLOOKUP(C157,Sheet2!B:O,13,FALSE) -> 理学院 | P157: 高被引论文、热点论文
A158: 152 | B158: WOS:001228622300001 | C158: 10.1016/j.cois.2024.101184 | D158: MEDLINE:38458436 | E158: NEW AND EMERGING MECHANISMS OF INSECTICIDE RESISTANCE | F158: PU, J;CHUNG, H | G158: CURRENT OPINION IN INSECT SCIENCE 63: - JUN 2024 | H158: ENVIRONMENT/ECOLOGY | I158: 85 | J158: CHINA MAINLAND;USA; | K158: SICHUAN AGR UNIV, COLL AGR, CHENGDU 611130, SICHUAN, PEOPLES R CHINA;MICHIGAN STATE UNIV, DEPT ENTOMOL, E LANSING, MI 48824 USA;MICHIGAN STATE UNIV, ECOL EVOLUT & BEHAV PROGRAM, E LANSING, MI 48824 USA | L158: MICHIGAN STATE UNIVERSITY;SICHUAN AGRICULTURAL UNIVERSITY; | M158: 2024 | N158: =VLOOKUP(B158,Sheet2!A:O,13,FALSE) -> Pu, J (Pu, Jian):1共同通讯作者 | O158: =VLOOKUP(C158,Sheet2!B:O,13,FALSE) -> 农学院 | P158: =VLOOKUP(D158,Sheet2!C:O,13,FALSE) -> 高被引论文
A159: 153 | B159: WOS:001231878700001 | C159: 10.1016/j.jmst.2024.02.016 | D159: NA | E159: CONSTRUCTING MIXED-DIMENSIONAL LIGHTWEIGHT MAGNETIC COBALT-BASED COMPOSITES HETEROSTRUCTURES: AN EFFECTIVE STRATEGY TO ACHIEVE BOOSTED MICROWAVE ABSORPTION AND SELF-ANTICORROSION | F159: LI, JJ;LAN, D;CHENG, YH;JIA, ZR;LIU, PB;SHI, XT;GUO, H;FENG, AL;FENG, X;WU, GL;YIN, PF | G159: JOURNAL OF MATERIALS SCIENCE & TECHNOLOGY 196: 60-70 OCT 10 2024 | H159: MATERIALS SCIENCE | I159: 83 | J159: CHINA MAINLAND; | K159: SICHUAN AGR UNIV, COLL SCI, YAAN 625014, PEOPLES R CHINA;HUBEI UNIV AUTOMOT TECHNOL, SCH MAT SCI & ENGN, SHIYAN 442002, PEOPLES R CHINA;QINGDAO UNIV, INST MAT ENERGY & ENVIRONM, COLL MAT SCI & ENGN, STATE KEY LAB BIOFIBERS & ECOTEXT, QINGDAO 266071, PEOPLES R CHINA;NORTHWESTERN POLYTECH UNIV, SCH CHEM & CHEM ENGN, SHAANXI KEY LAB MACROMOL SCI & TECHNOL, XIAN 710072, PEOPLES R CHINA;BAOJI UNIV ARTS & SCI, INST PHYS & OPTOELECT TECHNOL, BAOJI 721016, PEOPLES R CHINA | L159: BAOJI UNIVERSITY OF ARTS & SCIENCES;SICHUAN AGRICULTURAL UNIVERSITY;QINGDAO UNIVERSITY;NORTHWESTERN POLYTECHNICAL UNIVERSITY;HUBEI UNIVERSITY OF AUTOMOTIVE TECHNOLOGY; | M159: 2024 | N159: =VLOOKUP(B159,Sheet2!A:O,13,FALSE) -> Li, JJ (Li, Jiajun):1;冯兴:9;殷鹏飞:11共同通讯作者 | O159: =VLOOKUP(C159,Sheet2!B:O,13,FALSE) -> 理学院 | P159: =VLOOKUP(D159,Sheet2!C:O,13,FALSE) -> 高被引论文
A160: 154 | B160: WOS:000829376500001 | C160: 10.3389/fpls.2022.919166 | D160: MEDLINE:35873982 | E160: THE CRITICAL ROLE OF ARBUSCULAR MYCORRHIZAL FUNGI TO IMPROVE DROUGHT TOLERANCE AND NITROGEN USE EFFICIENCY IN CROPS | F160: TANG, HY;HASSAN, MU;FENG, L;NAWAZ, M;SHAH, AN;QARI, SH;LIU, Y;MIAO, JQ | G160: FRONTIERS IN PLANT SCIENCE 13: - JUL 6 2022 | H160: PLANT & ANIMAL SCIENCE | I160: 83 | J160: CHINA MAINLAND;SAUDI ARABIA;PAKISTAN; | K160: HUNAN UNIV HUMANITIES SCI & TECHNOL, COLL AGR & BIOTECHNOL, LOUDI, PEOPLES R CHINA;JIANGXI AGR UNIV, RES CTR ECOL SCI, NANCHANG, PEOPLES R CHINA;SICHUAN AGR UNIV, COLL AGRON, CHENGDU, PEOPLES R CHINA;MINIST AGR & RURAL AFFAIRS, SICHUAN ENGN RES CTR CROP STRIP INTERCROPPING SYST, KEY LAB CROP ECOPHYSIOL & FARMING SYST SOUTHWEST, CHENGDU, PEOPLES R CHINA;KHWAJA FAREED UNIV ENGN & INFORMAT TECHNOL, DEPT AGR ENGN, RAHIM YAR KHAN, PAKISTAN;UMM AL QURA UNIV, AL JUMUM UNIV COLL, DEPT BIOL, MECCA, SAUDI ARABIA;JIANGXI AGR UNIV, SCH COMP INFORMAT & ENGN, NANCHANG, PEOPLES R CHINA | L160: HUNAN UNIVERSITY OF HUMANITIES, SCIENCE & TECHNOLOGY;UMM AL-QURA UNIVERSITY;SICHUAN AGRICULTURAL UNIVERSITY;MINIST AGR & RURAL AFFAIRS;KHWAJA FAREED UNIVERSITY OF ENGINEERING & INFORMATION TECHNOLOGY, PAKISTAN;JIANGXI AGRICULTURAL UNIVERSITY; | M160: 2022 | N160: =VLOOKUP(B160,Sheet2!A:O,13,FALSE) -> Feng, L (Feng, Liang):3 | O160: =VLOOKUP(C160,Sheet2!B:O,13,FALSE) -> 农学院 | P160: =VLOOKUP(D160,Sheet2!C:O,13,FALSE) -> 高被引论文
A161: 155 | B161: WOS:000927999400001 | C161: 10.1016/j.foodhyd.2023.108509 | D161: NA | E161: DEVELOPMENT AND CHARACTERIZATION OF ANTIOXIDANT COMPOSITE FILMS BASED ON STARCH AND GELATIN INCORPORATING RESVERATROL FABRICATED BY EXTRUSION COMPRESSION MOULDING | F161: WU, HJ;LI, T;PENG, L;WANG, J;LEI, YX;LI, SS;LI, QY;YUAN, XY;ZHOU, M;ZHANG, ZQ | G161: FOOD HYDROCOLLOIDS 139: - MAY 2023 | H161: AGRICULTURAL SCIENCES | I161: 80 | J161: CHINA MAINLAND; | K161: SICHUAN AGR UNIV, COLL SCI, 46 XIN KANG RD, YAAN 625014, SICHUAN, PEOPLES R CHINA;SICHUAN AGR UNIV, COLL FOOD SCI, 46 XIN KANG RD, YAAN 625014, SICHUAN, PEOPLES R CHINA | L161: SICHUAN AGRICULTURAL UNIVERSITY; | M161: 2023 | N161: =VLOOKUP(B161,Sheet2!A:O,13,FALSE) -> 吴贺君:1通讯作者; Li, T (Li, Ting):2; Peng, L (Peng, Lu):3; Wang, J (Wang, Jie):4; Lei, YX (Lei, Yuixiao):5; Li, SS (Li, Shasha):6; Li, QY (Li, Qingye):7; Yuan, XY (Yuan, Xiangyang):8 ;周曼:9 ;张志清:10 | O161: =VLOOKUP(C161,Sheet2!B:O,13,FALSE) -> 理学院 | P161: =VLOOKUP(D161,Sheet2!C:O,13,FALSE) -> 高被引论文
A162: 156 | B162: WOS:000844913600002 | C162: 10.1007/s10725-022-00872-3 | D162: NA | E162: SILICON: AN ESSENTIAL ELEMENT FOR PLANT NUTRITION AND PHYTOHORMONES SIGNALING MECHANISM UNDER STRESSFUL CONDITIONS | F162: KHAN, I;AWAN, SA;RIZWAN, M;BRESTIC, M;XIE, WG | G162: PLANT GROWTH REGULATION 100 (2): 301-319 SP. ISS. SI JUN 2023 | H162: PLANT & ANIMAL SCIENCE | I162: 79 | J162: CHINA MAINLAND;SLOVAKIA;PAKISTAN; | K162: LANZHOU UNIV, COLL PASTORAL AGR SCI & TECHNOL, STATE KEY LAB GRASSLAND AGROECOSYST, KEY LAB GRASSLAND LIVESTOCK IND INNOVAT, LANZHOU 730020, PEOPLES R CHINA;SICHUAN AGR UNIV, COLL AGRON, CHENGDU 611130, PEOPLES R CHINA;GOVT COLL UNIV, DEPT ENVIRONM SCI, FAISALABAD, PAKISTAN;SLOVAK UNIV AGR, FAC AGROBIOL & FOOD RESOURCES, DEPT PLANT PHYSIOL, TRIEDA A HLINKU 2, NITRA 94976, SLOVAKIA | L162: GOVERNMENT COLLEGE UNIVERSITY FAISALABAD;SLOVAK UNIVERSITY OF AGRICULTURE NITRA;SICHUAN AGRICULTURAL UNIVERSITY;LANZHOU UNIVERSITY; | M162: 2023 | N162: =VLOOKUP(B162,Sheet2!A:O,13,FALSE) -> Awan, SA (Awan, Samrah Afzal):2 | O162: =VLOOKUP(C162,Sheet2!B:O,13,FALSE) -> 农学院 | P162: =VLOOKUP(D162,Sheet2!C:O,13,FALSE) -> 高被引论文
A163: 157 | B163: WOS:001455352500025 | C163: 10.1038/s41467-025-57981-6 | D163: MEDLINE:40148281 | E163: SOIL ORGANIC CARBON THRESHOLDS CONTROL FERTILIZER EFFECTS ON CARBON ACCRUAL IN CROPLANDS WORLDWIDE | F163: LING, J;DUNGAIT, JAJ;DELGADO-BAQUERIZO, M;CUI, ZL;ZHOU, RR;ZHANG, WS;GAO, Q;CHEN, YX;YUE, SC;KUZYAKOV, Y;ZHANG, FS;CHEN, XP;TIAN, J | G163: NATURE COMMUNICATIONS 16 (1): - MAR 27 2025 | H163: ENVIRONMENT/ECOLOGY | I163: 76 | J163: CHINA MAINLAND;SPAIN;SCOTLAND;LITHUANIA;GERMANY (FED REP GER);ENGLAND; | K163: CHINA AGR UNIV, COLL RESOURCES & ENVIRONM SCI, STATE KEY LAB NUTRIENT USE & MANAGEMENT, BEIJING 100193, PEOPLES R CHINA;UNIV EXETER, FAC ENVIRONM SCI & ECON, GEOG, RENNES DR, EXETER EX4 4RJ, ENGLAND;SRUC SCOTLANDS RURAL COLL, CARBON MANAGEMENT CTR, EDINBURGH EH9 3JG, SCOTLAND;INST RECURSOS NAT & AGROBIOL SEVILLA IRNAS, LAB BIODIVERSIDAD & FUNCIONAMIENTO ECOSISTEM, CSIC, SEVILLE 41012, SPAIN;SOUTHWEST UNIV, ACAD AGR SCI, COLL RESOURCES & ENVIRONM, INTERDISCIPLINARY RES CTR AGR GREEN DEV YANGTZE RI, CHONGQING 400715, PEOPLES R CHINA;JILIN AGR UNIV, COLL RESOURCES & ENVIRONM, CHANGCHUN 130118, PEOPLES R CHINA;SICHUAN AGR UNIV, COLL RESOURCES & ENVIRONM, CHENGDU 611134, PEOPLES R CHINA;SHANXI AGR UNIV, INST ECOENVIRONM & IND TECHNOL, TAIYUAN 030031, PEOPLES R CHINA;UNIV GOTTINGEN, DEPT SOIL SCI TEMPERATE ECOSYST, D-37077 GOTTINGEN, GERMANY;VYTAUTAS MAGNUS UNIV, BIOECON RES INST, AGR ACAD, KAUNAS, LITHUANIA | L163: CHINA AGRICULTURAL UNIVERSITY;VYTAUTAS MAGNUS UNIVERSITY;UNIVERSITY OF GOTTINGEN;UNIVERSITY OF EXETER;SOUTHWEST UNIVERSITY - CHINA;SICHUAN AGRICULTURAL UNIVERSITY;SHANXI AGRICULTURAL UNIVERSITY;SCOTLAND&APOS;S RURAL COLLEGE;JILIN AGRICULTURAL UNIVERSITY;CSIC - INSTITUTO DE RECURSOS NATURALES Y AGROBIOLOGIA DE SEVILLA (IRNAS);CONSEJO SUPERIOR DE INVESTIGACIONES CIENTIFICAS (CSIC); | M163: 2025 | N163: =VLOOKUP(B163,Sheet2!A:O,13,FALSE) -> 陈远学:8 | O163: =VLOOKUP(C163,Sheet2!B:O,13,FALSE) -> 资源学院 | P163: =VLOOKUP(D163,Sheet2!C:O,13,FALSE) -> 高被引论文、热点论文
A164: 158 | B164: WOS:000881801000001 | C164: 10.1093/plphys/kiac508 | D164: MEDLINE:36315103 | E164: THE UNIQUE SWEET POTATO NAC TRANSCRIPTION FACTOR IBNAC3 MODULATES COMBINED SALT AND DROUGHT STRESSES | F164: MENG, XQ;LIU, SY;ZHANG, CB;HE, JN;MA, DF;WANG, X;DONG, TT;GUO, F;CAI, J;LONG, TD;LI, ZY;ZHU, MK | G164: PLANT PHYSIOLOGY 191 (1): 747-771 JAN 2 2023 | H164: PLANT & ANIMAL SCIENCE | I164: 72 | J164: CHINA MAINLAND;SOUTH KOREA; | K164: JIANGSU NORMAL UNIV, SCH LIFE SCI, INST INTEGRAT PLANT BIOL, XUZHOU 221116, JIANGSU, PEOPLES R CHINA;JIANGSU NORMAL UNIV, SCH LIFE SCI, JIANGSU KEY LAB PHYLOGEN & COMPARAT GENOM, XUZHOU 221116, JIANGSU, PEOPLES R CHINA;CHINA AGR UNIV, COLL HORT, BEIJING KEY LAB DEV & QUAL CONTROL ORNAMENTAL CRO, BEIJING 100193, PEOPLES R CHINA;CHINESE ACAD AGR SCI CAAS, JIANGSU XUZHOU SWEETPOTATO RES CTR, XUZHOU 221131, JIANGSU, PEOPLES R CHINA;CHONNAM NATL UNIV, COLL AGR & LIFE SCI, DEPT APPL BIOL, GWANGJU 61186, SOUTH KOREA;SICHUAN AGR UNIV, STATE KEY LAB CROP GENE EXPLORAT & UTILIZAT SOUTH, CHENGDU 611130, PEOPLES R CHINA | L164: CHINA AGRICULTURAL UNIVERSITY;SICHUAN AGRICULTURAL UNIVERSITY;JIANGSU NORMAL UNIVERSITY;JIANGSU ACADEMY OF AGRICULTURAL SCIENCES;CHONNAM NATIONAL UNIVERSITY;CHINESE ACADEMY OF AGRICULTURAL SCIENCES; | M164: 2023 | N164: =VLOOKUP(B164,Sheet2!A:O,13,FALSE) -> 龙田丹:10 | O164: =VLOOKUP(C164,Sheet2!B:O,13,FALSE) -> 西南作物基因资源发掘与利用国家重点实验室 | P164: =VLOOKUP(D164,Sheet2!C:O,13,FALSE) -> 高被引论文
A165: 159 | B165: WOS:000923214300001 | C165: 10.1016/j.meatsci.2022.109085 | D165: MEDLINE:36640716 | E165: PREPARATION AND CHARACTERIZATION OF CARBOXYMETHYL CHITOSAN/PULLULAN COMPOSITE FILM INCORPORATED WITH EUGENOL AND ITS APPLICATION IN THE PRESERVATION OF CHILLED MEAT | F165: ZENG, Z;YANG, YJ;TU, Q;JIAN, YY;XIE, DM;BAI, T;LI, SS;LIU, YT;LI, C;WANG, CX;LIU, AP | G165: MEAT SCIENCE 198: - APR 2023 | H165: AGRICULTURAL SCIENCES | I165: 71 | J165: CHINA MAINLAND; | K165: SICHUAN AGR UNIV, COLL FOOD SCI, YAAN 625014, PEOPLES R CHINA;CHENGDU UNIV, MEAT PROC KEY LAB SICHUAN PROV, CHENGDU 610106, PEOPLES R CHINA | L165: CHENGDU UNIVERSITY;SICHUAN AGRICULTURAL UNIVERSITY; | M165: 2023 | N165: =VLOOKUP(B165,Sheet2!A:O,13,FALSE) -> Zeng, Z (Zeng, Zhen):1通讯作者; Yang, YJ (Yang, Yu-Jing):2; Tu, Q (Tu, Qian):3; Jian, YY (Jian, Yu-Ying):4 ; Xie, DM (Xie, Da -Ming):5; Li, SS (Li, Shan -Shan):7; 刘韫滔:8 ; Li, C (Li, Cheng):9; Wang, CX (Wang, Cai-Xia) :10; 刘爱平:11 | O165: =VLOOKUP(C165,Sheet2!B:O,13,FALSE) -> 食品学院 | P165: =VLOOKUP(D165,Sheet2!C:O,13,FALSE) -> 高被引论文
A166: 160 | B166: WOS:000936687000001 | C166: 10.1016/j.foodchem.2023.135640 | D166: MEDLINE:36758385 | E166: DEEP LEARNING-ASSISTED SMARTPHONE-BASED PORTABLE AND VISUAL RATIOMETRIC FLUORESCENCE DEVICE INTEGRATED INTELLIGENT GEL LABEL FOR AGRO-FOOD FRESHNESS DETECTION | F166: LU, ZW;LI, MJ;CHEN, MT;WANG, QR;WU, C;SUN, MM;SU, GH;WANG, XX;WANG, YY;ZHOU, XG;YE, JS;LIU, T;RAO, HB | G166: FOOD CHEMISTRY 413: - JUL 1 2023 | H166: AGRICULTURAL SCIENCES | I166: 69 | J166: CHINA MAINLAND; | K166: SICHUAN AGR UNIV, COLL SCI, XIN KANG RD, YAAN 625014, PEOPLES R CHINA;CHINA UNIV GEOSCI, SCH MECH ENGN & ELECT INFORMAT, WUHAN 430074, PEOPLES R CHINA;SHENZHEN NTEK TESTING TECHNOL CO LTD, SHENZHEN 518000, PEOPLES R CHINA;SOUTH CHINA UNIV TECHNOL, SCH CHEM & CHEM ENGN, GUANGZHOU 510641, PEOPLES R CHINA;SICHUAN AGR UNIV, COLL INFORMAT ENGN, XIN KANG RD, YAAN 625014, PEOPLES R CHINA | L166: CHINA UNIVERSITY OF GEOSCIENCES;SOUTH CHINA UNIVERSITY OF TECHNOLOGY;SICHUAN AGRICULTURAL UNIVERSITY;SHENZHEN NTEK TESTING TECHNOL CO LTD; | M166: 2023 | N166: =VLOOKUP(B166,Sheet2!A:O,13,FALSE) -> 鲁志伟:1共同通讯作者; Li, MJ (Li, Mengjiao):2; Chen, MT (Chen, Maoting):3; Wu, C (Wu, Chun):5; Sun, MM (Sun, Mengmeng):6; Su, GH (Su, Gehong):7; Wang, XX (Wang, Xianxiang):8; Wang, YY (Wang, Yanying) :9; Liu, T (Liu, Tao):12共同通讯作者;饶含兵:13共同通讯作者 | O166: =VLOOKUP(C166,Sheet2!B:O,13,FALSE) -> 理学院 | P166: =VLOOKUP(D166,Sheet2!C:O,13,FALSE) -> 高被引论文
A167: 161 | B167: WOS:001218611900001 | C167: 10.1016/j.jclepro.2024.141817 | D167: NA | E167: RESEARCH ON THE MECHANISMS OF THE DIGITAL TRANSFORMATION OF MANUFACTURING ENTERPRISES FOR CARBON EMISSIONS REDUCTION | F167: CHEN, J;GUO, ZG;LEI, ZJ | G167: JOURNAL OF CLEANER PRODUCTION 449: - APR 10 2024 | H167: ENGINEERING | I167: 69 | J167: CHINA MAINLAND; | K167: SICHUAN AGR UNIV, BUSINESS & TOURISM SCH, CHENGDU 510100, PEOPLES R CHINA;CHONGQING TECHNOL & BUSINESS UNIV, COLL BUSINESS ADM, CHONGQING 500000, PEOPLES R CHINA | L167: CHONGQING TECHNOLOGY & BUSINESS UNIVERSITY;SICHUAN AGRICULTURAL UNIVERSITY; | M167: 2024 | N167: =VLOOKUP(B167,Sheet2!A:O,13,FALSE) -> 陈娟:1;郭志广:2通讯作者 | O167: =VLOOKUP(C167,Sheet2!B:O,13,FALSE) -> 商旅学院 | P167: =VLOOKUP(D167,Sheet2!C:O,13,FALSE) -> 高被引论文
A168: 162 | B168: WOS:000770975300004 | C168: 10.1016/j.molp.2021.12.001 | D168: MEDLINE:34883279 | E168: FROM GREEN SUPER RICE TO GREEN AGRICULTURE: REAPING THE PROMISE OF FUNCTIONAL GENOMICS RESEARCH | F168: YU, SB;ALI, J;ZHOU, SC;REN, GJ;XIE, HA;XU, JL;YU, XQ;ZHOU, FS;PENG, SB;MA, LY;YUAN, DY;LI, ZF;CHEN, DZ;ZHENG, RF;ZHAO, ZG;CHU, CC;YOU, AQ;WEI, Y;ZHU, SS;GU, QY;HE, GC;LI, SG;LIU, GF;LIU, CH;ZHANG, CP;XIAO, JH;LUO, LJ;LI, ZK;ZHANG, QF | G168: MOLECULAR PLANT 15 (1): 9-26 JAN 3 2022 | H168: PLANT & ANIMAL SCIENCE | I168: 69 | J168: CHINA MAINLAND;PHILIPPINES; | K168: HUAZHONG AGR UNIV, NATL KEY LAB CROP GENET IMPROVEMENT, HUBEI HONGSHAN LAB, WUHAN 430070, PEOPLES R CHINA;INT RICE RES INST, DAPO BOX 7777, MANILA, PHILIPPINES;GUANGDONG ACAD AGR SCI, GUANGZHOU, PEOPLES R CHINA;SICHUAN ACAD AGR SCI, CHENGDU, PEOPLES R CHINA;FUJIAN ACAD AGR SCI, FUZHOU, PEOPLES R CHINA;CHINESE ACAD AGR SCI, INST CROP SCI, BEIJING, PEOPLES R CHINA;SHANGHAI AGROBIOL GENE CTR, SHANGHAI, PEOPLES R CHINA;CHINA NATL SEED GRP CO LTD, BEIJING, PEOPLES R CHINA;CHINA NATL RICE RES INST, HANGZHOU, PEOPLES R CHINA;HUNAN NATL HYBRID RICE CTR, CHANGSHA, PEOPLES R CHINA;ANHUI ACAD AGR SCI, HEFEI, PEOPLES R CHINA;JIANGXI ACAD AGR SCI, NANCHANG, JIANGXI, PEOPLES R CHINA;NANJING AGR UNIV, NANJING, PEOPLES R CHINA;CHINESE ACAD SCI, INNOVAT ACAD SEED DESIGN, INST GENET & DEV BIOL, STATE KEY LAB PLANT GENOM, BEIJING, PEOPLES R CHINA;HUBEI ACAD AGR SCI, WUHAN, PEOPLES R CHINA;GUANGXI ACAD AGR SCI, NANNING, PEOPLES R CHINA;GUIZHOU ACAD AGR SCI, GUIYANG, PEOPLES R CHINA;YUNNAN ACAD AGR SCI, KUNMING, YUNNAN, PEOPLES R CHINA;WUHAN UNIV, WUHAN, PEOPLES R CHINA;SICHUAN AGR UNIV, CHENGDU, PEOPLES R CHINA;HEILONGJIANG ACAD AGR SCI, HARBIN, PEOPLES R CHINA;ANHUI AGR UNIV, COLL AGRON, HEFEI, PEOPLES R CHINA;WUHAN GREENFAFA INST NOVEL GENECHIP R&D, WUHAN, PEOPLES R CHINA | L168: ANHUI ACADEMY OF AGRICULTURAL SCIENCES;YUNNAN ACADEMY OF AGRICULTURAL SCIENCES;WUHAN UNIVERSITY;WUHAN GREENFAFA INST NOVEL GENECHIP R&D;SICHUAN AGRICULTURAL UNIVERSITY;SICHUAN ACADEMY OF AGRICULTURAL SCIENCES (SAAS);SHANGHAI ACADEMY OF AGRICULTURAL SCIENCES;NANJING AGRICULTURAL UNIVERSITY;JIANGXI ACADEMY OF AGRICULTURAL SCIENCES;INTERNATIONAL RICE RESEARCH INSTITUTE (IRRI);INSTITUTE OF GENETICS & DEVELOPMENTAL BIOLOGY, CAS;INSTITUTE OF CROP SCIENCES, CAAS;HUNAN NATL HYBRID RICE CTR;HUBEI HONGSHAN LABORATORY;HUBEI ACADEMY OF AGRICULTURAL SCIENCES;HUAZHONG AGRICULTURAL UNIVERSITY;HEILONGJIANG ACADEMY OF AGRICULTURAL SCIENCES;GUIZHOU ACADEMY OF AGRICULTURAL SCIENCES;GUANGXI ACADEMY OF AGRICULTURAL SCIENCES;GUANGDONG ACADEMY OF AGRICULTURAL SCIENCES;FUJIAN ACADEMY OF AGRICULTURAL SCIENCES;CHINESE ACADEMY OF SCIENCES;CHINESE ACADEMY OF AGRICULTURAL SCIENCES;CHINA NATL SEED GRP CO LTD;CHINA NATIONAL RICE RESEARCH INSTITUTE, CAAS;CGIAR;ANHUI AGRICULTURAL UNIVERSITY; | M168: 2022 | N168: =VLOOKUP(B168,Sheet2!A:O,13,FALSE) -> 李仕贵:22 | O168: =VLOOKUP(C168,Sheet2!B:O,13,FALSE) -> 水稻研究所 | P168: =VLOOKUP(D168,Sheet2!C:O,13,FALSE) -> 高被引论文
A169: 163 | B169: WOS:000885640200001 | C169: 10.3389/fpls.2022.1006720 | D169: MEDLINE:36407615 | E169: MAIZE/SOYBEAN STRIP INTERCROPPING PRODUCES HIGHER CROP YIELDS AND SAVES WATER UNDER SEMI-ARID CONDITIONS | F169: RAZA, MA;YASIN, HS;GUL, H;QIN, RJ;DIN, AMU;KHALID, MHB;HUSSAIN, S;GITARI, H;SAEED, A;WANG, J;REZAEI-CHIYANEH, E;EL SABAGH, A;MANZOOR, A;FATIMA, A;AHMAD, S;YANG, F;SKALICKY, M;YANG, WY | G169: FRONTIERS IN PLANT SCIENCE 13: - NOV 1 2022 | H169: PLANT & ANIMAL SCIENCE | I169: 68 | J169: CHINA MAINLAND;USA;TURKEY;PAKISTAN;KENYA;IRAN;CZECH REPUBLIC; | K169: ISLAMIA UNIV BAHAWALPUR, NATL RES CTR INTERCROPPING, BAHAWALPUR, PAKISTAN;SICHUAN AGR UNIV, COLL AGRON, CHENGDU, PEOPLES R CHINA;GANSU ACAD AGR SCI, LANZHOU, GANSU, PEOPLES R CHINA;PIR MEHAR ALI SHAH ARID AGR UNIV, NATL CTR IND BIOTECHNOL, RAWALPINDI, PAKISTAN;OREGON STATE UNIV, HERMISTON AGR RES & EXTENS CTR, HERMISTON, OR USA;NANJING AGR UNIV, COLL AGR, NANJING, PEOPLES R CHINA;KENYATTA UNIV, SCH AGR & ENTERPRISE DEV, DEPT AGR SCI & TECHNOL, NAIROBI, KENYA;NORTHWEST UNIV, COLL URBAN & ENVIRONM SCI, SHAANXI KEY LAB EARTH SURFACE SYST & ENVIRONM CARR, XIAN, PEOPLES R CHINA;URMIA UNIV, FAC AGR, DEPT PLANT PROD & GENET, ORUMIYEH, IRAN;SIIRT UNIV, FAC AGR, DEPT FIELD CROPS, SIIRT, TURKEY;MUHAMMAD NAWAZ SHARIF UNIV AGR, INST PLANT BREEDING & BIOTECHNOL, MULTAN, PAKISTAN;BAHAUDDIN ZAKARIYA UNIV, DEPT AGRON, MULTAN, PAKISTAN;CZECH UNIV LIFE SCI PRAGUE, FAC AGROBIOL FOOD & NAT RESOURCES, DEPT BOT & PLANT PHYSIOL, PRAGUE, CZECH REPUBLIC | L169: BAHAUDDIN ZAKARIYA UNIVERSITY;URMIA UNIVERSITY;SIIRT UNIVERSITY;SICHUAN AGRICULTURAL UNIVERSITY;PIR MEHAR ALI SHAH ARID AGR UNIV;OREGON STATE UNIVERSITY;NORTHWEST UNIVERSITY XI&APOS;AN;NANJING AGRICULTURAL UNIVERSITY;MUHAMMAD NAWAZ SHARIF UNIV AGR;KENYATTA UNIVERSITY;ISLAMIA UNIVERSITY OF BAHAWALPUR;GANSU ACADEMY OF AGRICULTURAL SCIENCES;CZECH UNIVERSITY OF LIFE SCIENCES PRAGUE; | M169: 2022 | N169: Raza, Muhammad Ali:1; Khalid, Muhammad Hayder Bin:6; Hussain, Sajad:7; Yang, Feng:16; Yang, Wenyu:18&通讯作者 | O169: 农学院 | P169: 高被引论文
A170: 164 | B170: WOS:001139536800007 | C170: 10.1038/s41467-023-44685-y | D170: MEDLINE:38195574 | E170: MANAGING URBAN DEVELOPMENT COULD HALVE NITROGEN POLLUTION IN CHINA | F170: DENG, OP;WANG, ST;RAN, JY;HUANG, S;ZHANG, XM;DUAN, JK;ZHANG, L;XIA, YQ;REIS, S;XU, JY;XU, JM;DE VRIES, W;SUTTON, MA;GU, BJ | G170: NATURE COMMUNICATIONS 15 (1): - JAN 9 2024 | H170: ENVIRONMENT/ECOLOGY | I170: 68 | J170: CHINA MAINLAND;SCOTLAND;NETHERLANDS;GERMANY (FED REP GER); | K170: ZHEJIANG UNIV, COLL ENVIRONM & RESOURCE SCI, HANGZHOU 310058, PEOPLES R CHINA;SICHUAN AGR UNIV, COLL RESOURCES, CHENGDU 611130, PEOPLES R CHINA;ZHEJIANG UNIV, POLICY SIMULAT LAB, HANGZHOU 310058, PEOPLES R CHINA;PEKING UNIV, SCH PHYS, DEPT ATMOSPHER & OCEAN SCI, BEIJING 100871, PEOPLES R CHINA;CHINESE ACAD SCI, INST SOIL SCI, STATE KEY LAB SOIL & SUSTAINABLE AGR, CHANGSHU NATL AGROECOSYST OBSERVAT & RES STN, NANJING 210008, PEOPLES R CHINA;DLR PROJEKTTRAEGER, GERMAN AEROSP CTR PROJECT FUNDING AGCY, UNIT ENVIRONM & SUSTAINABIL, D-53227 BONN, GERMANY;ZHEJIANG UNIV, ZHEJIANG PROV KEY LAB AGR RESOURCES & ENVIRONM, HANGZHOU 310058, PEOPLES R CHINA;WAGENINGEN UNIV & RES, ENVIRONM SYST ANAL GRP, 91016700HB, WAGENINGEN, NETHERLANDS;UK CTR ECOL & HYDROL, BUSH ESTATE, PENICUIK EH26 0QB, MIDLOTHIAN, SCOTLAND;ZHEJIANG UNIV, KEY LAB ENVIRONM REMEDIAT & ECOL HLTH, MINIST EDUC, HANGZHOU 310058, PEOPLES R CHINA | L170: CHINESE ACADEMY OF SCIENCES;ZHEJIANG UNIVERSITY;WAGENINGEN UNIVERSITY & RESEARCH;UK CENTRE FOR ECOLOGY & HYDROLOGY (UKCEH);SICHUAN AGRICULTURAL UNIVERSITY;PEKING UNIVERSITY;NANJING INSTITUTE OF SOIL SCIENCE, CAS;DLR PROJEKTTRAEGER; | M170: 2024 | N170: =VLOOKUP(B170,Sheet2!A:O,13,FALSE) -> 邓欧平:1;Ran, JY (Ran, Jiangyou):3;Huang, S (Huang, Shuai):4 | O170: =VLOOKUP(C170,Sheet2!B:O,13,FALSE) -> 资源学院 | P170: =VLOOKUP(D170,Sheet2!C:O,13,FALSE) -> 高被引论文
A171: 165 | B171: WOS:000997017500002 | C171: 10.1057/s41599-023-01724-9 | D171: NA | E171: MECHANISM OF ATTITUDE, SUBJECTIVE NORMS, AND PERCEIVED BEHAVIORAL CONTROL INFLUENCE THE GREEN DEVELOPMENT BEHAVIOR OF CONSTRUCTION ENTERPRISES | F171: LI, XW;DAI, JC;ZHU, XW;LI, JR;HE, JR;HUANG, YC;LIU, X;SHEN, Q | G171: HUMANITIES & SOCIAL SCIENCES COMMUNICATIONS 10 (1): - MAY 29 2023 | H171: SOCIAL SCIENCES, GENERAL | I171: 67 | J171: CHINA MAINLAND;ENGLAND; | K171: SICHUAN AGR UNIV, COLL ARCHITECTURE & URBAN RURAL PLANNING, CHENGDU 611830, PEOPLES R CHINA;JIANGSU UNIV, SCH MANAGEMENT, ZHENJIANG 212013, PEOPLES R CHINA;CRANFIELD UNIV, CTR DESIGN, CRANFIELD MK43 0AL, BEDS, ENGLAND | L171: CRANFIELD UNIVERSITY;SICHUAN AGRICULTURAL UNIVERSITY;JIANGSU UNIVERSITY; | M171: 2023 | N171: =VLOOKUP(B171,Sheet2!A:O,13,FALSE) -> 李星苇:1;Dai, JC (Dai, Jiachi):2;Li, JR (Li, Jingru):4;He, JR (He, Jinrong):5;Huang, YC (Huang, Yicheng):6; Liu, X (Liu, Xiang):7;Shen, Q (Shen, Qiong):8通讯作者 | O171: =VLOOKUP(C171,Sheet2!B:O,13,FALSE) -> 建筑与城乡规划学院 | P171: =VLOOKUP(D171,Sheet2!C:O,13,FALSE) -> 高被引论文
A172: 166 | B172: WOS:000779074000002 | C172: 10.1016/j.aninu.2021.06.012 | D172: MEDLINE:34988307 | E172: DIETARY LYCOPENE SUPPLEMENTATION IMPROVES MEAT QUALITY, ANTIOXIDANT CAPACITY AND SKELETAL MUSCLE FIBER TYPE TRANSFORMATION IN FINISHING PIGS | F172: WEN, WX;CHEN, XL;HUANG, ZQ;CHEN, DW;YU, B;HE, J;LUO, YH;YAN, H;CHEN, H;ZHENG, P;YU, J | G172: ANIMAL NUTRITION 8: 256-264 MAR 2022 | H172: PLANT & ANIMAL SCIENCE | I172: 67 | J172: CHINA MAINLAND; | K172: SICHUAN AGR UNIV, INST ANIM NUTR, KEY LAB ANIM DIS RESISTANCE NUTR, CHINA MINIST EDUC, CHENGDU 611130, SICHUAN, PEOPLES R CHINA;SICHUAN AGR UNIV, COLL FOOD SCI, YAAN 625014, SICHUAN, PEOPLES R CHINA | L172: SICHUAN AGRICULTURAL UNIVERSITY; | M172: 2022 | N172: =VLOOKUP(B172,Sheet2!A:O,13,FALSE) -> Wen, WX (Wen, Wanxue):1; Chen, XL (Chen, Xiaoling):2;黄志清:3通讯作者;陈代文:4;余冰:5;何军:6;罗玉衡:7;阎辉:8; Chen, H (Chen, Hong):9;郑萍:10;虞洁:11 | O172: =VLOOKUP(C172,Sheet2!B:O,13,FALSE) -> 动物营养研究所 | P172: =VLOOKUP(D172,Sheet2!C:O,13,FALSE) -> 高被引论文
A173: 167 | B173: WOS:001270971000001 | C173: 10.1002/advs.202308176 | D173: MEDLINE:39024521 | E173: LIMITING RESOURCES DEFINE THE GLOBAL PATTERN OF SOIL MICROBIAL CARBON USE EFFICIENCY | F173: CUI, YX;HU, JX;PENG, SS;DELGADO-BAQUERIZO, M;MOORHEAD, DL;SINSABAUGH, RL;XU, XF;GEYER, KM;FANG, LC;SMITH, P;PEÑUELAS, J;KUZYAKOV, Y;CHEN, J | G173: ADVANCED SCIENCE 11 (35): - SEP 2024 | H173: PHYSICS | I173: 66 | J173: CHINA MAINLAND;USA;SPAIN;SCOTLAND;RUSSIA;GERMANY (FED REP GER);DENMARK; | K173: FREE UNIV BERLIN, INST BIOL, D-14195 BERLIN, GERMANY;AARHUS UNIV, DEPT AGROECOL, DK-8830 TJELE, DENMARK;PEKING UNIV, SINO FRENCH INST EARTH SYST SCI, COLL URBAN & ENVIRONM SCI, BEIJING 100871, PEOPLES R CHINA;SICHUAN AGR UNIV, COLL FORESTRY, CHENGDU 611130, PEOPLES R CHINA;INST RECURSOS NAT & AGROBIOL SEVILLA IRNAS, LAB BIODIVERS & FUNCIONAMIENTO ECOSISTEM, CSIC, AV REINA MERCEDES 10, E-41012 SEVILLE, SPAIN;UNIV TOLEDO, DEPT ENVIRONM SCI, TOLEDO, OH 43606 USA;UNIV NEW MEXICO, DEPT BIOL, ALBUQUERQUE, NM 87131 USA;SAN DIEGO STATE UNIV, DEPT BIOL, SAN DIEGO, CA 92182 USA;YOUNG HARRIS COLL, DEPT BIOL, YOUNG HARRIS, GA 30582 USA;WUHAN UNIV TECHNOL, SCH RESOURCE & ENVIRONM ENGN, WUHAN 430070, PEOPLES R CHINA;UNIV ABERDEEN, INST BIOL & ENVIRONM SCI, 23 ST MACHAR DR, ABERDEEN AB24 3UU, SCOTLAND;UAB BELLATERRA, GLOBAL ECOL UNIT CREAF, CSIC, ,CATALONIA, BARCELONA 08913, CATALONIA, SPAIN;CREAF, CERDANYOLA VALLES 08913, CATALONIA 08193, BARCELONA, SPAIN;UNIV GOETTINGEN, DEPT SOIL SCI TEMPERATE ECOSYST, DEPT AGR SOIL SCI, D-37077 GOTTINGEN, GERMANY;RUDN UNIV, PEOPLES FRIENDSHIP UNIV RUSSIA, MOSCOW 117198, RUSSIA;CHINESE ACAD SCI, INST EARTH ENVIRONM, STATE KEY LAB LOESS & QUATERNARY GEOL, XIAN 710061, PEOPLES R CHINA;XI AN JIAO TONG UNIV, INST GLOBAL ENVIRONM CHANGE, SCH HUMAN SETTLEMENTS & CIVIL ENGN, DEPT EARTH & ENVIRONM SCI, XIAN 710049, SHAANXI, PEOPLES R CHINA | L173: AARHUS UNIVERSITY;YOUNG HARRIS COLL;XI&APOS;AN JIAOTONG UNIVERSITY;WUHAN UNIVERSITY OF TECHNOLOGY;UNIVERSITY SYSTEM OF OHIO;UNIVERSITY OF TOLEDO;UNIVERSITY OF NEW MEXICO;UNIVERSITY OF GOTTINGEN;UNIVERSITY OF ABERDEEN;SICHUAN AGRICULTURAL UNIVERSITY;SAN DIEGO STATE UNIVERSITY;PEOPLES FRIENDSHIP UNIVERSITY OF RUSSIA;PEKING UNIVERSITY;INSTITUTE OF EARTH ENVIRONMENT, CAS;FREE UNIVERSITY OF BERLIN;CSIC - INSTITUTO DE RECURSOS NATURALES Y AGROBIOLOGIA DE SEVILLA (IRNAS);CONSEJO SUPERIOR DE INVESTIGACIONES CIENTIFICAS (CSIC);CHINESE ACADEMY OF SCIENCES;CENTRO DE INVESTIGACION ECOLOGICA Y APLICACIONES FORESTALES (CREAF-CERCA);CALIFORNIA STATE UNIVERSITY SYSTEM;AUTONOMOUS UNIVERSITY OF BARCELONA; | M173: 2024 | N173: =VLOOKUP(B173,Sheet2!A:O,13,FALSE) -> 胡峻嶍:2 | O173: =VLOOKUP(C173,Sheet2!B:O,13,FALSE) -> 林学院 | P173: =VLOOKUP(D173,Sheet2!C:O,13,FALSE) -> 高被引论文
A174: 168 | B174: WOS:000765399200009 | C174: 10.1016/j.aquaculture.2021.737816 | D174: NA | E174: HIGH-CARBOHYDRATE DIET ALTERED CONVERSION OF METABOLITES, AND DETERIORATED HEALTH IN JUVENILE LARGEMOUTH BASS | F174: ZHAO, LL;LIAO, L;TANG, XH;LIANG, J;LIU, Q;LUO, W;ADAM, AA;LUO, J;LI, ZQ;YANG, S;RAHIMNEJAD, S | G174: AQUACULTURE 549: - FEB 25 2022 | H174: PLANT & ANIMAL SCIENCE | I174: 66 | J174: CHINA MAINLAND;CZECH REPUBLIC; | K174: SICHUAN AGR UNIV, COLL ANIM SCI & TECHNOL, CHENGDU 611130, SICHUAN, PEOPLES R CHINA;UNIV SOUTH BOHEMIA CESKE BUDEJOVICE, FAC FISHERIES & PROTECT WATERS, SOUTH BOHEMIAN RES CTR AQUACULTURE & BIODIVERS HY, ZATISI 728-2, VODNANY 38925, CZECH REPUBLIC | L174: SICHUAN AGRICULTURAL UNIVERSITY;UNIVERSITY OF SOUTH BOHEMIA CESKE BUDEJOVICE; | M174: 2022 | N174: Zhao, Liulan:1; Liao, Lei:2; Tang, Xiaohong:3; Liang, Ji:4; Liu, Qiao:5; Luo, Wei:6; Adam, Ahmed Abdi:7; Luo, Jie:8; Li, Zhiqiong:9; Yang, Song:10&通讯作者 | O174: 动物科技学院 | P174: 高被引论文
A175: 169 | B175: WOS:000923773000001 | C175: 10.1016/j.jrurstud.2022.12.027 | D175: NA | E175: DOES LABOUR MIGRATION NECESSARILY PROMOTE FARMERS LAND TRANSFER-IN?- EMPIRICAL EVIDENCE FROM CHINAS RURAL PANEL DATA | F175: HUANG, K;CAO, S;QING, C;XU, DD;LIU, SQ | G175: JOURNAL OF RURAL STUDIES 97: 534-549 JAN 2023 | H175: SOCIAL SCIENCES, GENERAL | I175: 66 | J175: CHINA MAINLAND; | K175: CHINESE ACAD SCI, INST MT HAZARDS & ENVIRONM, CHENGDU 610041, PEOPLES R CHINA;MINIST WATER RESOURCES, CHENGDU 610041, PEOPLES R CHINA;UNIV CHINESE ACAD SCI, BEIJING 100049, PEOPLES R CHINA;SHANDONG NORMAL UNIV, COLL GEOG & ENVIRONM, JINAN 250014, PEOPLES R CHINA;SICHUAN AGR UNIV, COLL MANAGEMENT, CHENGDU 611130, PEOPLES R CHINA;SICHUAN AGR UNIV, COLL MANAGEMENT, SICHUAN CTR RURAL DEV RES, CHENGDU 611130, PEOPLES R CHINA | L175: CHINESE ACADEMY OF SCIENCES;UNIVERSITY OF CHINESE ACADEMY OF SCIENCES, CAS;SICHUAN AGRICULTURAL UNIVERSITY;SHANDONG NORMAL UNIVERSITY;MINIST WATER RESOURCES;INSTITUTE OF MOUNTAIN HAZARDS & ENVIRONMENT, CAS; | M175: 2023 | N175: =VLOOKUP(B175,Sheet2!A:O,13,FALSE) -> Qing, C (Qing, Chen):3 ;徐定德:4 共同通讯作者 | O175: =VLOOKUP(C175,Sheet2!B:O,13,FALSE) -> 管理学院 | P175: =VLOOKUP(D175,Sheet2!C:O,13,FALSE) -> 高被引论文
A176: 170 | B176: WOS:001050093300001 | C176: 10.1016/j.foodcont.2023.109988 | D176: NA | E176: PORK PRESERVATION BY ANTIMICROBIAL FILMS BASED ON POTATO STARCH (PS) AND POLYVINYL ALCOHOL (PVA) AND INCORPORATED WITH CLOVE ESSENTIAL OIL (CLO) PICKERING EMULSION | F176: ZHAO, ZH;LIU, HL;TANG, JY;HE, BB;YU, HR;XU, XQ;LI, C;WANG, CX;LIU, YT;SU, YH;CHEN, SY | G176: FOOD CONTROL 154: - DEC 2023 | H176: AGRICULTURAL SCIENCES | I176: 66 | J176: CHINA MAINLAND; | K176: SICHUAN AGR UNIV, COLL FOOD SCI, 46 XIN KANG RD, YAAN 625014, SICHUAN, PEOPLES R CHINA;FUJIAN POLYTECH NORMAL UNIV, SCH MAT & ENVIRONM ENGN, FUQING 350300, FUJIAN, PEOPLES R CHINA | L176: FUJIAN POLYTECHNIC NORMAL UNIVERSITY;SICHUAN AGRICULTURAL UNIVERSITY; | M176: 2023 | N176: =VLOOKUP(B176,Sheet2!A:O,13,FALSE) -> Zhao, ZH (Zhao, Zhenghe):1; Liu, HL (Liu, Honglin):2; Tang, JY (Tang, Junyang):3; He, BB (He, Binbin):4; Yu, HR (Yu, Huirong):5; Xu, XQ (Xu, Xiaoqing):6; Li, C (Li, Cheng):7; Wang, CX (Wang, Caixia):8; Liu, YT (Liu, Yuntao):9;Chen, SY (Chen, Saiyan):11通讯作者 | O176: =VLOOKUP(C176,Sheet2!B:O,13,FALSE) -> 食品学院 | P176: =VLOOKUP(D176,Sheet2!C:O,13,FALSE) -> 高被引论文
A177: 171 | B177: WOS:001155961400001 | C177: 10.1016/j.compag.2023.108577 | D177: NA | E177: A RESEARCH REVIEW ON DEEP LEARNING COMBINED WITH HYPERSPECTRAL IMAGING IN MULTISCALE AGRICULTURAL SENSING | F177: SHUAI, LY;LI, ZY;CHEN, Z;LUO, DT;MU, J | G177: COMPUTERS AND ELECTRONICS IN AGRICULTURE 217: - FEB 2024 | H177: COMPUTER SCIENCE | I177: 62 | J177: CHINA MAINLAND; | K177: SICHUAN AGR UNIV, COLL INFORMAT ENGN, YAAN 625000, PEOPLES R CHINA;YAAN DIGITAL AGR ENGN TECHNOL RES CTR, YAAN 625000, PEOPLES R CHINA;SICHUAN AGR UNIV, COLL LAW, YAAN 625000, PEOPLES R CHINA;SUINING AGR & RURAL AFFAIRS BUR, SUINING 629000, PEOPLES R CHINA | L177: SICHUAN AGRICULTURAL UNIVERSITY;YAAN DIGITAL AGR ENGN TECHNOL RES CTR;SUINING AGR & RURAL AFFAIRS BUR; | M177: 2024 | N177: =VLOOKUP(B177,Sheet2!A:O,13,FALSE) -> Shuai, LY (Shuai, Luyu):1共同通讯作者; Li, ZY (Li, Zhiyong):2; Chen, Z (Chen, Ziao):3; Mu, J (Mu, Jiong):5共同通讯作者 | O177: =VLOOKUP(C177,Sheet2!B:O,13,FALSE) -> 信息工程学院 | P177: =VLOOKUP(D177,Sheet2!C:O,13,FALSE) -> 高被引论文
A178: 172 | B178: WOS:001050454400001 | C178: 10.1093/plcell/koad214 | D178: MEDLINE:37542517 | E178: THE TRANSCRIPTION FACTOR ERF108 INTERACTS WITH AUXIN RESPONSE FACTORS TO MEDIATE COTTON FIBER SECONDARY CELL WALL BIOSYNTHESIS | F178: WANG, Y;LI, Y;HE, SP;XU, SW;LI, L;ZHENG, Y;LI, XB | G178: PLANT CELL 35 (11): 4133-4154 OCT 30 2023 | H178: PLANT & ANIMAL SCIENCE | I178: 61 | J178: CHINA MAINLAND; | K178: CENT CHINA NORMAL UNIV, SCH LIFE SCI, HUBEI KEY LAB GENET REGULAT & INTEGRAT BIOL, WUHAN 430079, PEOPLES R CHINA;HUAZHONG AGR UNIV, COLL BIOMED & HLTH, WUHAN 430070, PEOPLES R CHINA;HUAZHONG AGR UNIV, COLL LIFE SCI & TECHNOL, WUHAN 430070, PEOPLES R CHINA;SICHUAN AGR UNIV, MAIZE RES INST, WENJIANG 611130, SICHUAN, PEOPLES R CHINA | L178: CENTRAL CHINA NORMAL UNIVERSITY;SICHUAN AGRICULTURAL UNIVERSITY;HUAZHONG AGRICULTURAL UNIVERSITY; | M178: 2023 | N178: =VLOOKUP(B178,Sheet2!A:O,13,FALSE) -> Wang, Y (Wang, Yao):1 | O178: =VLOOKUP(C178,Sheet2!B:O,13,FALSE) -> 玉米研究所 | P178: =VLOOKUP(D178,Sheet2!C:O,13,FALSE) -> 高被引论文
A179: 173 | B179: WOS:000996452000001 | C179: 10.1111/tpj.16279 | D179: MEDLINE:37162381 | E179: CSMYBL2 HOMOLOGS MODULATE THE LIGHT AND TEMPERATURE STRESS-REGULATED ANTHOCYANIN AND CATECHINS BIOSYNTHESIS IN TEA PLANTS (CAMELLIA SINENSIS) | F179: ZHAO, XC;LI, P;ZUO, H;PENG, AQ;LIN, JM;LI, PH;WANG, KB;TANG, Q;TADEGE, M;LIU, ZH;ZHAO, J | G179: PLANT JOURNAL 115 (4): 1051-1070 AUG 2023 | H179: PLANT & ANIMAL SCIENCE | I179: 61 | J179: CHINA MAINLAND;USA; | K179: HUNAN AGR UNIV, COLL HORT, KEY LAB TEA SCI, MINIST EDUC, CHANGSHA 410128, PEOPLES R CHINA;SANYA NANFAN RES INST HAINAN UNIV, HAINAN YAZHOU BAY SEED LAB, SANYA 572025, PEOPLES R CHINA;ANHUI AGR UNIV, STATE KEY LAB TEA PLANT BIOL & UTILIZAT, HEFEI 230036, PEOPLES R CHINA;SICHUAN AGR UNIV, COLL HORT, CHENGDU 611130, PEOPLES R CHINA;OKLAHOMA STATE UNIV, INST AGR BIOSCI, DEPT PLANT & SOIL SCI, 3210 SAM NOBLE PKWY, ARDMORE, OK 73401 USA | L179: ANHUI AGRICULTURAL UNIVERSITY;SICHUAN AGRICULTURAL UNIVERSITY;OKLAHOMA STATE UNIVERSITY SYSTEM;OKLAHOMA STATE UNIVERSITY - STILLWATER;HUNAN AGRICULTURAL UNIVERSITY;HAINAN SEED INDUSTRY LABORATORY; | M179: 2023 | N179: =VLOOKUP(B179,Sheet2!A:O,13,FALSE) -> Tang, Q (Tang, Qian):8 | O179: =VLOOKUP(C179,Sheet2!B:O,13,FALSE) -> 园艺学院 | P179: =VLOOKUP(D179,Sheet2!C:O,13,FALSE) -> 高被引论文
A180: 174 | B180: WOS:001191009800016 | C180: 10.1038/s43016-024-00938-7 | D180: MEDLINE:38528241 | E180: MANAGING FRAGMENTED CROPLANDS FOR ENVIRONMENTAL AND ECONOMIC BENEFITS IN CHINA | F180: DENG, OP;RAN, JY;HUANG, S;DUAN, JK;REIS, S;ZHANG, JB;ZHU, YG;XU, JM;GU, BJ | G180: NATURE FOOD 5 (3): - MAR 2024 | H180: AGRICULTURAL SCIENCES | I180: 60 | J180: CHINA MAINLAND;GERMANY (FED REP GER); | K180: ZHEJIANG UNIV, COLL ENVIRONM & RESOURCE SCI, HANGZHOU, PEOPLES R CHINA;SICHUAN AGR UNIV, COLL RESOURCES, CHENGDU, PEOPLES R CHINA;MINIST NAT RESOURCES, KEY LAB INVEST & MONITORING PROTECT & UTILIZAT CUL, CHENGDU, PEOPLES R CHINA;GERMAN AEROSP CTR PROJECT FUNDING AGCY, UNIT ENVIRONM & SUSTAINABIL, DLR PROJEKTTRAEGER, BONN, GERMANY;INST SOIL SCI, CHINESE ACAD SCI, STATE KEY LAB SOIL & SUSTAINABLE AGR, NANJING, PEOPLES R CHINA;CHINESE ACAD SCI, RES CTR ECOENVIRONM SCI, STATE KEY LAB URBAN & REG ECOL, BEIJING, PEOPLES R CHINA;CHINESE ACAD SCI, INST URBAN ENVIRONM, KEY LAB URBAN ENVIRONM & HLTH, XIAMEN, PEOPLES R CHINA;ZHEJIANG UNIV, ZHEJIANG PROV KEY LAB AGR RESOURCES & ENVIRONM, HANGZHOU, PEOPLES R CHINA;ZHEJIANG UNIV, POLICY SIMULAT LAB, HANGZHOU, PEOPLES R CHINA | L180: CHINESE ACADEMY OF SCIENCES;ZHEJIANG UNIVERSITY;SICHUAN AGRICULTURAL UNIVERSITY;RESEARCH CENTER FOR ECO-ENVIRONMENTAL SCIENCES (RCEES), CAS;NANJING INSTITUTE OF SOIL SCIENCE, CAS;MINISTRY OF NATURAL RESOURCES OF THE PEOPLE&APOS;S REPUBLIC OF CHINA;INSTITUTE OF URBAN ENVIRONMENT, CAS;GERMAN AEROSP CTR PROJECT FUNDING AGCY; | M180: 2024 | N180: =VLOOKUP(B180,Sheet2!A:O,13,FALSE) -> 邓欧平:1;Ran, JY (Ran, Jiangyou):2;Huang, S (Huang, Shuai):3 | O180: =VLOOKUP(C180,Sheet2!B:O,13,FALSE) -> 资源学院 | P180: =VLOOKUP(D180,Sheet2!C:O,13,FALSE) -> 高被引论文
A181: 175 | B181: WOS:001102128500009 | C181: 10.1038/s41467-023-43006-7 | D181: MEDLINE:37938556 | E181: SPATIAL TRANSCRIPTOMICS UNCOVER SUCROSE POST-PHLOEM TRANSPORT DURING MAIZE KERNEL DEVELOPMENT | F181: FU, YX;XIAO, WX;TIAN, L;GUO, LX;MA, GJ;JI, C;HUANG, YC;WANG, HH;WU, XG;YANG, T;WANG, JC;WANG, JR;WU, YR;WANG, WQ | G181: NATURE COMMUNICATIONS 14 (1): - NOV 8 2023 | H181: PLANT & ANIMAL SCIENCE | I181: 59 | J181: CHINA MAINLAND; | K181: SHANGHAI NORMAL UNIV, COLL LIFE SCI, 100 GUILIN RD, SHANGHAI 200233, PEOPLES R CHINA;SHANGHAI INST PLANT PHYSIOL & ECOL, CAS CTR EXCELLENCE MOL PLANT SCI, NATL KEY LAB PLANT MOL GENET, SHANGHAI 200032, PEOPLES R CHINA;SICHUAN AGR UNIV, TRITICEAE RES INST, CHENGDU 611130, PEOPLES R CHINA;UNIV CHINESE ACAD SCI, BEIJING 100049, PEOPLES R CHINA;SICHUAN AGR UNIV, STATE KEY LAB CROP GENE EXPLORAT & UTILIZAT SOUTHW, CHENGDU 611130, PEOPLES R CHINA | L181: CENTER FOR EXCELLENCE IN MOLECULAR PLANT SCIENCES, CAS;UNIVERSITY OF CHINESE ACADEMY OF SCIENCES, CAS;SICHUAN AGRICULTURAL UNIVERSITY;SHANGHAI NORMAL UNIVERSITY;CHINESE ACADEMY OF SCIENCES; | M181: 2023 | N181: =VLOOKUP(B181,Sheet2!A:O,13,FALSE) -> Huang, YC (Huang, Yongcai):7; Yang, T (Yang, Tao):10;Wang, JR (Wang, Jirui):12 | O181: =VLOOKUP(C181,Sheet2!B:O,13,FALSE) -> 西南作物基因资源发掘与利用国家重点实验室 | P181: =VLOOKUP(D181,Sheet2!C:O,13,FALSE) -> 高被引论文
A182: 176 | B182: WOS:001408409300001 | C182: 10.1016/j.cell.2024.10.050 | D182: MEDLINE:39742806 | E182: A SPATIALLY RESOLVED MULTI-OMIC SINGLE-CELL ATLAS OF SOYBEAN DEVELOPMENT | F182: ZHANG, X;LUO, ZL;MARAND, AP;YAN, HD;JANG, H;BANG, S;MENDIETA, JP;MINOW, MAA;SCHMITZ, RJ | G182: CELL 188 (2): 550-567 JAN 23 2025 | H182: MOLECULAR BIOLOGY & GENETICS | I182: 58 | J182: CHINA MAINLAND;USA; | K182: UNIV GEORGIA, DEPT GENET, ATHENS, GA 30602 USA;UNIV MICHIGAN, DEPT MOL CELLULAR & DEV BIOL, ANN ARBOR, MI USA;UNIV GEORGIA, INST BIOINFORMAT, ATHENS, GA USA;SICHUAN AGR UNIV, COLL GRASSLAND SCI & TECHNOL, CHENGDU, PEOPLES R CHINA | L182: SICHUAN AGRICULTURAL UNIVERSITY;UNIVERSITY SYSTEM OF GEORGIA;UNIVERSITY OF MICHIGAN SYSTEM;UNIVERSITY OF MICHIGAN;UNIVERSITY OF GEORGIA; | M182: 2025 | N182: =VLOOKUP(B182,Sheet2!A:O,13,FALSE) -> Yan, HD (Yan, Haidong):4 | O182: =VLOOKUP(C182,Sheet2!B:O,13,FALSE) -> 草业科技学院 | P182: =VLOOKUP(D182,Sheet2!C:O,13,FALSE) -> 高被引论文
A183: 177 | B183: WOS:001330986800001 | C183: 10.1016/j.landusepol.2024.107381 | D183: NA | E183: EFFECT OF FARMLAND SCALE ON AGRICULTURAL GREEN PRODUCTION TECHNOLOGY ADOPTION: EVIDENCE FROM RICE FARMERS IN JIANGSU PROVINCE, CHINA | F183: XU, DD;LIU, Y;LI, YC;LIU, SQ;LIU, GH | G183: LAND USE POLICY 147: - DEC 2024 | H183: SOCIAL SCIENCES, GENERAL | I183: 56 | J183: CHINA MAINLAND; | K183: SICHUAN AGR UNIV, COLL MANAGEMENT, CHENGDU 611130, PEOPLES R CHINA;SICHUAN AGR UNIV, COLL MANAGEMENT, SICHUAN CTR RURAL DEV RES, CHENGDU 611130, PEOPLES R CHINA;CHINESE ACAD SCI, INST MT HAZARDS & ENVIRONM, CHENGDU 610041, PEOPLES R CHINA | L183: CHINESE ACADEMY OF SCIENCES;SICHUAN AGRICULTURAL UNIVERSITY;INSTITUTE OF MOUNTAIN HAZARDS & ENVIRONMENT, CAS; | M183: 2024 | N183: =VLOOKUP(B183,Sheet2!A:O,13,FALSE) -> 徐定德:1; Liu, Y (Liu, Yi) :2; Li, YC (Li, Yichao):3;Liu, GH (Liu, Guihua):5共同通讯作者 | O183: =VLOOKUP(C183,Sheet2!B:O,13,FALSE) -> 管理学院 | P183: =VLOOKUP(D183,Sheet2!C:O,13,FALSE) -> 高被引论文
A184: 178 | B184: WOS:000926938400001 | C184: 10.3389/fpls.2022.1081188 | D184: MEDLINE:36743556 | E184: EXOGENOUS Γ-AMINOBUTYRIC ACID (GABA) MITIGATED SALINITY-INDUCED IMPAIRMENTS IN MUNGBEAN PLANTS BY REGULATING THEIR NITROGEN METABOLISM AND ANTIOXIDANT POTENTIAL | F184: ULLAH, A;ALI, I;NOOR, J;ZENG, FJ;BAWAZEER, S;ELDIN, SM;ASGHAR, MA;JAVED, HH;SALEEM, K;ULLAH, S;ALI, H | G184: FRONTIERS IN PLANT SCIENCE 13: - JAN 18 2023 | H184: PLANT & ANIMAL SCIENCE | I184: 53 | J184: CHINA MAINLAND;USA;SAUDI ARABIA;PAKISTAN;HUNGARY;EGYPT; | K184: CHINESE ACAD SCI, XINJIANG INST ECOL & GEOG, XINJIANG KEY LAB DESERT PLANT ROOT ECOL & VEGETAT, URUMQI, PEOPLES R CHINA;CELE NATL STN OBSERVAT & RES DESERT GRASSLAND ECOS, CELE, PEOPLES R CHINA;UNIV CHINESE ACAD SCI, BEIJING, PEOPLES R CHINA;UNIV SWAT, CTR PLANT SCI & BIODIVERS, CHARBAGH SWAT, PAKISTAN;COLUMBIA UNIV, DEPT GENET & DEV, IRVING MED CTR, NEW YORK, NY 10027 USA;ISLAMIA COLL UNIV, DEPT BOT, PESHAWAR, PAKISTAN;UMM AL QURA UNIV, FAC PHARM, DEPT PHARMACOGNOSY, MECCA, SAUDI ARABIA;FUTURE UNIV EGYPT, FAC ENGN, CTR RES, NEW CAIRO, EGYPT;ELKH, AGR INST, CTR AGR RES, DEPT BIOL RESOURCES, 2 BRUNSZVIK ST, MARTONVASAR, HUNGARY;SICHUAN AGR UNIV, COLL AGRON, CHENGDU, PEOPLES R CHINA;ISLAMIA UNIV BAHAWALPUR, DEPT HORT SCI, BAHAWALPUR, PAKISTAN;UNIV PESHAWAR, DEPT BOT, PESHAWAR, PAKISTAN | L184: CELE NATL STN OBSERVAT & RES DESERT GRASSLAND ECOS;XINJIANG INSTITUTE OF ECOLOGY & GEOGRAPHY, CAS;WEILL CORNELL MEDICINE;UNIVERSITY OF PESHAWAR;UNIVERSITY OF CHINESE ACADEMY OF SCIENCES, CAS;UNIV SWAT;UMM AL-QURA UNIVERSITY;SICHUAN AGRICULTURAL UNIVERSITY;NEWYORK-PRESBYTERIAN HOSPITAL;ISLAMIA UNIVERSITY OF BAHAWALPUR;HUN-REN CENTRE FOR AGRICULTURAL RESEARCH;HUN-REN;FUTURE UNIVERSITY IN EGYPT;EGYPTIAN KNOWLEDGE BANK (EKB);CORNELL UNIVERSITY;COLUMBIA UNIVERSITY;CHINESE ACADEMY OF SCIENCES; | M184: 2023 | N184: =VLOOKUP(B184,Sheet2!A:O,13,FALSE) -> Javed, HH (Javed, Hafiz Hassan):8 | O184: =VLOOKUP(C184,Sheet2!B:O,13,FALSE) -> 农学院 | P184: =VLOOKUP(D184,Sheet2!C:O,13,FALSE) -> 高被引论文
A185: 179 | B185: WOS:001446781500001 | C185: 10.1002/adma.202502220 | D185: MEDLINE:40099637 | E185: P-Π CONJUGATED COVALENT ORGANIC FRAMEWORKS EXPEDITE MOLECULAR TRIPLET EXCITONS FOR H2O2 PRODUCTION COUPLED WITH BIOMASS UPGRADING | F185: ZHANG, F;LV, XM;WANG, HZ;CAI, JZ;WANG, HN;BI, S;WEI, RL;YANG, C;ZHENG, GF;HAN, Q | G185: ADVANCED MATERIALS 37 (17): - APR 2025 | H185: MATERIALS SCIENCE | I185: 52 | J185: CHINA MAINLAND;HONG KONG; | K185: FUDAN UNIV, LAB ADV MAT, STATE KEY LAB POROUS MAT SEPARAT & CONVERS, SHANGHAI KEY LAB MOL CATALYSIS & INNOVAT MAT, SHANGHAI 200438, PEOPLES R CHINA;SICHUAN AGR UNIV, COLL ENVIRONM SCI, CHENGDU 611130, SICHUAN, PEOPLES R CHINA;CITY UNIV HONG KONG, DEPT CHEM, KOWLOON, HONG KONG 999077, PEOPLES R CHINA | L185: CITY UNIVERSITY OF HONG KONG;SICHUAN AGRICULTURAL UNIVERSITY;FUDAN UNIVERSITY; | M185: 2025 | N185: =VLOOKUP(B185,Sheet2!A:O,13,FALSE) -> 蔡郡倬:4 | O185: =VLOOKUP(C185,Sheet2!B:O,13,FALSE) -> 环境学院 | P185: =VLOOKUP(D185,Sheet2!C:O,13,FALSE) -> 高被引论文
A186: 180 | B186: WOS:000916003000001 | C186: 10.1016/j.molp.2022.12.004 | D186: MEDLINE:36495013 | E186: REGULATION OF SEED STORAGE PROTEIN SYNTHESIS IN MONOCOT AND DICOT PLANTS: A COMPARATIVE REVIEW | F186: YANG, T;WU, XG;WANG, WQ;WU, YR | G186: MOLECULAR PLANT 16 (1): 145-167 JAN 2 2023 | H186: PLANT & ANIMAL SCIENCE | I186: 52 | J186: CHINA MAINLAND; | K186: CHINESE ACAD SCI, SHANGHAI INST PLANT PHYSIOL & ECOL, CAS CTR EXCELLENCE MOL PLANT SCI, NATL KEY LAB PLANT MOL GENET, SHANGHAI 200032, PEOPLES R CHINA;SICHUAN AGR UNIV, STATE KEY LAB CROP GENE EXPLORAT & UTILIZAT SOUTHW, CHENGDU 611130, SICHUAN, PEOPLES R CHINA;SHANGHAI NORMAL UNIV, COLL LIFE SCI, SHANGHAI KEY LAB PLANT MOL SCI, SHANGHAI 200233, PEOPLES R CHINA | L186: CENTER FOR EXCELLENCE IN MOLECULAR PLANT SCIENCES, CAS;SICHUAN AGRICULTURAL UNIVERSITY;SHANGHAI NORMAL UNIVERSITY;CHINESE ACADEMY OF SCIENCES; | M186: 2023 | N186: =VLOOKUP(B186,Sheet2!A:O,13,FALSE) -> Yang, T (Yang, Tao):1 | O186: =VLOOKUP(C186,Sheet2!B:O,13,FALSE) -> 西南作物基因资源发掘与利用国家重点实验室 | P186: =VLOOKUP(D186,Sheet2!C:O,13,FALSE) -> 高被引论文
A187: 181 | B187: WOS:001176112400001 | C187: 10.1057/s41599-024-02887-9 | D187: NA | E187: HOW DOES THE ENVIRONMENTAL ATTENTION OF LOCAL GOVERNMENTS AFFECT REGIONAL GREEN DEVELOPMENT? EMPIRICAL EVIDENCE FROM LOCAL GOVERNMENTS IN CHINA | F187: TU, CY;LIANG, YX;FU, Y | G187: HUMANITIES & SOCIAL SCIENCES COMMUNICATIONS 11 (1): - MAR 6 2024 | H187: SOCIAL SCIENCES, GENERAL | I187: 50 | J187: CHINA MAINLAND; | K187: SICHUAN AGR UNIV, COLL ECON & MANAGEMENT, CHENGDU 611134, PEOPLES R CHINA | L187: SICHUAN AGRICULTURAL UNIVERSITY; | M187: 2024 | N187: =VLOOKUP(B187,Sheet2!A:O,13,FALSE) -> Tu, CY (Tu, Chaoyang):1; Liang, YX (Liang, Yuxi):2; Fu, Y (Fu, Yong):3通讯作者 | O187: =VLOOKUP(C187,Sheet2!B:O,13,FALSE) -> 经济学院 | P187: =VLOOKUP(D187,Sheet2!C:O,13,FALSE) -> 高被引论文
A188: 182 | B188: WOS:000953405000001 | C188: 10.3389/fpls.2023.1145670 | D188: MEDLINE:36993840 | E188: REGULATION OF FLAVONOIDS IN STRAWBERRY FRUITS BY FAMYB5/FAMYB10 DOMINATED MYB-BHLH-WD40 TERNARY COMPLEXES | F188: YUE, ML;JIANG, LY;ZHANG, NT;ZHANG, LX;LIU, YQ;LIN, YX;ZHANG, YT;LUO, Y;ZHANG, Y;WANG, Y;LI, MY;WANG, XR;CHEN, Q;TANG, HR | G188: FRONTIERS IN PLANT SCIENCE 14: - MAR 13 2023 | H188: PLANT & ANIMAL SCIENCE | I188: 50 | J188: CHINA MAINLAND; | K188: SICHUAN AGR UNIV, COUNTRY COLL HORT, CHENGDU, PEOPLES R CHINA;SICHUAN AGR UNIV, INST POMOL & OLERICULTURE, CHENGDU, PEOPLES R CHINA | L188: SICHUAN AGRICULTURAL UNIVERSITY; | M188: 2023 | N188: Yue, Maolan:1; Jiang, Leiyu:2; Zhang, Nating:3; Zhang, Lianxi:4; Liu, Yongqiang:5; Lin, Yuanxiu:6; Zhang, Yunting:7; Luo, Ya:8; Zhang, Yong:9; Wang, Yan:10; Li, Mengyao:11; Wang, Xiaorong:12; Chen, Qing:13&共同通讯; Tang, Haoru:14&共同通讯 | O188: 园艺学院 | P188: 高被引论文
A189: 183 | B189: WOS:001063972700001 | C189: 10.3389/fpls.2023.1221288 | D189: MEDLINE:37692424 | E189: IMPACT OF DROUGHT ON SOIL MICROBIAL BIOMASS AND EXTRACELLULAR ENZYME ACTIVITY | F189: QU, Q;WANG, Z;GAN, Q;LIU, RT;XU, HW | G189: FRONTIERS IN PLANT SCIENCE 14: - AUG 25 2023 | H189: PLANT & ANIMAL SCIENCE | I189: 49 | J189: CHINA MAINLAND; | K189: NINGXIA UNIV, BREEDING BASE STATE KEY LAB LAND DEGRADAT & ECOL R, KEY LAB RESTORAT & RECONSTRUCT DEGRADED ECOSYST NO, MINIST EDUC, YINCHUAN, PEOPLES R CHINA;CHINESE ACAD SCI & MINIST WATER RESOURCES, INST SOIL & WATER CONSERVAT, YANGLING, PEOPLES R CHINA;SICHUAN AGR UNIV, COLL FORESTRY, CHENGDU, PEOPLES R CHINA | L189: CHINESE ACADEMY OF SCIENCES;SICHUAN AGRICULTURAL UNIVERSITY;NINGXIA UNIVERSITY;MINISTRY OF WATER RESOURCES;INSTITUTE OF SOIL & WATER CONSERVATION (ISWC), CAS; | M189: 2023 | N189: Gan, Quan:3; Xu, Hongwei:5&共同通讯 | O189: 林学院 | P189: 高被引论文
A190: 184 | B190: WOS:001146630300001 | C190: 10.1016/j.ijhm.2023.103665 | D190: NA | E190: THE EFFECT OF CUSTOMER INCIVILITY ON EMPLOYEES TURNOVER INTENTION IN HOSPITALITY INDUSTRY: A CHAIN MEDIATING EFFECT OF EMOTIONAL EXHAUSTION AND JOB SATISFACTION | F190: PU, B;SANG, WY;JI, SY;HU, JJ;PHAU, I | G190: INTERNATIONAL JOURNAL OF HOSPITALITY MANAGEMENT 118: - APR 2024 | H190: SOCIAL SCIENCES, GENERAL | I190: 48 | J190: AUSTRALIA;CHINA MAINLAND; | K190: SICHUAN AGR UNIV, SCH BUSINESS &TOURISM, 296 JIANSHE RD, CHENGDU 611830, SICHUAN, PEOPLES R CHINA;CURTIN UNIV, SCH MANAGEMENT & MKT, CURTIN BUSINESS SCH, BENTLEY 6102, AUSTRALIA | L190: CURTIN UNIVERSITY;SICHUAN AGRICULTURAL UNIVERSITY; | M190: 2024 | N190: Pu, Bo:1&通讯作者; Sang, Wenyuan:2; Ji, Siyu:3; Hu, Jiajing:4 | O190: 商旅学院 | P190: 高被引论文
A191: 185 | B191: WOS:001395853600001 | C191: 10.1038/s41422-024-01058-4 | D191: MEDLINE:39806170 | E191: RICE TRANSCRIPTION FACTOR BHLH25 CONFERS RESISTANCE TO MULTIPLE DISEASES BY SENSING H2O2 | F191: LIAO, HC;FANG, Y;YIN, JJ;HE, M;WEI, YJ;ZHANG, J;YONG, S;CHA, JK;SONG, L;ZHU, XB;CHEN, XX;KOVÁC, J;HOU, QQ;MA, ZT;ZHOU, XG;CHEN, L;YUMOTO, E;YANG, T;HE, Q;LI, W;DENG, YX;LI, HX;LI, MW;QING, H;ZOU, LJ;BI, Y;LIU, JL;YANG, YH;YE, DH;TAO, Q;WANG, L;XIONG, Q;LU, X;TANG, YY;LI, T;MA, BT;QIN, P;LI, Y;WANG, WM;QIAN, YW;DURKOVIC, J;MIYAMOTO, K;CHERN, MS;LI, SG;LI, WT;WANG, J;CHEN, XW | G191: CELL RESEARCH 35 (3): 205-219 MAR 2025 | H191: MOLECULAR BIOLOGY & GENETICS | I191: 44 | J191: CHINA MAINLAND;USA;SLOVAKIA;JAPAN; | K191: SICHUAN AGR UNIV, STATE KEY LAB CROP GENE EXPLORAT & UTILIZAT SOUTHW, CHENGDU, SICHUAN, PEOPLES R CHINA;TECH UNIV ZVOLEN, DEPT PHYTOL, ZVOLEN, SLOVAKIA;TEIKYO UNIV, ADV INSTRUMENTAL ANAL CTR, UTSUNOMIYA, TOCHIGI, JAPAN;SICHUAN AGR UNIV, RICE RES INST, CHENGDU, SICHUAN, PEOPLES R CHINA;WIMI BIOTECHNOL CO LTD, SANYA, HAINAN, PEOPLES R CHINA;TEIKYO UNIV, FAC SCI & ENGN, DEPT BIOSCI, UTSUNOMIYA, TOCHIGI, JAPAN;UNIV CALIF DAVIS, DEPT PLANT PATHOL, DAVIS, CA USA | L191: SICHUAN AGRICULTURAL UNIVERSITY;WIMI BIOTECHNOL CO LTD;UNIVERSITY OF CALIFORNIA SYSTEM;UNIVERSITY OF CALIFORNIA DAVIS;TEIKYO UNIVERSITY;TECHNICAL UNIVERSITY ZVOLEN; | M191: 2025 | N191: =VLOOKUP(B191,Sheet2!A:O,13,FALSE) -> 马炳田:36;钦鹏:37;李仕贵:44;李伟滔:45;王静:46共同通讯作者;陈学伟:47共同通讯作者 | O191: =VLOOKUP(C191,Sheet2!B:O,13,FALSE) -> 西南作物基因资源发掘与利用国家重点实验室 | P191: =VLOOKUP(D191,Sheet2!C:O,13,FALSE) -> 高被引论文
A192: 186 | B192: WOS:001288164000001 | C192: 10.1016/j.foodhyd.2024.110480 | D192: NA | E192: IMPROVEMENT OF MECHANICAL AND BIOACTIVE PROPERTIES OF CHITOSAN FILMS PLASTICIZED WITH NOVEL THYMOL-BASED DEEP EUTECTIC SOLVENTS | F192: JIANG, GY;HE, KW;CHEN, MR;YANG, L;YANG, YC;TANG, TT;TIAN, YQ | G192: FOOD HYDROCOLLOIDS 158: - JAN 2025 | H192: AGRICULTURAL SCIENCES | I192: 41 | J192: CHINA MAINLAND; | K192: SICHUAN UNIV, COLL BIOMASS SCI & ENGN, CHENGDU, PEOPLES R CHINA;SICHUAN UNIV, KEY LAB LEATHER CHEM & ENGN, MINIST EDUC, CHENGDU, PEOPLES R CHINA;SICHUAN AGR UNIV, COLL FOOD SCI, YAAN, PEOPLES R CHINA;CHONGQING THREE GORGES VOCAT COLL, COLL AGR & FORESTRY SCI & TECHNOL, CHONGQING, PEOPLES R CHINA | L192: CHONGQING THREE GORGES VOCAT COLL;SICHUAN UNIVERSITY;SICHUAN AGRICULTURAL UNIVERSITY; | M192: 2025 | N192: =VLOOKUP(B192,Sheet2!A:O,13,FALSE) -> Chen, MR (Chen, Mingrui):3 | O192: =VLOOKUP(C192,Sheet2!B:O,13,FALSE) -> 食品学院 | P192: =VLOOKUP(D192,Sheet2!C:O,13,FALSE) -> 高被引论文
A193: 187 | B193: WOS:001250641800001 | C193: 10.3389/fpls.2024.1398818 | D193: MEDLINE:38903418 | E193: ENIGMATIC ROLE OF AUXIN RESPONSE FACTORS IN PLANT GROWTH AND STRESS TOLERANCE | F193: LIU, L;YAHAYA, BS;LI, J;WU, FK | G193: FRONTIERS IN PLANT SCIENCE 15: - JUN 10 2024 | H193: PLANT & ANIMAL SCIENCE | I193: 39 | J193: CHINA MAINLAND; | K193: YIBIN UNIV, FAC AGR FORESTRY & FOOD ENGN, YIBIN, SICHUAN, PEOPLES R CHINA;SICHUAN AGR UNIV, MAIZE RES INST, WENJIANG, SICHUAN, PEOPLES R CHINA;MINIST AGR, KEY LAB BIOL & GENET IMPROVEMENT MAIZE SOUTHWEST R, WENJIANG, SICHUAN, PEOPLES R CHINA | L193: MINIST AGR;YIBIN UNIVERSITY;SICHUAN AGRICULTURAL UNIVERSITY; | M193: 2024 | N193: =VLOOKUP(B193,Sheet2!A:O,13,FALSE) -> Yahaya, BS (Yahaya, Baba Salifu):2 ; Li, J (Li, Jing):3; Wu, FK (Wu, Fengkai):4通讯作者 | O193: =VLOOKUP(C193,Sheet2!B:O,13,FALSE) -> 玉米研究所 | P193: =VLOOKUP(D193,Sheet2!C:O,13,FALSE) -> 高被引论文
A194: 188 | B194: WOS:001310138000012 | C194: 10.24272/j.issn.2095-8137.2024.037 | D194: MEDLINE:39245652 | E194: SINGLE NUCLEUS/CELL RNA-SEQ OF THE CHICKEN HYPOTHALAMIC-PITUITARY-OVARIAN AXIS OFFERS NEW INSIGHTS INTO THE MOLECULAR REGULATORY MECHANISMS OF OVARIAN DEVELOPMENT | F194: LENG, D;ZENG, B;WANG, T;CHEN, BL;LI, DY;LI, ZJ | G194: ZOOLOGICAL RESEARCH 45 (5): 1088-1107 SEP 17 2024 | H194: PLANT & ANIMAL SCIENCE | I194: 38 | J194: CHINA MAINLAND; | K194: CHENGDU UNIV, SCH PHARM, CHENGDU 610106, SICHUAN, PEOPLES R CHINA;SICHUAN AGR UNIV, COLL ANIM SCI & TECHNOL, CHENGDU 611130, SICHUAN, PEOPLES R CHINA;XICHANG UNIV, COLL ANIM SCI, XICHANG 615000, SICHUAN, PEOPLES R CHINA;HENAN AGR UNIV, COLL ANIM SCI & TECHNOL, ZHENGZHOU 450046, HENAN, PEOPLES R CHINA | L194: CHENGDU UNIVERSITY;XICHANG UNIV;SICHUAN AGRICULTURAL UNIVERSITY;HENAN AGRICULTURAL UNIVERSITY; | M194: 2024 | N194: =VLOOKUP(B194,Sheet2!A:O,13,FALSE) -> Leng, D (Leng, Dong):1; Zeng, B (Zeng, Bo):2 | O194: =VLOOKUP(C194,Sheet2!B:O,13,FALSE) -> 动物科技学院 | P194: =VLOOKUP(D194,Sheet2!C:O,13,FALSE) -> 高被引论文
A195: 189 | B195: WOS:001434199400001 | C195: 10.1016/j.cej.2025.160400 | D195: NA | E195: ATOMICALLY DISPERSED BIMETALLIC SINGLE-ATOM CU, FE/NC AS PH-UNIVERSAL ORR ELECTROCATALYST | F195: GONG, WM;GUO, P;ZHANG, L;FU, R;YAN, ML;WU, C;SUN, MM;SU, GH;WANG, YY;YE, JS;RAO, HB;LU, ZW | G195: CHEMICAL ENGINEERING JOURNAL 507: - MAR 1 2025 | H195: ENGINEERING | I195: 35 | J195: CHINA MAINLAND; | K195: SICHUAN AGR UNIV, COLL SCI, XIN KANG RD, YAAN 625014, PEOPLES R CHINA;SOUTH CHINA UNIV TECHNOL, GUANGDONG PROV KEY LAB FUEL CELL TECHNOL, GUANGZHOU 510641, PEOPLES R CHINA;SICHUAN AGR UNIV, COLL WATER CONSERVANCY & HYDROPOWER ENGN, YAAN 625014, PEOPLES R CHINA;SOUTH CHINA UNIV TECHNOL, SCH CHEM & CHEM ENGN, GUANGZHOU 510641, PEOPLES R CHINA | L195: SICHUAN AGRICULTURAL UNIVERSITY;SOUTH CHINA UNIVERSITY OF TECHNOLOGY; | M195: 2025 | N195: =VLOOKUP(B195,Sheet2!A:O,13,FALSE) -> Gong, WM (Gong, Weiming):1; Guo, P (Guo, Peng):2; Zhang, L (Zhang, Lan):3; Fu, R (Fu, Rao):4; Yan, ML (Yan, Minglei):5; Wu, C (Wu, Chun):6; Sun, MM (Sun, Mengmeng):7; Su, GH (Su, Gehong):8;Wang, YY (Wang, Yanying):9;饶含兵:11共同通讯作者;鲁志伟:12共同通讯作者 | O195: =VLOOKUP(C195,Sheet2!B:O,13,FALSE) -> 理学院 | P195: =VLOOKUP(D195,Sheet2!C:O,13,FALSE) -> 高被引论文
A196: 190 | B196: WOS:001533845300002 | C196: 10.1016/j.jallcom.2025.182260 | D196: NA | E196: INTERFACE-ENGINEERED BIOCHAR/ZNO/FENI3 NANOCOMPOSITE FOR ENHANCED MICROWAVE ABSORPTION AND ANTIBACTERIAL PERFORMANCE | F196: YIN, PF;LAN, D;YUAN, Z;WANG, R;ZHANG, Y;SUN, XY | G196: JOURNAL OF ALLOYS AND COMPOUNDS 1037: - AUG 10 2025 | H196: MATERIALS SCIENCE | I196: 34 | J196: CHINA MAINLAND; | K196: SICHUAN AGR UNIV, COLL SCI, YAAN 625014, PEOPLES R CHINA;HUBEI UNIV AUTOMOT TECHNOL, SCH MAT SCI & ENGN, SHIYAN 442002, PEOPLES R CHINA | L196: HUBEI UNIVERSITY OF AUTOMOTIVE TECHNOLOGY;SICHUAN AGRICULTURAL UNIVERSITY; | M196: 2025 | N196: Yin, Pengfei:1&通讯作者; Yuan, Zhao:3; Wang, Rui:4; Zhang, Yi:5; Sun, Xiyuan:6 | O196: 生命科学学院 | P196: 高被引论文
A197: 191 | B197: WOS:001443572500001 | C197: 10.1038/s41586-025-08706-8 | D197: MEDLINE:40074903 | E197: PERCEPTION OF VIRAL INFECTIONS AND INITIATION OF ANTIVIRAL DEFENCE IN RICE | F197: HUANG, Y;YANG, JL;SUN, X;LI, JH;CAO, XQ;YAO, SZ;HAN, YH;CHEN, CT;DU, LL;LI, S;JI, YH;ZHOU, T;WANG, H;HAN, JJ;WANG, WM;WEI, CH;XIE, Q;YANG, ZR;LI, Y | G197: NATURE 641 (8061): - MAY 1 2025 | H197: PLANT & ANIMAL SCIENCE | I197: 34 | J197: CHINA MAINLAND; | K197: PEKING UNIV, SCH LIFE SCI, STATE KEY LAB GENE FUNCT & MODULAT RES, BEIJING, PEOPLES R CHINA;PEKING UNIV, ACAD ADV INTERDISCIPLINARY STUDIES, BEIJING, PEOPLES R CHINA;FUJIAN AGR & FORESTRY UNIV, INST PLANT VIROL, VECTOR BORNE VIRUS RES CTR, FUJIAN PROV KEY LAB PLANT VIROL, FUZHOU, PEOPLES R CHINA;CHINESE ACAD SCI, INST GENET & DEV BIOL, INNOVAT ACAD SEED DESIGN, BEIJING, PEOPLES R CHINA;UNIV CHINESE ACAD SCI, BEIJING, PEOPLES R CHINA;JIANGSU ACAD AGR SCI, INST PLANT PROTECT, NANJING, PEOPLES R CHINA;SICHUAN AGR UNIV, STATE KEY LAB CROP GENE EXPLORAT & UTILIZAT SOUTHW, CHENGDU, PEOPLES R CHINA;YUNNAN UNIV, INST BIODIVERS, SCH ECOL & ENVIRONM SCI, KUNMING, PEOPLES R CHINA;SYNGENTA GRP CHINA, NATL CTR TECHNOL INNOVAT MAIZE, STATE KEY LAB CROP GERMPLASM INNOVAT & MOL BREEDIN, BEIJING, PEOPLES R CHINA;CHINA AGR UNIV, COLL BIOL SCI, STATE KEY LAB PLANT ENVIRONM RESILIENCE, BEIJING, PEOPLES R CHINA;SICHUAN ACAD AGR SCI, SICHUAN INST EDIBLE FUNGI, CHENGDU, PEOPLES R CHINA | L197: CHINA AGRICULTURAL UNIVERSITY;YUNNAN UNIVERSITY;UNIVERSITY OF CHINESE ACADEMY OF SCIENCES, CAS;SYNGENTA GRP CHINA;SICHUAN AGRICULTURAL UNIVERSITY;SICHUAN ACADEMY OF AGRICULTURAL SCIENCES (SAAS);PEKING UNIVERSITY;JIANGSU ACADEMY OF AGRICULTURAL SCIENCES;INSTITUTE OF GENETICS & DEVELOPMENTAL BIOLOGY, CAS;FUJIAN AGRICULTURE & FORESTRY UNIVERSITY;CHINESE ACADEMY OF SCIENCES; | M197: 2025 | N197: =VLOOKUP(B197,Sheet2!A:O,13,FALSE) -> Wang, H (Wang, He):13;Wang, WM (Wang, Wenming):15 | O197: =VLOOKUP(C197,Sheet2!B:O,13,FALSE) -> 西南作物基因资源发掘与利用国家重点实验室 | P197: =VLOOKUP(D197,Sheet2!C:O,13,FALSE) -> 高被引论文
A198: 192 | B198: WOS:001203972300001 | C198: 10.1016/j.techsoc.2024.102479 | D198: NA | E198: DIGITAL AGRICULTURE FOR SUSTAINABLE DEVELOPMENT IN CHINA: THE PROMISE OF COMPUTERIZATION | F198: CHANDIO, AA;OZDEMIR, D;GOKMENOGLU, KK;USMAN, M;JIANG, YS | G198: TECHNOLOGY IN SOCIETY 76: - MAR 2024 | H198: SOCIAL SCIENCES, GENERAL | I198: 33 | J198: CHINA MAINLAND;TURKIYE; | K198: SICHUAN AGR UNIV, COLL ECON, CHENGDU 611130, PEOPLES R CHINA;MUGLA SITKI KOCMAN UNIV, FAC ECON & ADM SCI, TR-48000 MUGLA, TURKIYE;ANKARA HBV UNIV, FAC FINANCIAL SCI, DEPT CAPITAL MARKETS, ANKARA, TURKIYE;WUHAN UNIV, SCH ECON & MANAGEMENT, WUHA 430072, PEOPLES R CHINA;WUHAN UNIV, CTR IND ECON, WUHA 430072, PEOPLES R CHINA | L198: ANKARA HACI BAYRAM VELI UNIVERSITY;WUHAN UNIVERSITY;SICHUAN AGRICULTURAL UNIVERSITY;MUGLA SITKI KOCMAN UNIVERSITY; | M198: 2024 | N198: =VLOOKUP(B198,Sheet2!A:O,13,FALSE) -> Chandio, AA (Chandio, Abbas Ali):1共同通讯作者;蒋远胜:5共同通讯作者 | O198: =VLOOKUP(C198,Sheet2!B:O,13,FALSE) -> 经济学院 | P198: =VLOOKUP(D198,Sheet2!C:O,13,FALSE) -> 高被引论文
A199: 193 | B199: WOS:001225047400001 | C199: 10.1016/j.techsoc.2024.102536 | D199: NA | E199: KNOWLEDGE DIGITIZATION AND HIGH-TECH FIRM PERFORMANCE: A MODERATED MEDIATION MODEL INCORPORATING BUSINESS MODEL INNOVATION AND ENTREPRENEURIAL ORIENTATION | F199: HAN, WC;LI, XY;ZHU, WJ;LU, RY;ZU, X | G199: TECHNOLOGY IN SOCIETY 77: - JUN 2024 | H199: SOCIAL SCIENCES, GENERAL | I199: 33 | J199: CHINA MAINLAND; | K199: UNIV ELECT SCI & TECHNOL CHINA, SCH ECON & MANAGEMENT, CHENGDU, PEOPLES R CHINA;RENMIN UNIV CHINA, BUSINESS SCH, BEIJING, PEOPLES R CHINA;SICHUAN AGR UNIV, BUSINESS & TOURISM SCH, CHENGDU, PEOPLES R CHINA | L199: RENMIN UNIVERSITY OF CHINA;UNIVERSITY OF ELECTRONIC SCIENCE & TECHNOLOGY OF CHINA;SICHUAN AGRICULTURAL UNIVERSITY; | M199: 2024 | N199: =VLOOKUP(B199,Sheet2!A:O,13,FALSE) -> 祖旭:5通讯作者 | O199: =VLOOKUP(C199,Sheet2!B:O,13,FALSE) -> 商旅学院 | P199: =VLOOKUP(D199,Sheet2!C:O,13,FALSE) -> 高被引论文
A200: 194 | B200: WOS:001397509600001 | C200: 10.1016/j.molp.2024.11.015 | D200: MEDLINE:39616439 | E200: THE MIR172A-SNB MODULE ORCHESTRATES BOTH INDUCED AND ADULT-PLANT RESISTANCE TO MULTIPLE DISEASES VIA MYB30-MEDIATED LIGNIN ACCUMULATION IN RICE | F200: WANG, H;WANG, ZX;TIAN, HY;ZENG, YL;XUE, H;MAO, WT;ZHANG, LY;CHEN, JN;LU, X;ZHU, Y;LI, GB;ZHAO, ZX;ZHANG, JW;HUANG, YY;FAN, J;XU, PZ;CHEN, XQ;LI, WT;WU, XJ;WANG, WM;LI, Y | G200: MOLECULAR PLANT 18 (1): 59-75 JAN 6 2025 | H200: PLANT & ANIMAL SCIENCE | I200: 31 | J200: CHINA MAINLAND; | K200: SICHUAN AGR UNIV, STATE KEY LAB CROP GENE EXPLORAT & UTILIZAT SOUTH, CHENGDU 611130, PEOPLES R CHINA;SICHUAN AGR UNIV, RICE RES INST, CHENGDU, PEOPLES R CHINA;SICHUAN AGR UNIV, KEY LAB MAJOR CROP DIS, CHENGDU, PEOPLES R CHINA | L200: SICHUAN AGRICULTURAL UNIVERSITY; | M200: 2025 | N200: =VLOOKUP(B200,Sheet2!A:O,13,FALSE) -> Wang, H (Wang, He):1; Wang, ZX (Wang, Zhe-Xu):2 ; Tian, HY (Tian, Hong-Yuan):3; Zeng, YL (Zeng, Yu-Long):4 ; Xue, H (Xue, Hao):5; Mao, WT (Mao, Wan-Ting):6 ; Zhang, LY (Zhang, Lu-Yue):7; Chen, JN (Chen, Jun-Ni):8; Lu, X (Lu, Xiang):9; Zhu, Y (Zhu, Yong):10; Li, GB (Li, Guo-Bang):11 ; Zhao, ZX (Zhao, Zhi-Xue):12; Zhang, JW (Zhang, Ji-Wei):13; Huang, YY (Huang, Yan-Yan):14 ; Fan, J (Fan, Jing):15; Xu, PZ (Xu, Pei-Zhou):16; Chen, XQ (Chen, Xiao-Qiong:17 ; Li, WT (Li, Wei-Tao):18 ; Wu, XJ (Wu, Xian-Jun):19;王文明:20共同通讯作者;李燕:21共同通讯作者 | O200: =VLOOKUP(C200,Sheet2!B:O,13,FALSE) -> 西南作物基因资源发掘与利用国家重点实验室 | P200: =VLOOKUP(D200,Sheet2!C:O,13,FALSE) -> 高被引论文
A201: 195 | B201: WOS:001219058600001 | C201: 10.1016/j.plaphy.2024.108503 | D201: MEDLINE:38484679 | E201: TARTARY BUCKWHEAT RUTIN: ACCUMULATION, METABOLIC PATHWAYS, REGULATION MECHANISMS, AND BIOFORTIFICATION STRATEGIES | F201: WANG, L;ZHAO, JL;MAO, YB;LIU, LL;LI, CL;WU, HL;ZHAO, HX;WU, Q | G201: PLANT PHYSIOLOGY AND BIOCHEMISTRY 208: - MAR 2024 | H201: PLANT & ANIMAL SCIENCE | I201: 29 | J201: CHINA MAINLAND; | K201: SICHUAN AGR UNIV, COLL LIFE SCI, 46 XINKANG RD, YAAN 625014, PEOPLES R CHINA | L201: SICHUAN AGRICULTURAL UNIVERSITY; | M201: 2024 | N201: =VLOOKUP(B201,Sheet2!A:O,13,FALSE) -> Wang, L (Wang, Lei):1; Zhao, JL (Zhao, Jiali):2; Mao, YB (Mao, Yuanbin):3; Liu, LL (Liu, Linling):4; Li, CL (Li, Chenglei):5; Wu, HL (Wu, Huala):6; Zhao, HX (Zhao, Haixia):7; Wu, Q (Wu, Qi):8通讯作者 | O201: =VLOOKUP(C201,Sheet2!B:O,13,FALSE) -> 生命科学学院 | P201: =VLOOKUP(D201,Sheet2!C:O,13,FALSE) -> 高被引论文
A202: 196 | B202: WOS:001410605000001 | C202: 10.1186/s13578-025-01359-0 | D202: MEDLINE:39893480 | E202: CLASSIFICATIONS OF TRIPLE-NEGATIVE BREAST CANCER: INSIGHTS AND CURRENT THERAPEUTIC APPROACHES | F202: CHEN, ZQ;LIU, YM;LYU, M;CHAN, CH;SUN, MH;YANG, X;QIAO, SY;CHEN, Z;YU, SF;REN, MS;LU, AP;ZHANG, G;LI, FF;YU, YY | G202: CELL AND BIOSCIENCE 15 (1): - FEB 1 2025 | H202: BIOLOGY & BIOCHEMISTRY | I202: 27 | J202: CHINA MAINLAND;HONG KONG; | K202: HONG KONG BAPTIST UNIV, INST SYST MED & HLTH SCI, SCH CHINESE MED, HONG KONG, PEOPLES R CHINA;GUANGDONG HONG KONG MACAO GREATER BAY AREA INT RES, HONG KONG, PEOPLES R CHINA;HONG KONG BAPTIST UNIV, INST INTEGRATED BIOINFORMEDICINE & TRANSLAT SCI IB, SCH CHINESE MED, HONG KONG, PEOPLES R CHINA;HONG KONG BAPTIST UNIV, LAW SAU FAI INST ADV TRANSLAT MED BONE & JOINT DIS, SCH CHINESE MED, HONG KONG, PEOPLES R CHINA;SICHUAN AGR UNIV, COLL VET MED, KEY LAB ANIM DIS & HUMAN HLTH SICHUAN PROV, CHENGDU, PEOPLES R CHINA | L202: NA-GUANGDONG HONG KONG MACAO GREATER BAY AREA INT RES;SICHUAN AGRICULTURAL UNIVERSITY;KEY LABORATORY OF ANIMAL DISEASE & HUMAN HEALTH OF SICHUAN PROVINCE;HONG KONG BAPTIST UNIVERSITY; | M202: 2025 | N202: =VLOOKUP(B202,Sheet2!A:O,13,FALSE) -> Ren, MS (Ren, Meishen):10 | O202: =VLOOKUP(C202,Sheet2!B:O,13,FALSE) -> 动物医学院 | P202: =VLOOKUP(D202,Sheet2!C:O,13,FALSE) -> 高被引论文
A203: 197 | B203: WOS:001480474800001 | C203: 10.1016/j.jretconser.2025.104290 | D203: NA | E203: IMPACT OF AI-GENERATED VIRTUAL STREAMER INTERACTION ON CONSUMER PURCHASE INTENTION: A FOCUS ON SOCIAL PRESENCE AND PERCEIVED VALUE | F203: LIU, H;ZHANG, PL;CHENG, HQ;HASAN, N;CHIONG, R | G203: JOURNAL OF RETAILING AND CONSUMER SERVICES 85: - JUL 2025 | H203: ECONOMICS & BUSINESS | I203: 25 | J203: AUSTRALIA;CHINA MAINLAND;BANGLADESH; | K203: SICHUAN AGR UNIV, COLL MANAGEMENT, CHENGDU, PEOPLES R CHINA;UNIV NEW ENGLAND, FAC SCI AGR BUSINESS & LAW, ARMIDALE, AUSTRALIA;BRAC UNIV, BRAC BUSINESS SCH, DHAKA, BANGLADESH;UNIV NEWCASTLE, COLL ENGN SCI & ENVIRONM, CALLAGHAN, AUSTRALIA | L203: BANGLADESH RURAL ADVANCEMENT COMMITTEE BRAC;UNIVERSITY OF NEWCASTLE;UNIVERSITY OF NEW ENGLAND;SICHUAN AGRICULTURAL UNIVERSITY;BRAC UNIVERSITY; | M203: 2025 | N203: =VLOOKUP(B203,Sheet2!A:O,13,FALSE) -> Liu, H (Liu, Hao):1;Cheng, HQ (Cheng, Hongqing) :3 | O203: =VLOOKUP(C203,Sheet2!B:O,13,FALSE) -> 管理学院 | P203: =VLOOKUP(D203,Sheet2!C:O,13,FALSE) -> 高被引论文
...

Sheet Sheet2
A1: Accession Number | B1: DOI | C1: PMID | D1: Article Name | E1: Authors | F1: Source | G1: Research Field | H1: Times Cited | I1: Countries | J1: Addresses | K1: Institutions | L1: Publication Date | M1: 我校作者及排序 | N1: 二级机构 | O1: 备注
A2: WOS:000367818800006 | B2: 10.1016/j.molp.2015.08.010 | C2: MEDLINE:26343970 | D2: TWO FACES OF ONE SEED: HORMONAL REGULATION OF DORMANCY AND GERMINATION | E2: SHU, K;LIU, XD;XIE, Q;HE, ZH | F2: MOLECULAR PLANT 9 (1): 34-45 JAN 4 2016 | G2: PLANT & ANIMAL SCIENCE | H2: 762 | I2: CHINA MAINLAND; | J2: CHINESE ACAD SCI, INST GENET & DEV BIOL, STATE KEY LAB PLANT GENOM, BEIJING 100101, PEOPLES R CHINA;CHINESE ACAD SCI, INST PLANT PHYSIOL & ECOL, NATL KEY LAB PLANT MOL GENET, SHANGHAI 200032, PEOPLES R CHINA;SICHUAN AGR UNIV, INST ECOL AGR, KEY LAB CROP ECOPHYSIOL & FARMING SYST SOUTHWEST, CHENGDU 611130, PEOPLES R CHINA;XINJIANG AGR UNIV, COLL AGRON, URUMQI 830052, XINJIANG, PEOPLES R CHINA | K2: CHINESE ACADEMY OF SCIENCES;XINJIANG AGRICULTURAL UNIVERSITY;SICHUAN AGRICULTURAL UNIVERSITY;INSTITUTE OF GENETICS & DEVELOPMENTAL BIOLOGY, CAS; | L2: 2016 | M2: 舒凯:1通讯作者 | N2: 农学院 | O2: 高被引论文
A3: WOS:000569596500001 | B3: 10.3390/ijms21176356 | C3: MEDLINE:32887215 | D3: SHORT-CHAIN FATTY ACIDS AND THEIR ASSOCIATION WITH SIGNALLING PATHWAYS IN INFLAMMATION, GLUCOSE AND LIPID METABOLISM | E3: HE, J;ZHANG, PW;SHEN, LY;NIU, LL;TAN, Y;CHEN, L;ZHAO, Y;BAI, L;HAO, XX;LI, XW;ZHANG, SH;ZHU, L | F3: INTERNATIONAL JOURNAL OF MOLECULAR SCIENCES 21 (17): - SEP 2020 | G3: CHEMISTRY | H3: 739 | I3: CHINA MAINLAND; | J3: SICHUAN AGR UNIV, COLL ANIM SCI & TECHNOL, CHENGDU 611130, PEOPLES R CHINA;SICHUAN AGR UNIV, FARM ANIM GENET RESOURCE EXPLORAT & INNOVAT KEY L, CHENGDU 611130, PEOPLES R CHINA;GUIZHOU ACAD AGR SCI, INST ANIM HUSB & VET, GUIYANG 550005, PEOPLES R CHINA | K3: GUIZHOU ACADEMY OF AGRICULTURAL SCIENCES;SICHUAN AGRICULTURAL UNIVERSITY; | L3: 2020 | M3: 何劲:1;张培文:2;沈林園:3; 牛丽莉:4;谭娅:5;陈蕾:6;赵叶:7;白林:8;郝小霞:9;李学伟:10;张顺华:11共同通讯作者;朱砺:12共同通讯作者 | N3: 动物科技学院 | O3: 高被引论文
A4: WOS:000389917900111 | B4: 10.3390/molecules21101374 | C4: NA | D4: AN OVERVIEW OF PLANT PHENOLIC COMPOUNDS AND THEIR IMPORTANCE IN HUMAN NUTRITION AND MANAGEMENT OF TYPE 2 DIABETES | E4: LIN, DR;XIAO, MS;ZHAO, JJ;LI, ZH;XING, BS;LI, XD;KONG, MZ;LI, LY;ZHANG, Q;LIU, YW;CHEN, H;QIN, W;WU, HJ;CHEN, SY | F4: MOLECULES 21 (10): - OCT 2016 | G4: CHEMISTRY | H4: 620 | I4: CHINA MAINLAND;USA; | J4: SICHUAN AGR UNIV, COLL FOOD SCI, 46 XINKANG RD, YAAN 625014, SICHUAN, PEOPLES R CHINA;UNIV MASSACHUSETTS, STOCKBRIDGE SCH AGR, AMHERST, MA 01003 USA | K4: SICHUAN AGRICULTURAL UNIVERSITY;UNIVERSITY OF MASSACHUSETTS SYSTEM;UNIVERSITY OF MASSACHUSETTS AMHERST; | L4: 2016 | M4: 林德荣:1通讯作者; 肖梦诗:2 ; 赵菁菁:3; 李卓豪:4;李心丹:6 ;孔茂竹:7 ; 李粮裕:8; 张清:9; 刘耀文:10; 陈洪:11;秦文:12;吴贺军:13; 陈赛艳:14 | N4: 食品学院 | O4: 高被引论文
A5: WOS:000404358500014 | B5: 10.1016/j.cell.2017.06.008 | C5: MEDLINE:28666113 | D5: A NATURAL ALLELE OF A TRANSCRIPTION FACTOR IN RICE CONFERS BROAD-SPECTRUM BLAST RESISTANCE | E5: LI, WT;ZHU, ZW;CHERN, MS;YIN, JJ;YANG, C;RAN, L;CHENG, MP;HE, M;WANG, K;WANG, J;ZHOU, XG;ZHU, XB;CHEN, ZX;WANG, JC;ZHAO, W;MA, BT;QIN, P;CHEN, WL;WANG, YP;LIU, JL;WANG, WM;WU, XJ;LI, P;WANG, JR;ZHU, LH;LI, SG;CHEN, XW | F5: CELL 170 (1): 114-+ JUN 29 2017 | G5: MOLECULAR BIOLOGY & GENETICS | H5: 492 | I5: CHINA MAINLAND;USA; | J5: SICHUAN AGR UNIV WENJIANG, RICE RES INST, KEY LAB MAJOR CROP DIS, STATE KEY LAB HYBRID RICE, CHENGDU 611130, SICHUAN, PEOPLES R CHINA;SICHUAN AGR UNIV WENJIANG, COLLABORAT INNOVAT CTR HYBRID RICE YANGTZE RIVER, CHENGDU 611130, SICHUAN, PEOPLES R CHINA;UNIV CALIF DAVIS, DEPT PLANT PATHOL, DAVIS, CA 95616 USA;JOINT BIOENERGY INST, EMERYVILLE, CA 94608 USA;SICHUAN AGR UNIV, TRITICEAE RES INST, CHENGDU 611130, SICHUAN, PEOPLES R CHINA;CHINESE ACAD SCI, INST GENET & DEV BIOL, STATE KEY LAB PLANT GENOM, BEIJING 100101, PEOPLES R CHINA;CHINESE ACAD SCI, NATL CTR PLANT GENE RES, BEIJING 100101, PEOPLES R CHINA | K5: CHINESE ACADEMY OF SCIENCES;UNIVERSITY OF CALIFORNIA SYSTEM;UNIVERSITY OF CALIFORNIA DAVIS;UNITED STATES DEPARTMENT OF ENERGY (DOE);SICHUAN AGRICULTURAL UNIVERSITY;SICHUAN AGR UNIV WENJIANG;JOINT BIOENERGY INSTITUTE - JBEI;INSTITUTE OF GENETICS & DEVELOPMENTAL BIOLOGY, CAS; | L5: 2017 | M5: 李伟滔:1;朱紫薇:2; 尹俊杰:4;杨超:5;冉莉:6;程梦萍:7;贺闽:8; 王康:9; 王静:10; 周晓钢:11;朱孝波:12; 陈智雄:13 ;汪吉春:14; 赵文:15; 马炳田:16;钦鹏:17;陈薇兰:18; 王玉平:19;刘佳丽:20; 王文明:21;吴先军:22;李平:23;王际睿:24; 李仕贵:26;陈学伟:27通讯作者 | N5: 水稻研究所 | O5: 高被引论文
A6: WOS:000405815000064 | B6: 10.21037/jtd.2017.05.34 | C6: MEDLINE:28740688 | D6: A GENERAL INTRODUCTION TO ADJUSTMENT FOR MULTIPLE COMPARISONS | E6: CHEN, SY;FENG, Z;YI, XL | F6: JOURNAL OF THORACIC DISEASE 9 (6): 1725-1729 JUN 2017 | G6: CLINICAL MEDICINE | H6: 488 | I6: CHINA MAINLAND; | J6: SICHUAN AGR UNIV, FARM ANIM GENET RESOURCES EXPLORAT & INNOVAT KEY, 211 HUIMIN RD, CHENGDU 611130, SICHUAN, PEOPLES R CHINA;SICHUAN UNIV, WEST CHINA HOSP, DEPT GASTROENTEROL, CHENGDU 610041, SICHUAN, PEOPLES R CHINA;CHENGDU UNIV INFORMAT TECHNOL, COLL APPL MATH, CHENGDU 610225, SICHUAN, PEOPLES R CHINA | K6: CHENGDU UNIVERSITY OF INFORMATION TECHNOLOGY;SICHUAN UNIVERSITY;SICHUAN AGRICULTURAL UNIVERSITY; | L6: 2017 | M6: 陈仕毅:1通讯作者 | N6: 动物科技学院 | O6: 高被引论文
A7: WOS:000392664800001 | B7: 10.1186/s40104-016-0139-z | C7: MEDLINE:28127425 | D7: NOVEL METABOLIC AND PHYSIOLOGICAL FUNCTIONS OF BRANCHED CHAIN AMINO ACIDS: A REVIEW | E7: ZHANG, SH;ZENG, XF;REN, M;MAO, XB;QIAO, SY | F7: JOURNAL OF ANIMAL SCIENCE AND BIOTECHNOLOGY 8: - JAN 23 2017 | G7: AGRICULTURAL SCIENCES | H7: 485 | I7: CHINA MAINLAND; | J7: CHINA AGR UNIV, STATE KEY LAB ANIM NUTR, COLL ANIM SCI & TECHNOL, 2 YUANMINGYUAN WEST RD, BEIJING 100193, PEOPLES R CHINA;SOUTH CHINA AGR UNIV, COLL ANIM SCI, WUSHAN AVE, GUANGZHOU 510642, GUANGDONG, PEOPLES R CHINA;ANHUI SCI & TECHNOL UNIV, COLL ANIM SCI, 9 DONGHUA RD, FENGYANG 233100, ANHUI, PEOPLES R CHINA;SICHUAN AGR UNIV, INST ANIM NUTR, KEY LAB ANIM DIS RESISTANCE NUTR, MINIST EDUC, YAAN, SICHUAN, PEOPLES R CHINA | K7: ANHUI SCIENCE & TECHNOLOGY UNIVERSITY;SOUTH CHINA AGRICULTURAL UNIVERSITY;SICHUAN AGRICULTURAL UNIVERSITY;CHINA AGRICULTURAL UNIVERSITY; | L7: 2017 | M7: 毛湘冰:4 | N7: 动物营养研究所 | O7: 高被引论文
A8: WOS:000464956600053 | B8: 10.1126/science.aaw7166 | C8: MEDLINE:30819931 | D8: CYTOSINE, BUT NOT ADENINE, BASE EDITORS INDUCE GENOME-WIDE OFF-TARGET MUTATIONS IN RICE | E8: JIN, S;ZONG, Y;GAO, Q;ZHU, ZX;WANG, YP;QIN, P;LIANG, CZ;WANG, DW;QIU, JL;ZHANG, F;GAO, CX | F8: SCIENCE 364 (6437): 292-+ APR 19 2019 | G8: BIOLOGY & BIOCHEMISTRY | H8: 483 | I8: CHINA MAINLAND;USA; | J8: CHINESE ACAD SCI, STATE KEY LAB PLANT CELL & CHROMOSOME ENGN, INNOVAT ACAD SEED DESIGN, CTR GENOME EDITING,INST GENET & DEV BIOL, BEIJING 100101, PEOPLES R CHINA;UNIV CHINESE ACAD SCI, BEIJING 100864, PEOPLES R CHINA;CHINESE ACAD SCI, STATE KEY LAB PLANT GENOM, INST GENET & DEV BIOL, INNOVAT ACAD SEED DESIGN, BEIJING 100101, PEOPLES R CHINA;SICHUAN AGR UNIV, RICE RES INST, CHENGDU 611130, SICHUAN, PEOPLES R CHINA;CHINESE ACAD SCI, INST MICROBIOL, STATE KEY LAB PLANT GENOM, BEIJING 100101, PEOPLES R CHINA;UNIV MINNESOTA, DEPT PLANT & MICROBIAL BIOL, CTR PLANT PRECIS GENOM, MICROBIAL & PLANT GENOM INST, ST PAUL, MN 55108 USA | K8: CHINESE ACADEMY OF SCIENCES;UNIVERSITY OF MINNESOTA TWIN CITIES;UNIVERSITY OF MINNESOTA SYSTEM;UNIVERSITY OF CHINESE ACADEMY OF SCIENCES, CAS;SICHUAN AGRICULTURAL UNIVERSITY;INSTITUTE OF MICROBIOLOGY, CAS;INSTITUTE OF GENETICS & DEVELOPMENTAL BIOLOGY, CAS; | L8: 2019 | M8: 钦鹏:6 | N8: 水稻研究所 | O8: 高被引论文
A9: WOS:000459845200002 | B9: 10.1016/j.jenvman.2018.10.117 | C9: MEDLINE:30466010 | D9: BIOCHAR AMENDMENT IMPROVES CROP PRODUCTION IN PROBLEM SOILS: A REVIEW | E9: YU, HW;ZOU, WX;CHEN, JJ;CHEN, H;YU, ZB;HUANG, J;TANG, HR;WEI, XY;GAO, B | F9: JOURNAL OF ENVIRONMENTAL MANAGEMENT 232: 8-21 FEB 15 2019 | G9: ENVIRONMENT/ECOLOGY | H9: 460 | I9: CHINA MAINLAND;USA; | J9: SICHUAN AGR UNIV, COLL HORT, CHENGDU 611130, SICHUAN, PEOPLES R CHINA;UNIV FLORIDA, DEPT AGR & BIOL ENGN, GAINESVILLE, FL 32611 USA;NANJING UNIV, SCH CHEM & CHEM ENGN, KEY LAB MESOSCOP CHEM MOE, NANJING 210093, JIANGSU, PEOPLES R CHINA;NANJING UNIV, CTR MODERN ANAL, JIANGSU KEY LAB VEHICLE EMISS CONTROL, NANJING 210093, JIANGSU, PEOPLES R CHINA;UNIV FLORIDA, MIDFLORIDA RES & EDUC CTR, APOPKA, FL 32703 USA;UNIV ARKANSAS PINE BLUFF, DEPT AGR, PINE BLUFF, AR 71601 USA;GUANGXI UNIV, SCH RESOURCES ENVIRONM & MAT, NANNING 530004, PEOPLES R CHINA;HUALAN DESIGN & CONSULTING GRP CO LTD, NANNING 530011, PEOPLES R CHINA;GUANGXI UNIV, COLL CIVIL ENGN & ARCHITECTURE, NANNING 530004, PEOPLES R CHINA;FUJIAN AGR & FORESTRY UNIV, COLL LIFE SCI, FUZHOU 350002, FUJIAN, PEOPLES R CHINA | K9: FUJIAN AGRICULTURE & FORESTRY UNIVERSITY;UNIVERSITY OF FLORIDA;UNIVERSITY OF ARKANSAS SYSTEM;UNIVERSITY ARKANSAS PINE BLUFF;STATE UNIVERSITY SYSTEM OF FLORIDA;SICHUAN AGRICULTURAL UNIVERSITY;NANJING UNIVERSITY;HUALAN DESIGN & CONSULTING GRP CO LTD;GUANGXI UNIVERSITY; | L9: 2019 | M9: 余昊唯:1;汤浩茹:7通讯作者 | N9: 园艺学院 | O9: 高被引论文
A10: WOS:000397691200039 | B10: 10.1016/j.chemosphere.2017.02.061 | C10: MEDLINE:28235742 | D10: ADSORPTION OF CD(II) FROM AQUEOUS SOLUTIONS BY RAPE STRAW BIOCHAR DERIVED FROM DIFFERENT MODIFICATION PROCESSES | E10: LI, B;YANG, L;WANG, CQ;ZHANG, QP;LIU, QC;LI, YD;XIAO, R | F10: CHEMOSPHERE 175: 332-340 MAY 2017 | G10: ENVIRONMENT/ECOLOGY | H10: 439 | I10: CHINA MAINLAND; | J10: SICHUAN AGR UNIV, COLL RESOURCES, 211 HUIMIN RD, CHENGDU 611130, PEOPLES R CHINA | K10: SICHUAN AGRICULTURAL UNIVERSITY; | L10: 2017 | M10: 李冰:1;杨兰:2;王昌全:3通讯作者;张庆沛:4; 刘倾城:5;李一丁:6;肖瑞:7 | N10: 资源学院 | O10: 高被引论文
A11: WOS:000472683300063 | B11: 10.1021/acsami.9b05709 | C11: MEDLINE:31135126 | D11: FACILE, FLEXIBLE, COST-SAVING, AND ENVIRONMENT-FRIENDLY PAPER-BASED HUMIDITY SENSOR FOR MULTIFUNCTIONAL APPLICATIONS | E11: DUAN, ZH;JIANG, YD;YAN, MG;WANG, S;YUAN, Z;ZHAO, QN;SUN, P;XIE, GZ;DU, XS;TAI, HL | F11: ACS APPLIED MATERIALS & INTERFACES 11 (24): 21840-21849 JUN 19 2019 | G11: MATERIALS SCIENCE | H11: 410 | I11: CHINA MAINLAND; | J11: UESTC, SCH OPTOELECT SCI & ENGN, STATE KEY LAB ELECT THIN FILMS & INTEGRATED DEVIC, CHENGDU 610054, SICHUAN, PEOPLES R CHINA;SICHUAN AGR UNIV, COLL SCI, YAAN 625014, PEOPLES R CHINA;CHENGDU UNIV INFORMAT TECHNOL, COLL OPTOELECT ENGN, CHENGDU 610225, SICHUAN, PEOPLES R CHINA | K11: CHENGDU UNIVERSITY OF INFORMATION TECHNOLOGY;UNIVERSITY OF ELECTRONIC SCIENCE & TECHNOLOGY OF CHINA;SICHUAN AGRICULTURAL UNIVERSITY; | L11: 2019 | M11: Yan; MG (Yan; Mingguo):3 | N11: 理学院 | O11: 高被引论文
A12: WOS:000652617100012 | B12: 10.1016/j.tifs.2021.04.016 | C12: NA | D12: A REVIEW OF CELLULOSE AND ITS DERIVATIVES IN BIOPOLYMER-BASED FOR FOOD PACKAGING APPLICATION | E12: LIU, YW;AHMED, S;SAMEEN, DE;WANG, Y;LU, R;DAI, JW;LI, SQ;QIN, W | F12: TRENDS IN FOOD SCIENCE & TECHNOLOGY 112: 532-546 JUN 2021 | G12: AGRICULTURAL SCIENCES | H12: 393 | I12: CHINA MAINLAND;USA; | J12: SICHUAN AGR UNIV, COLL FOOD SCI, YAAN 625014, PEOPLES R CHINA;SICHUAN AGR UNIV, COLL MECH & ELECT ENGN, YAAN 625014, PEOPLES R CHINA;UNIV CALIF LOS ANGELES, CALIF NANO SYST INST, LOS ANGELES, CA 90095 USA | K12: SICHUAN AGRICULTURAL UNIVERSITY;UNIVERSITY OF CALIFORNIA SYSTEM;UNIVERSITY OF CALIFORNIA LOS ANGELES; | L12: 2021 | M12: 刘耀文:1共同通讯作者; Ahmed, S (Ahmed, Saeed):2;Sameen, DE (Sameen, Dur E.):3;王玥:4;卢瑞:5;代建武:6;李素清:7;秦文:8共同通讯作者 | N12: 食品学院 | O12: 高被引论文
... A224: WOS:001691072400001 | B224: 10.1016/j.hpj.2025.07.007 | C224: NA | D224: PAVBHLH102 FUNCTIONS AS A POSITIVE REGULATOR OF ANTHOCYANIN BIOSYNTHESIS IN SWEET CHERRY FRUIT BY TARGETING MULTIPLE KEY GENES | E224: TANG, WJ;LI, HF;HUANG, YD;NIU, WY;DU, QY;CHU, YZ;GAO, YJ;HE, RM;TANG, YJ;CHEN, HX;PEI, YA;GONG, RG | F224: HORTICULTURAL PLANT JOURNAL 12 (2): 317-332 FEB 2026 | G224: PLANT & ANIMAL SCIENCE | H224: 5 | I224: CHINA MAINLAND; | J224: SICHUAN AGR UNIV, COLL HORT, CHENGDU 611130, SICHUAN, PEOPLES R CHINA | K224: SICHUAN AGRICULTURAL UNIVERSITY; | L224: 2026 | M224: 唐万佳:1;李红粉:2;黄漪镝:3;牛文宜:4;杜泉燕:5;储一喆:6; Gao, YJ (Gao, Yujie):7; 何润梅:8; Tang, YJ (Tang, Yunjia):9;陈红旭:10;裴艳刚:11共同通讯作者;龚荣高:12共同通讯作者 | N224: 园艺学院 | O224: 热点论文
